Workbook
Name Payment_Needed: "Pagamento richiesto"
Name Reimbursement: "Rimborso"

Sheet Copertina
A1: ALLEGATO ALLA SEZIONE 2.3
A2: PIANO RISCHI

Sheet Tabelle Indicatori Risk
A1: INDICATORI DI STIMA DEL LIVELLO DI RISCHIO (rielaborazione di indicatori proposti da ANAC )
A2: PROBABILITA' | C2: Descrizione | I2: IMPATTO
A4: Interessi esterni | C4: Il processo dà luogo a elevati o modesti benefici economici o di altra natura per i destinatari | I4: Impatto sull’immagine dell’Ente
A6: Discrezionalità del decisore interno | C6: La presenza di un processo decisionale altamente discrezionale nelle attività svolte, negli atti prodotti, nel dare risposte alle emrgenze | I6: Impatto in termini di contenzioso
A8: Eventi corruttivi passati | C8: Eventi "sentinella" , procedimenti avviati dall’autorità giudiziaria o contabile o ricorsi amministrativi nei confronti dell’Ente o procedimenti disciplinari avviati nei confronti dei dipendenti impiegati sul processo in esame (ultimo anno, ultimi 3 anni, mai) | I8: Impatto organizzativo e/o sulla continuità del servizio
A10: Grado attuazione misure | C10: Livello di attuazione delle misure di prevenzione sia generali sia specifiche previste dal PTPCT per il processo/attività, desunte dai monitoraggi effettuati dai responsabili (A_M_B ritardo nei monitoraggi e nel fornire elementi a supporto della verifica). Livello adempimenti Trasparenza | I10: Danno generato
A12: Grado attuazione misure | C12: Livello di attuazione delle misure di prevenzione sia generali sia specifiche previste dal PTPCT per il processo/attività, desunte dai monitoraggi effettuati dai responsabili (A_M_B ritardo nei monitoraggi e nel fornire elementi a supporto della verifica). Livello adempimenti Trasparenza
A14: Segnalazioni, reclami pervenuti | C14: con riferimento al processo in oggetto, intese come qualsiasi informazione pervenuta a mezzo email, telefono, ovvero reclami o risultati di indagini di customer satisfaction, avente ad oggetto episodi di abuso, illecito, mancato rispetto delle procedure, condotta non etica, corruzione vera e propria, cattiva gestione, scarsa qualità del servizio (negli utlimi 3 anni)
A16: Presenza di gravi rilievi a seguito dei controlli interni di regolarità amministrativa | C16: (art. 147-bis, c. 2, TUEL), tali da richiedere annullamento in autotutela, revoca di provvedimenti adottati, ecc. (livello di gravità rilievi)
A18: Impatto sull’immagine dell’Ente | E18: numero di articoli di giornale pubblicati sulla stampa locale o nazionale o dal numero di servizi radio-televisivi trasmessi, che hanno riguardato episodi di cattiva amministrazione, scarsa qualità dei servizi o corruzione (ultimi 5 anni)
A20: Capacità dell’Ente di far fronte alle proprie carenze organizzative nei ruoli di responsabilità | C20: (Dirigenti, EQ) attraverso l’acquisizione delle corrispondenti figure apicali anziché l’affidamento di interim (Utilizzo dell’interim per lunghi /medi/brevi periodi di tempo, ritardato espletamento delle procedure per ricoprire i ruoli apicali rimasti vacanti

Sheet Valutazione Rischio autom
A1: ENTE : COMUNE DI MACOMER | F1: Allegato al PIAO 2024/2026
C2: #VALUE! | F2: INDICATORI DI STIMA DEL LIVELLO DI RISCHIO (rielaborazione di indicatori proposti da ANAC )
F3: INDICATORE | M3: GIUDIZIO SINTETICO / MOTIVAZIONE
F4: Interessi esterni | G4: Discrezionalità del decisore interno | H4: Eventi corruttivi passati | I4: Grado attuazione misure | J4: Segnalazioni, reclami pervenuti | K4: Impatto sull’immagine dell’Ente | L4: VALUTAZIONE DEL RISCHIO
A5: AREA DI RISCHIO | B5: PROCESSI | C5: ATTIVITA' | E5: PROCEDURE/ATTIVITA'/FASI
A6: ACQUISIZIONE E GESTIONE DEL PERSONALE | B6: GESTIONE DEL PERSONALE | C6: 1 | D6: 1 | E6: Gestione infortuni sul lavoro | F6: A | G6: B | H6: B | I6: B | J6: B | K6: B | L6: B | Q6: =IF(F6="A",3,(IF(F6="M",2,(IF(F6="B",1,""))))) -> 3
C7: 2 | D7: 2 | E7: Autorizzazioni a prestazioni professionali di personale interno a tempo indeterminato e determinato | F7: A | G7: A | H7: B | I7: M | J7: A | K7: M | L7: M
C8: 3 | D8: 3 | E8: Procedimento disciplinare (U.P.D.) | F8: A | G8: A | H8: A | I8: B | J8: A | K8: A | L8: A
B9: RECLUTAMENTO DEL PERSONALE | C9: 4 | D9: 4 | E9: Assunzione figure dirigenziali a tempo determinato con procedura semplificata (art. 110 TUEL) | F9: A | G9: A | H9: B | I9: B | J9: B | K9: B | L9: M
C10: 5 | D10: 5 | E10: Assunzione di personale a tempo indeterminato e determinato mediante pubblica selezione | F10: A | G10: A | H10: M | I10: B | J10: M | K10: B | L10: M
C11: 6 | D11: 6 | E11: Assunzioni tramite agenzia di lavoro interinale | F11: A | G11: A | H11: B | I11: B | J11: B | K11: B | L11: M
C12: 7 | D12: 7 | E12: Selezioni da centro per l'impiego per i profili di Operatori/Esperti per i quali è richiesto il solo requisito della scuola dell'obbligo | F12: A | G12: M | H12: B | I12: B | J12: B | K12: B | L12: M
B13: GESTIONE DEL PERSONALE | C13: 8 | D13: 8 | E13: Trasformazione del rapporto di lavoro a tempo parziale | F13: A | G13: A | H13: B | I13: B | J13: B | K13: B | L13: M
C14: 9 | D14: 9 | E14: Mobilità interna intersettoriale | F14: A | G14: A | H14: B | I14: B | J14: B | K14: B | L14: M
C15: 10 | D15: 10 | E15: Stipendi-Paghe-Denunce collegate | F15: A | G15: B | H15: B | I15: B | J15: B | K15: B | L15: B
C16: 11 | D16: 11 | E16: Contrattazione decentrata | F16: A | G16: M | H16: B | I16: B | J16: B | K16: B | L16: B
B17: PROGRESSIONI DI CARRIERA | C17: 12 | D17: 12 | E17: Selezione per l'attribuzione di progressioni economiche orizzontali o di carriera | F17: A | G17: M | H17: B | I17: B | J17: B | K17: B | L17: B
B18: RECLUTAMENTO DEL PERSONALE | C18: 13 | D18: 13 | E18: Selezione per mobilità esterna | F18: A | G18: M | H18: B | I18: B | J18: M | K18: B | L18: M
A19: CONTRATTI PUBBLICI | B19: PROGRAMMAZIONE | C19: 14 | D19: 1 | E19: Individuazione del Fabbisogno | F19: A | G19: A | H19: B | I19: B | J19: B | K19: B | L19: =IF(AH19<8,"B",((IF(AH19>14,"A","M")))) -> B
B20: PROGETTAZIONE | C20: 15 | D20: 2 | E20: PREDISPOSIZIONE DEGLI ATTI DI GARA | F20: B | G20: A | H20: B | I20: B | J20: B | K20: B | L20: B
B21: AFFIDAMENTO DEI LAVORI SERVIZI E FORNITURE | C21: 16 | D21: 3 | E21: SELEZIONE DEL CONTRAENTE | F21: A | G21: A | H21: B | I21: M | J21: B | K21: B | L21: M
C22: 17 | D22: 4 | E22: AGGIUDICAZIONE | F22: A | G22: M | H22: B | I22: M | J22: B | K22: B | L22: B
B23: ESECUZIONE DEL CONTRATTO | C23: 18 | D23: 5 | E23: VERIFICA IN CORSO DI ESECUZIONE | F23: A | G23: A | H23: B | I23: M | J23: B | K23: B | L23: M
C24: 19 | D24: 6 | E24: COLLAUDO | F24: A | G24: A | H24: A | I24: A | J24: A | K24: A | L24: M
C25: 20 | D25: 7 | E25: Redazione del Cronoprogramma | F25: M | G25: B | H25: B | I25: B | J25: B | K25: B | L25: B
B26: SELEZIONE DEL CONTRAENTE | C26: 21 | D26: 8 | E26: Nomina della Commissione giudicatrice e valutazione delle offerte | F26: M | G26: A | H26: B | I26: B | J26: B | K26: B | L26: M
C27: 22 | D27: 9 | E27: Verifica dela eventuale anomalia delle Offerte | F27: B | G27: M | H27: B | I27: B | J27: B | K27: B | L27: B
C28: 23 | D28: 10 | E28: Revoca del Bando | F28: M | G28: M | H28: B | I28: B | J28: B | K28: B | L28: M
B29: ALTRE PROCEDURE DI AFFIDAMENTO | C29: 24 | D29: 11 | E29: PROCEDURE NEGOZIATE SOTTO SOGLIA D. LGS 36/2023 | F29: A | G29: A | H29: B | I29: B | J29: B | K29: B | L29: M
C30: 25 | D30: 12 | E30: Procedure speciali (project financing) | F30: A | G30: A | H30: B | I30: B | J30: B | K30: B | L30: M
C31: 26 | D31: 13 | E31: Adesioni convenzioni Consip e soggetti aggregatori Regione Sardegna | F31: A | G31: A | H31: B | I31: B | J31: B | K31: B | L31: M
C32: 27 | D32: 14 | E32: AFFIDAMENTI DIRETTI Art. 50 D. Lgs. 36/2023 appalti di servizi e forniture di importo fino a 140 mila € e lavori fino a 150 mila € | F32: A | G32: A | H32: B | I32: B | J32: B | K32: B | L32: M
B33: VERIFICA AGGIUDICAZIONE E STIPULA DEL CONTRATTO | C33: 28 | D33: 15 | E33: Verifica dei requisiti. Comunicazioni riguardanti i le esclusioni e le aggiudicazioni. Formalizzazione dell’aggiudicazione definitiva. Stipula del contratto. | F33: M | G33: B | H33: B | I33: B | J33: B | K33: B | L33: B
B34: ESECUZIONE DEL CONTRATTO | C34: 29 | D34: 16 | E34: Varianti in corso di esecuzione al Contratto | F34: A | G34: M | H34: B | I34: B | J34: B | K34: B | L34: M
C35: 30 | D35: 17 | E35: Subappalto | F35: A | G35: B | H35: B | I35: B | J35: B | K35: B | L35: B
C36: 31 | D36: 18 | E36: ATTRIBUZIONE POTERI SOSTITUTIVI (PNRR | F36: M | G36: B | H36: B | I36: B | J36: B | K36: B | L36: B
C37: 32 | D37: 19 | E37: Controlli sulla regolare esecuzione del contratto | F37: A | G37: A | H37: B | I37: B | J37: B | K37: B | L37: M
C38: 33 | D38: 20 | E38: Controlli su accordi quadro e affidamenti continuativi (pulizie, guardiania, manutenzioni) | F38: A | G38: M | H38: B | I38: B | J38: B | K38: B | L38: M
C39: 34 | D39: 21 | E39: Patologia dell'esecuzione: corretta applicazione istituti a garanzia (penali, recessi..) | F39: A | G39: A | H39: B | I39: B | J39: B | K39: B | L39: M
C40: 35 | D40: 22 | E40: Utilizzo di rimedi di risoluzione delle controversie alternativi a quelle giurisdizionali | F40: A | G40: M | H40: B | I40: B | J40: B | K40: B | L40: M
B41: RENDICONTAZIONE DEL CONTRATTO | C41: 36 | D41: 23 | E41: collaudatore (o della commissione di collaudo) Procedimento di verifica della corretta esecuzione, per il rilascio del certificato di collaudo, del certificato di verifica di conformità ovvero dell’attestato di regolare esecuzione (per gli affidamenti di servizi e forniture) Attività connesse alla rendicontazione dei lavori in economia da parte del responsabile del procedimento. | F41: M | G41: B | H41: B | I41: B | J41: B | K41: B | L41: B
C42: 37 | D42: 24 | E42: PROCEDIMENTO DI VERIFICA PER IL RILASCIO DEL CERTIFICATO DI CORRETTA ESECUZIONE (Per beni e servizi) | F42: A | G42: B | H42: B | I42: B | J42: B | K42: B | L42: B
C43: 38 | D43: 25 | E43: PROCEDIMENTO DI VERIFICA PER IL RILASCIO DEL CERTIFICATO DI COLLAUDO O VERIFICA CONFORMITA' (Per lavori) | F43: M | G43: M | H43: B | I43: B | J43: B | K43: B | L43: B
C44: 39 | D44: 26 | E44: ATTIVITA' CONNESSE ALLA RENDICONTAZIONE IN ECONOMIA DEL RESPONSABILE DEL PROCEDIMENTO | F44: A | G44: M | H44: B | I44: B | J44: B | K44: B | L44: B
C45: 40 | D45: 27 | E45: RICONOSCIMENTO DEL PREMIO DI ACCELERAZIONE (PNRR) La stazione appaltante può prevedere nel bando o nell'avviso di indizione della gara dei premi di accelerazione per ogni giorno di anticipo della consegna dell’opera finita, da conferire mediante lo stesso procedimento utilizzato per le applicazioni delle penali, così come applicare penali più aggressive in caso di ritardato adempimento | F45: A | G45: M | H45: B | I45: B | J45: B | K45: B | L45: M
C46: 31 | D46: 18 | E46: Formazione Albo dei professionisti esterni per incarichi professionali fino alle soglie di cui all'articolo 35, D. Lgs. 50/2016 | F46: A | G46: A | H46: B | I46: B | J46: B | K46: B | L46: =IF(AH46<8,"B",((IF(AH46>14,"A","M")))) -> B
A47: Provvedimenti ampliativi della sfera giuridica dei destinatari privi di effetto economico diretto e immediato per il destinatario (AUTORIZZAZIONI E CONCESSIONI) | B47: PROVVEDIMENTI DI TIPO CONCESSORIO | C47: 32 | D47: 1 | E47: ASSEGNAZIONE IN USO DEGLI IMPIANTI SPORTIVI | F47: A | G47: M | H47: B | I47: B | J47: B | K47: B | L47: =IF(AH47<8,"B",((IF(AH47>14,"A","M")))) -> B
B48: PROVVEDIMENTI DI TIPO AUTORIZZATIVO / DICHIARATIVO | C48: 33 | D48: 2 | E48: (Conferenza di Servizi) Garantire l'esercizio delle attività produttive o l'adeguamento della realizzazione dell'immobile ospitante l'attività, nel rispetto delle norme di settore: tramite lo strumento della conferenza di servizi (art. 14 L. 241/90).li | F48: A | G48: M | H48: B | I48: B | J48: M | K48: M | L48: M
B49: PROVVEDIMENTI DI TIPO CONCESSORIO | C49: 34 | D49: 3 | E49: Pratica edilizia con peocedimento ad efficacia a 30 giorni. Garantire l'efficacia del titolo abilitativo alla realizzazione o adeguamento di immobili atti ad ospitare l'esercizio di attività produttive o civile abitazione, tramite l'istituto dell'autocertificazione. | F49: A | G49: B | H49: B | I49: B | J49: B | K49: B | L49: =IF(AH49<8,"B",((IF(AH49>14,"A","M")))) -> B
C50: 35 | D50: 4 | E50: Agibilita immobili o Collaudo impianti. Esame degli aspetti strutturali e catastali e di impiantistica degli insediamenti produttivi | F50: A | G50: M | H50: B | I50: B | J50: B | K50: B | L50: =IF(AH50<8,"B",((IF(AH50>14,"A","M")))) -> B
C51: 36 | D51: 5 | E51: Garantire l'esercizio delle attività produttive nel rispetto delle norme di settore ( con particolare riguardo alle disposizioni sull'autocertificazione), favorendo l'immediato avvio dell'attività: | F51: A | G51: M | H51: B | I51: B | J51: B | K51: B | L51: M
C52: 37 | D52: 6 | E52: CACCIA: Rilascio Autorizzazione Regionale per l'esercizio della Caccia | F52: A | G52: M | H52: B | I52: B | J52: B | K52: B | L52: =IF(AH52<8,"B",((IF(AH52>14,"A","M")))) -> B
B53: PROVVEDIMENTI DI TIPO CONCESSORIO | C53: 38 | D53: 7 | E53: SEGRETARIATO PER PROVVEDIMENTI DI POLIZIA AMMINISTRATIVA. COMMISSIONE COMUNALE O PROVINCIALE DI VIGILANZA. ISTRUTTORIA FINALIZZATA ALL'ADOZIONE DELL'AGIBILITA' AI SENSI DELL'ART 80 TULLPS | F53: A | G53: B | H53: B | I53: B | J53: B | K53: B | L53: =IF(Y53<8,"B",((IF(Y53>14,"A","M")))) -> B
B54: PROVVEDIMENTI DI TIPO AUTORIZZATIVO / DICHIARATIVO | C54: 39 | D54: 8 | E54: Rilascio di autorizzazioni stradali in deroga | F54: A | G54: M | H54: B | I54: B | J54: B | K54: B | L54: M
B55: PROVVEDIMENTI DI TIPO CONCESSORIO | C55: 40 | D55: 9 | E55: Rilascio di concessione per occupazione temporanea di suolo pubblico | F55: A | G55: B | H55: B | I55: B | J55: B | K55: B | L55: B
C56: 41 | D56: 10 | E56: Assegnazione di aree per l'edilizia residenziale pubblica | F56: A | G56: B | H56: B | I56: B | J56: C | K56: B | L56: =IF(AH56<8,"B",((IF(AH56>14,"A","M")))) -> B
C57: 42 | D57: 11 | E57: Trasformazione diritto di superficIe in diritto di proprietà aree ERP | F57: A | G57: M | H57: B | I57: B | J57: B | K57: B | L57: =IF(AH57<8,"B",((IF(AH57>14,"A","M")))) -> B
B58: PROVVEDIMENTI DI TIPO AUTORIZZATIVO / DICHIARATIVO | C58: 43 | D58: 12 | E58: AUTORIZZAZIONE PAESAGGISTICA SUAPE | F58: A | G58: M | H58: B | I58: B | J58: B | K58: B | L58: =IF(AH58<8,"B",((IF(AH58>14,"A","M")))) -> B
C59: 44 | D59: 13 | E59: AUTORIZZAZIONE PAESAGGISTICA PRATICHE ENTI PUBBLICI | F59: A | G59: B | H59: B | I59: B | J59: B | K59: B | L59: =IF(AH59<8,"B",((IF(AH59>14,"A","M")))) -> B
C60: 45 | D60: 14 | E60: COMPATIBILITA' PAESAGGISTICA | F60: A | G60: M | H60: B | I60: B | J60: B | K60: B | L60: =IF(AH60<8,"B",((IF(AH60>14,"A","M")))) -> B
B61: PROVVEDIMENTI DI TIPO CONCESSORIO | C61: 46 | D61: 15 | E61: Concessione della sale e immobili del patrimonio comunale | F61: A | G61: M | H61: B | I61: B | J61: B | K61: B | L61: M
A62: Provvedimenti ampliativi della sfera giuridica dei destinatari con effetto economico diretto e immediato per il destinatario (VANTAGGI ECONOMICI DI QUALUNQUE GENERE A PRIVATI - CONCESSIONE ED EROGAZIONE DI SOVVENZIONI, CONTRIBUTI, SUSSIDI - GESTIONE ECONOMICA e GIURIDICA DEL PERSONALE) | B62: CONCESSIONE ED EROGAZIONE DI SOVVENZIONI, CONTRIBUTI, SUSSIDI | C62: 47 | D62: 1 | E62: CONCESSIONE DEI CONTRIBUTI PER LA STAGIONE SPORTIVA | F62: M | G62: M | H62: B | I62: B | J62: B | K62: B | L62: =IF(AH62<8,"B",((IF(AH62>14,"A","M")))) -> B
C63: 48 | D63: 2 | E63: CONCESSIONE DI CONTRIBUTI IN ASSENZA DI BANDO PER PARTICOLARI NECESSITA' E/O EVENTI | F63: A | G63: A | H63: B | I63: B | J63: B | K63: B | L63: M
C64: 49 | D64: 3 | E64: CONCESSIONE DEI CONTRIBUTI TRAMITE BANDO | F64: A | G64: M | H64: B | I64: B | J64: B | K64: B | L64: B
C65: 50 | D65: 4 | E65: CONCESSIONE DEI CONTRIBUTI PER PARTICOLARI EVENTI | F65: A | G65: A | H65: B | I65: B | J65: B | K65: B | L65: M
C66: 51 | D66: 5 | E66: VALUTAZIONE ED EROGAZIONE BENEFICI A FAVORE DI UTENTI OSPITI DI STRUTTURE A CARATTERE RESIDENZIALE | F66: A | G66: B | H66: B | I66: B | J66: B | K66: B | L66: =IF(AH66<8,"B",((IF(AH66>14,"A","M")))) -> B
B67: CONCESSIONE ED EROGAZIONE DI SOVVENZIONI, CONTRIBUTI, SUSSIDI | C67: 52 | D67: 6 | E67: EROGAZIONE CONTRIBUTI REGIONALI A FAVORE DI STRUTTURE RESIDENZIALI PER UTENTI CON PARTICOLARI PATOLOGIE | F67: A | G67: B | H67: B | I67: B | J67: B | K67: B | L67: =IF(AH67<8,"B",((IF(AH67>14,"A","M")))) -> B
C68: 53 | D68: 7 | E68: EROGAZIONE CONTRIBUTI REGIONALI A FAVORE DI UTENTI CON PARTICOLARI PATOLOGIE | F68: A | G68: B | H68: B | I68: B | J68: B | K68: B | L68: =IF(AH68<8,"B",((IF(AH68>14,"A","M")))) -> B
B69: ATTRIBUZIONE DI VANTAGGI ECONOMICI DI QUALUNQUE GENERE A PRIVATI | C69: 54 | D69: 8 | E69: INTERVENTI DI ASSISTENZA DOMICILIARE – EDUCATIVA E SPECIALISTICA | F69: A | G69: M | H69: B | I69: B | J69: B | K69: B | L69: =IF(AH69<8,"B",((IF(AH69>14,"A","M")))) -> B
C70: 55 | D70: 9 | E70: INTERVENTI VOLTI AL SUPERAMENTO DELL'EMERGENZA ABITATIVA | F70: M | G70: M | H70: B | I70: B | J70: B | K70: B | L70: =IF(AH70<8,"B",((IF(AH70>14,"A","M")))) -> B
C71: 56 | D71: 10 | E71: CONTRIBUTI REGIONALI PER INTERVENTI A FAVORE DI PERSONE DISABILI | F71: M | G71: B | H71: B | I71: B | J71: B | K71: B | L71: =IF(AH71<8,"B",((IF(AH71>14,"A","M")))) -> B
C72: 57 | D72: 11 | E72: CONTRIBUTI REGIONALI FINALIZZATI AL SUPERAMENTO DEL DISAGIO ECONOMICO E SOCIALE | F72: M | G72: B | H72: B | I72: B | J72: B | K72: B | L72: B
C73: 58 | D73: 12 | E73: AZIONI DI SISTEMA PER L'ATTIVAZIONE DI PROGETTI DI INCLUSIONE SOCIALE | F73: M | G73: M | H73: B | I73: B | J73: B | K73: B | L73: B
C74: 59 | D74: 13 | E74: FUNZIONI TECNICHE DELL'ASSISTENTE SOCIALE - INTERVENTO PER LA PREVENZIONE, IL SOSTEGNO ED IL RECUPERO DI PERSONE,FAMIGLIE, GRUPPI E COMUNITÀ IN SITUAZIONI DI BISOGNO E DI DISAGIO | F74: A | G74: A | H74: B | I74: B | J74: B | K74: B | L74: A
C75: 60 | D75: 14 | E75: GESTIONE PROCEDIMENTI A FAVORE DELLE SCUOLE PER LE COMPETENZE LEGATE AGLI INTERVENTI PER IL DIRITTO ALLO STUDIO | F75: M | G75: B | H75: B | I75: B | J75: B | K75: B | L75: B
C76: 61 | D76: 15 | E76: SERVIZI SCOLASTICI (REFEZIONE E TRASPORTO) ATTIVAZIONE BANDI E GESTIONE UTENZA PER L'ACCESSO AL SERVIZIO | F76: M | G76: M | H76: B | I76: B | J76: B | K76: B | L76: =IF(AH76<8,"B",((IF(AH76>14,"A","M")))) -> B
C77: 62 | D77: 16 | E77: GESTIONE BANDI PER L'EROGAZIONE DI CONTRIBUTI ALLE FAMIGLIE PER IL DIRITTO ALLO STUDIO | F77: M | G77: M | H77: B | I77: B | J77: B | K77: B | L77: B
C78: 63 | D78: 17 | E78: ATTIVITÀ DI GESTIONE PER AGEVOLAZIONI TARIFFARIE E BONUS | F78: M | G78: B | H78: B | I78: B | J78: B | K78: B | L78: B
C79: 64 | D79: 18 | E79: Assegnazione alloggi di Edilizia Residenziale Pubblica – ERP | F79: A | G79: M | H79: B | I79: B | J79: B | K79: B | L79: =IF(AH79<8,"B",((IF(AH79>14,"A","M")))) -> B
A80: GESTIONE DELLE ENTRATE DELLE SPESE E DEL PATRIMONIO | B80: GESTIONE DELLE ENTRATE E DELLE SPESE | C80: 65 | D80: 1 | E80: CONTROLLO PROPOSTE DI DELIBERAZIONE AI FINI DEL RILASCIO DE PARERE CONTABILE | F80: M | G80: B | H80: B | I80: B | J80: B | K80: B | L80: =IF(AB80<8,"B",((IF(AB80>14,"A","M")))) -> B
C81: 66 | D81: 2 | E81: CONTROLLO PROVVEDIMENTI DI IMPEGNO E ACCERTAMENTO AI FINI DEL RILASCIO DEL VISTO CONTABILE | F81: M | G81: B | H81: B | I81: B | J81: B | K81: B | L81: =IF(AB81<8,"B",((IF(AB81>14,"A","M")))) -> B
C82: 67 | D82: 3 | E82: CONTROLLO DECRETI DI LIQUIDAZIONE NON COMMERCIALI ED EMISSIONE DEI RELATIVI ORDINATIVI DI PAGAMENTO | F82: A | G82: B | H82: B | I82: B | J82: B | K82: B | L82: =IF(AB82<8,"B",((IF(AB82>14,"A","M")))) -> B
C83: 68 | D83: 4 | E83: GESTIONE IVA COMMERCIALE E RELATIVE DICHIARAZIONI MENSILI, TRIMESTRALI E ANNUALI | F83: B | G83: B | H83: B | I83: B | J83: B | K83: B | L83: =IF(AB83<8,"B",((IF(AB83>14,"A","M")))) -> B
C84: 69 | D84: 5 | E84: GESTIONE CERTIFICAZIONI UNICHE E RELATIVE DICHIARAZIONI ANNUALI (MODELLO 770) | F84: B | G84: B | H84: B | I84: B | J84: B | K84: B | L84: =IF(AB84<8,"B",((IF(AB84>14,"A","M")))) -> B
C85: 70 | D85: 6 | E85: GESTIONE CONTABILE DELLE ENTRATE EXTRATRIBUTARIE ED EMISSIONE DEI RELATIVI ORDINATIVI DI RISCOSSIONE | F85: M | G85: B | H85: B | I85: B | J85: B | K85: B | L85: =IF(AB85<8,"B",((IF(AB85>14,"A","M")))) -> B
C86: 71 | D86: 7 | E86: ACQUISTI URGENTI DA EFFETTUARE CON IL SERVIZIO DI CASSA ECONOMALE | F86: M | G86: M | H86: B | I86: B | J86: B | K86: B | L86: =IF(AB86<8,"B",((IF(AB86>14,"A","M")))) -> B
B87: TRIBUTI | C87: 72 | D87: 8 | E87: Utilizzo strumenti deflattivi del contenzioso (autotutela, accertamento con adesione – mediazione) | F87: M | G87: A | H87: B | I87: B | J87: B | K87: B | L87: M
C88: 73 | D88: 9 | E88: Attività di esame istanze dei contribuenti (discarichi, annullamenti, rimborsi,rateizzazioni, richiesta di informazioni) | F88: M | G88: M | H88: B | I88: B | J88: B | K88: B | L88: =IF(AB88<8,"B",((IF(AB88>14,"A","M")))) -> B
B89: GESTIONE DELLE ENTRATE E DELLE SPESE | C89: 74 | D89: 10 | E89: Liquidazione fatture | F89: M | G89: M | H89: B | I89: B | J89: B | K89: B | L89: =IF(AB89<8,"B",((IF(AB89>14,"A","M")))) -> B
C90: 75 | D90: 11 | E90: Assistenza organi istituzionali: DETERMINAZIONE E LIQUIDAZIONE INDENNITA' E GETTONI DI PRESENZA CONSIGLIERI | F90: B | G90: B | H90: B | I90: B | J90: B | K90: B | L90: =IF(AH90<8,"B",((IF(AH90>14,"A","M")))) -> B
C91: 76 | D91: 12 | E91: Rimborso oneri per datore di lavoro | F91: M | G91: B | H91: B | I91: B | J91: B | K91: B | L91: =IF(AH91<8,"B",((IF(AH91>14,"A","M")))) -> B
B92: GESTIONE DEI BENI DEMANIALI E PATRIMONIALI | C92: 77 | D92: 13 | E92: Voltura nei contratti di locazione degli immobili di Edilizia Residenziale Pubblica (ERP) | F92: A | G92: B | H92: B | I92: B | J92: B | K92: B | L92: =IF(AH92<8,"B",((IF(AH92>14,"A","M")))) -> B
C93: 78 | D93: 14 | E93: Piano delle alienazioni e valorizzazioni – Vendita beni patrimonio disponibile mediante asta pubblica | F93: A | G93: B | H93: B | I93: B | J93: B | K93: B | L93: =IF(AH93<8,"B",((IF(AH93>14,"A","M")))) -> B
C94: 79 | D94: 15 | E94: Locazione immobili urbani | F94: A | G94: B | H94: B | I94: B | J94: B | K94: B | L94: =IF(AH94<8,"B",((IF(AH94>14,"A","M")))) -> B
A95: CONTROLLI, VERIFICHE , ISPEZIONI e SANZIONI | C95: 80 | D95: 1 | E95: Promuovere il rispetto delle regole nell'esercizio delle attività produttive anche con il ricorso allo strumento sanzionatorio (L.689/81). | F95: A | G95: M | H95: B | I95: B | J95: B | K95: B | L95: M
C96: 81 | D96: 2 | E96: Interventi per il contrasto del randagismo e l'omessa custodia degli animali d'affezione | F96: B | G96: B | H96: B | I96: B | J96: B | K96: B | L96: B
C97: 82 | D97: 3 | E97: Vigilanza e controllo in materia ambientale sul rispetto del regolamento comunale di gestione dei rifiuti da parte dei soggetti deputati all’esecuzione della raccolta differenziata | F97: M | G97: M | H97: B | I97: B | J97: B | K97: B | L97: M
C98: 83 | D98: 4 | E98: Indagini penali su delega della Procura della Repubblica | F98: A | G98: A | H98: B | I98: B | J98: B | K98: B | L98: M
C99: 84 | D99: 5 | E99: Annullamento d'ufficio di verbali di accertamento per violazioni amministrative | F99: A | G99: M | H99: B | I99: B | J99: B | K99: B | L99: B
C100: 85 | D100: 6 | E100: Sgravi amministrativi di titoli erroneamente iscritti a ruolo | F100: A | G100: A | H100: B | I100: B | J100: B | K100: B | L100: =IF(AH100<8,"B",((IF(AH100>14,"A","M")))) -> B
...

Sheet Misure Generali
A1: PROGRAMMAZIONE E MONITORAGGIO MISURE GENERALI (Cfr. PNA 2019 §§ 5.1. e 5.2.)
A2: MISURA GENERALE | B2: STATO DI ATTUAZIONE al 31.01.2024 ALERT---> indicare se la misura è ATTUATA, NON ATTUATA, IN ATTUAZIONE | C2: FASI E TEMPI DI ATTUAZIONE | D2: INDICATORI DI ATTUAZIONE | E2: SOGGETTO RESPONSABILE | F2: MONITORAGGIO SUL TRIENNIO | G2: FREQUENZA DEL MONITORAGGIO ALERT ---> Il monitoraggio delle misure generali va fatto su tutte le misure concentrando l’attenzione prioritariamente su quelle misure rispetto alle quali sono emerse criticità dalla relazione annuale RPCT (cfr. PNA 2022, § 10.2.1.) | H2: Opzioni per il MONITORAGGIO | I2: NOTE ALERT ---> RIPORTARE CRITICITà O DIFFICOLTà RISCONTRATE NELL'ATTUAZIONE E LE INIZIATIVE CHE SI INTENDONO ASSUMERE PER SUPERARLE
A3: Codice di comportamento | B3: ATTUATA | C3: Adozione/Aggiornamento del Codice di comportamento alla luce del d.P.R. n. 62/2013 e delle Linee guida A.N.AC. | D3: Approvazione del Codice di comportamento | E3: RPCT/SG/RESPONSABILI | F3: ogni anno | G3: Annuale | H3: Approvato Non Approvato | I3: (Il campo da compilare è libero e si apre in caso di flag dell'opzione "Non approvato")
B4: ATTUATA | C4: Relazione all'organo di indirizzo ed al vertice amministrativo in merito alle eventuali violazioni del codice rilevate e/o segnalate | D4: N. violazioni rilevate e/o segnalate | E4: ALERT--->SELEZIONARE UNA O Più OPZIONI | F4: ogni anno | G4: Annuale | H4: 0 1 >1 | I4: (Il campo da compilare è libero e si apre in caso di flag delle opzioni 1 e >1)
B5: ATTUATA | C5: Consegna di copia del Codice di comportamento al personale neo assunto | D5: N. di personale al quale è stata consegnata copia del Codice/totale personale neo assunto | F5: ogni anno | G5: Annuale | H5: 80%-100% <80% | I5: (Il campo da compilare è libero e si apre in caso di flag dell'opzione "<80%")
A6: Autorizzazioni incarichi extra-istituzionali | B6: ATTUATA | C6: Adozione/Aggiornamento regolamento o altro atto interno di disciplina | D6: Approvazione del regolamento o altro atto interno | E6: RPCT/SG/RESPONSABILI | F6: ogni anno | G6: Annuale | H6: Approvato Non Approvato | I6: (Il campo da compilare è libero e si apre in caso di flag dell'opzione "Non approvato")
B7: ATTUATA | C7: Rilascio delle autorizzazioni | D7: Numero di autorizzazioni richieste/numero autorizzazioni rilasciate | F7: ogni anno | G7: Annuale | H7: 80%-100% <80% | I7: (Il campo da compilare è libero e si apre in caso di flag dell'opzione "<80%")
B8: ATTUATA | C8: Relazione all'organo di indirizzo ed al vertice amministrativo in merito a eventuali incarichi svolti in assenza di autorizzazione | D8: Numero di violazioni rilevate e/o segnalate | F8: ogni anno | G8: Annuale | H8: 0 1 >1 | I8: (Il campo da compilare è libero e si apre in caso di flag delle opzioni 1 e >1)
A9: Conflitti d'interesse | B9: ATTUATA | C9: Acquisizione e verifica delle dichiarazioni di assenza di conflitti d'interesse rese dal personale neo assunto o assegnato a un nuovo incarico ovvero rilasciate da consulenti e collaboratori | D9: Numero di dichiarazioni verificate su numero di personale neo assunto e assegnato a un nuovo incarico | E9: RPCT/SG/RESPONSABILI | F9: ogni anno | G9: Annuale | H9: 80%-100% <80% | I9: (Il campo da compilare è libero e si apre in caso di flag dell'opzione "<80%")
B10: ATTUATA | C10: Acquisizione e verifica delle dichiarazioni di assenza di conflitti d'interesse rese dal personale o da consulenti e collaboratori in caso di sopravvenienze | D10: Numero di dichiarazioni acquisite su numero di dichiarazioni verificate | F10: ogni anno | G10: Annuale | H10: 80%-100% <80% | I10: (Il campo da compilare è libero e si apre in caso di flag dell'opzione "<80%")
B11: ATTUATA | C11: Attestazioni di assenza di situazioni di conflitto d'interesse nel corpo del provvedimento amministrativo | D11: Numero di attestazioni su numero di provvedimenti adottati | F11: ogni anno | G11: Annuale | H11: 80%-100% <80% | I11: (Il campo da compilare è libero e si apre in caso di flag dell'opzione "<100%")
A12: Formazione | B12: ATTUATA | C12: Svolgimento dei corsi di formazione | D12: N. di corsi svolti | E12: RPCT/SG/RESPONSABILI | F12: ogni anno | G12: Annuale | H12: 0 1 >1 | I12: (Il campo da compilare è libero e si apre in caso di flag dell'opzione 0)
A13: Whistleblower | B13: ATTUATA | C13: Meccanismi idonei per garantire anonimato e tutle dei segnalanti | D13: Adozione di meccanismi idonei a garantire la tutela dei whistleblowers | E13: RPCT/SG/RESPONSABILE RISORSE UMANE/ALTRO | F13: ogni anno | G13: Annuale | H13: Approvato Non Approvato | I13: (Il campo da compilare è libero e si apre in caso di flag dell'opzione "Non adottati")
B14: IN FASE DI ATTUAZIONE | C14: Acquisizione e trattazione delle segnalazioni | D14: N. di segnalazioni pervenute su n. di segnalazioni trattate | F14: ogni anno | G14: Annuale | H14: 80%-100% <80% | I14: (Il campo da compilare è libero e si apre in caso di flag dell'opzione "<80%")
A15: Misure alternative alla rotazione | B15: ATTUATA | C15: Condivisione delle fasi procedimentali, | D15: Numero di procedimenti condivisi/sul totale | E15: RPCT/SG/RESPONSABILI | F15: ogni anno | G15: Annuale | H15: 80%-100% <80% | I15: (Il campo da compilare è libero e si apre in caso di flag dell'opzione "<80%")
B16: ATTUATA | C16: Rotazione funzionale all'interno del medesimo ufficio | D16: Numero di funzioni ruotate/sul totale | G16: Annuale | H16: 80%-100% <80% | I16: (Il campo da compilare è libero e si apre in caso di flag dell'opzione "<80%")
B17: ATTUATA | C17: "Doppia sottoscrizione” degli atti | D17: Numero di atti con doppia sottoscrizione/sul totale | G17: Annuale | H17: 80%-100% <80% | I17: (Il campo da compilare è libero e si apre in caso di flag dell'opzione "<80%")
A18: Inconferibilità/incompatibilità (SG e EQ) | B18: ATTUATA | C18: Acquisizione delle dichiarazioni sull'insussistenza di situazioni di inconferibilità | D18: n. di dichiarazioni acquisite/sul totate delle funzioni dirigenziali attribuite | E18: RPCT/SG/ | F18: ogni anno | G18: Annuale | H18: 80%-100% <80% | I18: (Il campo da compilare è libero e si apre in caso di flag dell'opzione "<80%")
B19: ATTUATA | C19: Acquisizione delle dichiarazioni sull'insussistenza di situazioni di incompatibilità | D19: n. di dichiarazioni acquisite/sul totate dei soggetti con funzioni dirigenziali | F19: ogni anno | G19: Annuale | H19: 80%-100% <80%
B20: ATTUATA | C20: Verifica dei precedenti penali | D20: n. di soggetti per i quali sono stati acquisiti i certificati del casellario giudiziale | F20: ogni anno | G20: Annuale | H20: 0 1 >1 | I20: (Il campo da compilare è libero e si apre in caso di flag dell'opzione 0)
A21: Divieto di pantouflage (art. 53, comma 16 ter, d.lgs. n. 165/2001) | B21: ATTUATA | C21: Acquisizione delle dichiarazioni di pantouflage rese dal personale cessato dal servizio nel corso dell’anno | D21: Numero di dichiarazioni acquisite sul numero di dipendenti cessati dal servizio | E21: RPCT/SG/RESPONSABILE RISORSE UMANE/ALTRO | F21: ogni anno | G21: Annuale | H21: 80%-100% <80% | I21: (Il campo da compilare è libero e si apre in caso di flag dell'opzione "<80%")
A22: Patti di integrità | B22: ATTUATA | C22: Adozione/aggiornamento di uno schema standard di patto d'integrità | D22: Approvazione dello schema | E22: RPCT/SG/RESPONSABILE RISORSE UMANE/ALTRO | F22: ogni anno | G22: Annuale | H22: Approvato Non Approvato | I22: (Il campo da compilare è libero e si apre in caso di flag dell'opzione "Non approvato")
B23: ATTUATA | C23: Applicazione dei patti d'integrità a tutte le procedure di gara | D23: N. di patti d'integrità sottoscritti su n. partecipanti alle procedure di gara | E23: RPCT/SG/RESPONSABILI | F23: ogni anno | G23: Annuale | H23: 80%-100% <80% | I23: (Il campo da compilare è libero e si apre in caso di flag dell'opzione "<80%")
A24: RASA | B24: ATTUATA | C24: Verifica periodica dei dati inseriti in AUSA | D24: Inserimento/aggiornamento dei dati in AUSA | E24: RESPONSABILE | F24: ogni anno | G24: Annuale | H24: Sì No | I24: (Il campo da compilare è libero e si apre in caso di flag dell'opzione "No")
A25: Commissioni di gara e di concorso | B25: ATTUATA | C25: Acquisizione di una dichiarazione attestante l'insussistenza delle condizioni indicate dall'art. 35 bis d.lgs. N. 165/2001 all'atto del conferimento dell'incarico | D25: numero di dichiarazioni verificate/numero di incarichi conferiti soggetti all'art. 35 bis d.lgs. N. 165/2001 | F25: ogni anno | G25: Annuale | H25: 80%-100% <80% | I25: (Il campo da compilare è libero e si apre in caso di flag dell'opzione "<80%")
E26: RPCT/SG/RESPONSABILI
A27: Monitoraggio dei tempi procedimentali. | B27: ATTUATA | C27: Aggiornamento della mappatura dei procedimenti in caso di modifiche organizzative e funzionali | D27: Approvazione delle nuova mappatura dall'organo titolare di indirizzo politico | E27: RPCT/SG/RESPONSABILI | F27: ogni anno | G27: Annuale | H27: Approvato Non Approvato | I27: (Il campo da compilare è libero e si apre in caso di flag dell'opzione "Non approvato")
B28: ATTUATA | C28: Misurazione dei tempi effettivi di conclusione dei procedimenti amministrativi di maggiore impatto per i cittadini e per le imprese, comparati con i termini previsti dalla normativa vigente | D28: Misurazione/Pubblicazione dei tempi effettivi di conclusione dei procedimenti | E28: RPCT/SG/RESPONSABILI | F28: ogni anno | G28: Annuale | H28: Sì No | I28: (Il campo da compilare è libero e si apre in caso di flag dell'opzione "No")
A29: Rotazione straordinaria | B29: ATTUATA | C29: Adozione - al momento del procedimento penale - di provvedimento, adeguatamente motivato, di valutazione della condotta del dipendente, ai fini dell’eventuale applicazione della misura | D29: Valutazione svolta per ogni avvio di procedimento penale del dipendente per i reati presupposto indicati dalla norma | E29: RPCT/SG/RESPONSABILI | F29: ogni anno | G29: Annuale | H29: Sì No | I29: (Il campo da compilare è libero e si apre in caso di flag dell'opzione "No")
B30: ATTUATA | C30: Previsione nel codice di comportamento dell’obbligo per i dipendenti di comunicare all’amministrazione la sussistenza nei propri confronti di provvedimenti di rinvio a giudizio | D30: inserimento della previsione nel codice di comportamento | F30: ogni anno | G30: Annuale | H30: Sì No | I30: (Il campo da compilare è libero e si apre in caso di flag dell'opzione "No")

Sheet Valutaz Rischio ENTE
A1: COMUNE DI PALAU | E1: Allegato PIANO DEI RISCHI sezione 2.3 del PIAO 2025/2027
E2: INDICATORI DI STIMA DEL LIVELLO DI RISCHIO (rielaborazione di indicatori proposti da ANAC)
O3: IMPATTO | T3: VALUTAZIONE COMPLESSIVA DEL RISCHIO
E4: Interessi esterni | F4: Discrezionalità del decisore interno | G4: Eventi corruttivi passati | H4: Opacità del processo | I4: Grado attuazione misure | J4: Coerenza operativa: | K4: Segnalazioni, reclami pervenuti | L4: Presenza di gravi rilievi a seguito dei controlli interni di regolarità amministrativa | M4: Impatto sull’immagine dell’Ente | N4: TOTALE PROBABILITA' | O4: Impatto sull’immagine dell’Ente | P4: Impatto in termini di contenzioso | Q4: Impatto organizzativo e/o sulla continuità del servizio | R4: Danno generato | S4: TOTALE IMPATTO | U4: NOTE
A5: AREA DI RISCHIO | B5: PROCESSI | C5: ATTIVITA' | D5: EVENTI CORRUTTIVI
A6: CONTRATTI PUBBLICI | B6: Programmazione | C6: Individuazione del Fabbisogno | E6: M | F6: A | G6: B | H6: B | I6: B | J6: B | K6: B | L6: B | M6: B | N6: B | O6: B | P6: B | Q6: M | R6: B | S6: B | T6: B
B7: Progettazione | C7: Predisposizione degli atti di gara | E7: A | F7: A | G7: B | H7: B | I7: M | J7: B | K7: B | L7: B | M7: B | N7: M | O7: M | P7: B | Q7: M | R7: B | S7: M | T7: M
B8: Affidamento di lavori, servizi e forniture | C8: Selezione del contraente | E8: A | F8: A | G8: B | H8: B | I8: B | J8: M | K8: B | L8: B | M8: B | N8: M | O8: M | P8: B | Q8: B | R8: B | S8: B | T8: M
C9: Aggiudicazione | E9: A | F9: M | G9: M | H9: B | I9: M | J9: B | K9: B | L9: B | M9: M | N9: M | O9: M | P9: B | Q9: B | R9: B | S9: B | T9: M
B10: Esecuzione del contratto | C10: Verifica in corso di esecuzione | E10: A | F10: A | G10: B | H10: M | I10: M | J10: M | K10: M | L10: M | M10: M | N10: M | O10: M | P10: A | Q10: M | R10: M | S10: M | T10: M
C11: Collaudo | E11: A | F11: M | G11: B | H11: B | I11: M | J11: B | K11: B | L11: M | M11: B | N11: M | O11: M | P11: M | Q11: B | R11: B | S11: M | T11: M
A12: CONTRIBUTI, SOVVENZIONI E ALTRE EROGAZIONI LIBERALI | B12: Attribuzione di vantaggi economici diretti a seguito di bando | C12: Attribuzione di vantaggi economici diretti a seguito di bando | E12: A | F12: A | G12: B | H12: M | I12: M | J12: M | K12: B | L12: M | M12: M | N12: A | O12: A | P12: B | Q12: B | R12: M | S12: M | T12: M
B13: Erogazone di prestazioni assistenziali | C13: Erogazone di prestazioni assistenziali | E13: A | F13: M | G13: B | H13: M | I13: M | J13: M | K13: B | L13: B | M13: M | N13: M | O13: M | P13: B | Q13: B | R13: B | S13: M | T13: M
B14: Assegnazione di alloggi di edilizia sociale | C14: Assegnazione di alloggi di edilizia sociale | E14: A | F14: M | G14: M | H14: M | I14: M | J14: M | K14: M | L14: B | M14: M | N14: A | O14: A | P14: A | Q14: M | R14: A | S14: A | T14: M
B15: Ammissione ai servizi educativi (asilo nido e scuola infanzia) | C15: Ammissione ai servizi educativi | E15: A | F15: A | G15: M | H15: M | I15: M | J15: M | K15: M | L15: B | M15: M | N15: A | O15: A | P15: M | Q15: M | R15: B | S15: M | T15: M
A16: CONCORSI E PROVE SELETTIVE | B16: Concorso per l'assunzione di personale | C16: Programmazione dell'assunzione/fabbisogni del personale | E16: M | F16: M | G16: B | H16: B | I16: M | J16: M | K16: B | L16: B | M16: B | N16: M | O16: B | P16: B | Q16: B | R16: B | S16: B | T16: M
C17: Predisposizione del bando di concorso e/o avvisi di selezione | E17: M | F17: A | G17: B | H17: M | I17: M | J17: M | K17: B | L17: B | M17: M | N17: A | O17: B | P17: M | Q17: A | R17: B | S17: M | T17: M
C18: Nomina Commissione esaminatrice | E18: A | F18: A | G18: B | H18: B | I18: M | J18: B | K18: B | L18: B | M18: B | N18: M | O18: A | P18: M | Q18: M | R18: A | S18: A | T18: M
C19: Svolgimento delle prove concorsuali e valutazione dei titoli | E19: A | F19: M | G19: B | H19: B | I19: M | J19: B | K19: B | L19: B | M19: B | N19: M | O19: A | P19: M | Q19: M | R19: A | S19: A | T19: M
C20: Approvazione della gradutoria | E20: A | F20: M | G20: B | H20: B | I20: M | J20: B | K20: B | L20: B | M20: B | N20: M | O20: A | P20: M | Q20: M | R20: A | S20: A | T20: M
B21: Attingimento da graduatoria di altri Enti | C21: Attingimento da graduatoria di altri Enti | E21: A | F21: M | G21: B | H21: M | I21: M | J21: M | K21: A | L21: B | M21: B | N21: A | O21: A | P21: A | Q21: M | R21: A | S21: A | T21: M
B22: Mobilità volontaria | C22: Mobilità volontaria | E22: M | F22: A | G22: B | H22: M | I22: M | J22: M | K22: A | L22: B | M22: B | N22: A | O22: B | P22: M | Q22: A | R22: B | S22: M | T22: M
B23: Assunzioni ex art. 110 TUEL, ex art. 90 TUEL, assunzioni stagionali di personale (es. polizia locale) | C23: Assunzioni ex art. 110 TUEL, ex art. 90 TUEL, assunzioni stagionali di personale (es. polizia locale) | E23: M | F23: A | G23: B | H23: M | I23: M | J23: M | K23: A | L23: B | M23: B | N23: A | O23: B | P23: M | Q23: A | R23: B | S23: M | T23: M
B24: Progressioni di carriera | C24: Progressioni di carriera verticali | E24: M | F24: M | G24: B | H24: B | I24: M | J24: B | K24: B | L24: B | M24: B | N24: M | O24: M | P24: B | Q24: B | R24: M | S24: M | T24: M
C25: Progressioni di carriera orizzontali | E25: B | F25: B | G25: B | H25: B | I25: M | J25: B | K25: B | L25: B | M25: B | N25: B | O25: B | P25: B | Q25: B | R25: B | S25: B | T25: B
A26: AUTORIZZAZIONI E CONCESSIONI | B26: Rilascio di permessi di costruire, autorizzazioni edilizie (anche in sanatoria), certificati di agibilità, certificati di destinazione urbanistica (CDU), SCIA edilizia | C26: Rilascio di permessi di costruire, autorizzazioni edilizie (anche in sanatoria), certificati di agibilità, certificati di destinazione urbanistica (CDU), SCIA edilizia | E26: M | F26: B | G26: B | H26: B | I26: M | J26: M | K26: B | L26: B | M26: B | N26: M | O26: B | P26: B | Q26: M | R26: B | S26: B | T26: B
B27: Stipula convenzione urbanistica | C27: Stipula convenzione urbanistica | E27: A | F27: B | G27: B | H27: B | I27: M | J27: M | K27: B | L27: B | M27: B | N27: M | O27: B | P27: B | Q27: M | R27: B | S27: B | T27: B
B28: Rilascio autorizzazione paesaggistica | C28: Rilascio autorizzazione paesaggistica | E28: A | F28: B | G28: B | H28: B | I28: M | J28: A | K28: B | L28: B | M28: B | N28: M | O28: B | P28: B | Q28: M | R28: M | S28: M | T28: M
B29: Rilascio licenza attività commerciali | C29: Rilascio licenza attività commerciali | E29: M | F29: B | G29: B | H29: M | I29: M | J29: B | K29: B | L29: B | M29: B | N29: M | O29: B | P29: B | Q29: B | R29: M | S29: B | T29: B
B30: Rilascio autorizzazione al funzionamento di strutture sanitarie/strutture mediche private | C30: Rilascio autorizzazione al funzionamento di strutture sanitarie/strutture mediche private | E30: A | F30: B | G30: B | H30: B | I30: M | J30: A | K30: B | L30: B | M30: B | N30: M | O30: B | P30: B | Q30: M | R30: M | S30: M | T30: M
B31: Rilascio licenze e autorizzazioni di pubblica sicurezza | C31: Rilascio licenze e autorizzazioni di pubblica sicurezza | E31: M | F31: B | G31: B | H31: M | I31: M | J31: B | K31: B | L31: B | M31: B | N31: M | O31: B | P31: B | Q31: B | R31: M | S31: B | T31: B
B32: Rilascio di nulla osta e/o altre autorizzazione e/o licenza e/o concessione di competenza dell'Amministrazione comunale | C32: Rilascio di nulla osta e/o altre autorizzazione e/o licenza e/o concessione di competenza dell'Amministrazione comunale | E32: A | F32: A | G32: B | H32: B | I32: M | J32: B | K32: B | L32: B | M32: B | N32: M | O32: B | P32: B | Q32: B | R32: B | S32: B | T32: B
A33: CONTROLLI VERIFICHE ISPEZIONI SANZIONI | B33: CONTROLLI VERIFICHE ISPEZIONI SANZIONI | C33: Attività di controllo gestione rifiuti abbandonati o pericolosi | E33: M | F33: A | G33: B | I33: M | K33: B | L33: B | M33: B | T33: M
C34: Attività sanzionatorie, ablative o restrittive di diritti (multe, ammende, sanzioni,) | E34: M | F34: A | G34: B | I34: M | K34: B | L34: B | M34: B | T34: M
C35: Ricorsi ai verbali codice della strada | E35: A | F35: A | G35: B | I35: M | K35: B | L35: B | M35: B | T35: M
C36: Risposte rilascio atti su segnalazioni codice della strada | E36: M | F36: B | G36: B | I36: M | K36: B | L36: B | M36: B | T36: M
C37: Controlli sull'abusivismo edilizio | E37: A | F37: A | G37: B | I37: M | K37: B | L37: B | M37: B | T37: M
C38: Controlli commerciali | E38: A | F38: A | G38: B | I38: M | K38: B | L38: B | M38: B | T38: M
C39: Segnalazioni certificate di agibilità | E39: A | F39: M | G39: B | I39: M | K39: B | L39: B | M39: B | T39: M
C40: Ammissioni a servizi/benefici erogati dall’ente all'utenza (tesserini, parcheggi invalidi, ecc.) | E40: A | F40: M | G40: B | I40: M | K40: B | L40: B | M40: B | T40: M
C41: Attestazioni di regolarità di soggiorno | E41: A | F41: M | G41: B | I41: M | K41: B | L41: B | M41: B | T41: M
C42: Registrazioni demografiche (cittadinanza, nascita, morte, matrimoni, residenza) | E42: M | F42: A | G42: B | I42: M | K42: B | L42: B | M42: B | T42: M
A43: GESTIONE DEL TERRITORIO | B43: PIANIFICAZIONE DI INIZIATIVA PUBBLICA | C43: VARIANTI AGLI STRUMENTI URBANISTICI VIGENTI | E43: A | F43: A | G43: B | I43: M | K43: B | L43: B | M43: B | T43: M
C44: PIANIFICAZIONE GENERALE | E44: A | F44: A | G44: B | I44: M | K44: B | L44: B | M44: B | T44: M
C45: PIANIFICAZIONE ATTUATIVA | E45: A | F45: A | G45: B | I45: M | K45: B | L45: B | M45: B | T45: M
B46: PIANIFICAZIONE DI INIZIATIVA PRIVATA | C46: PIANI DI LOTTIZZAZIONE PRIVATA ED ALTRE PIANIFICAZIONI ATTUATIVE | E46: A | F46: A | G46: B | I46: M | K46: B | L46: B | M46: B | T46: M
C47: ESECUZIONE DELLE OPERE DI URBANIZZAZIONE | E47: A | F47: A | G47: B | I47: M | K47: B | L47: B | M47: B | T47: M
A48: PROCESSI AD ELEVATO RISCHIO | B48: Affidamento incarichi di collaborazione e consulenza | C48: Affidamento incarichi di collaborazione e consulenza | E48: A | F48: A | G48: B | H48: M | I48: M | J48: A | K48: B | L48: B | M48: B | N48: A | O48: B | P48: A | Q48: M | R48: A | S48: A | T48: M
B49: Partecipazione in enti terzi | C49: Partecipazione in enti terzi | E49: A | F49: A | G49: B | H49: M | I49: M | J49: M | K49: B | L49: B | M49: M | N49: A | O49: B | P49: B | Q49: M | R49: A | S49: M | T49: M
B50: Gestione dei beni patrimoniali e demaniali | C50: Utilizzo dei beni comunali | E50: M | F50: A | G50: B | H50: A | I50: A | J50: M | K50: A | L50: B | M50: B | N50: A | O50: A | P50: B | Q50: M | R50: A | S50: A | T50: M
C51: Canoni di locazione passivi e attivi | E51: A | F51: A | G51: B | H51: B | I51: M | J51: M | K51: B | L51: B | M51: B | N51: A | O51: M | P51: M | Q51: M | R51: M | S51: M | T51: M
C52: Concessione in uso e gestione di immobili comunali o aree pubbliche per lo svolgimento di specifiche attività (compresi impianti sportivi) | E52: A | F52: A | G52: B | H52: M | I52: M | J52: M | K52: B | L52: B | M52: B | N52: M | O52: M | P52: M | Q52: M | R52: M | S52: M | T52: M
B53: Provvedimenti di Spesa | C53: Provvedimenti di spesa / Pagamenti verso l'esterno | E53: A | F53: B | G53: A | H53: A | I53: M | J53: M | K53: A | L53: M | M53: B | N53: A | O53: A | P53: A | Q53: A | R53: A | S53: A | T53: M
B54: Ambiente | C54: Servizio di raccolta Rifiuti Solidi Urbani | E54: A | F54: M | G54: B | H54: A | I54: M | J54: M | K54: M | L54: M | M54: B | N54: A | O54: A | P54: A | Q54: A | R54: A | S54: A | T54: M

Sheet CONTRATTI PUBBLICI
A1: AREA DI RISCHIO: CONTRATTI PUBBLICI
A2: Mappatura PROCESSI - ATTIVITA' | C2: REGISTRO RISCHI: Identificazione, analisi e valutazione del rischio corruttivo | E2: Trattamento del Rischio | K2: Monitoraggio
A3: PROCESSI | B3: ATTIVITA' | C3: EVENTI RISCHIOSI | D3: VALUTAZIONE COMPLESSIVA DEL RISCHIO | E3: MISURE SPECIFICHE IN ESSERE | F3: MISURE GENERALI E SPECIFICHE DA ATTUARE | G3: TEMPI DI ATTUAZIONE | H3: INDICATORI DI ATTUAZIONE | I3: TARGET | J3: SOGGETTO RESPONSABILE DELLA MISURA | K3: PROGRAMMAZIONE DEL MONITORAGGIO V. § 5.1 e § 5.2 del PNA 2022. | L3: FREQUENZA DEL MONITORAGGIO V. § 5.1 e § 5.2 del PNA 2022. | M3: MONITORAGGIO (STATO di ATTUAZIONE MISURE) | N3: NOTE in caso di criticità nel monitoraggio
A4: PROGRAMMAZIONE | B4: INDIVIDUAZIONE DEL FABBISOGNO | C4: 1. Alterazioni nella definizione dei fabbisogni per premiare interessi particolari 2. Alterazioni nella definizione dei fabbisogni al fine di configurare motivi a sostegno di affidamenti diretti / procedure negoziate 3. Possibile alterazione dei valori stimati per gli affidamenti, con conseguente frazionamento, al fine di non superare le soglie di cui all'art. 14 del dl.vo 36/2023 o del valore stimato e/o frazionamento della concessione effettuata con l’intenzione di escludere tale concessione dall’ambito di applicazione del codice. | D4: ='Valutaz Rischio ENTE'!$T$6 -> B | E4: Audit interni su fabbisogno e/o adozione di procedure tracciate per la rilevazione dei fabbisogni (evento 1 e 2) | G4: ANNUALE | H4: n. di unità organizzative invitate al confronto/totale delle unità organizzative presenti | I4: >80 | J4: Tutti i Responsabili | K4: OGNI ANNO | L4: ANNUALE | M4: In alternativa: a) tra 80 e 100 % b) tra 50 e 80% c) tra 0 e 50% | N4: In caso di opzione B e C illustrare le criticità riscontrate e come si intende risolverle
D5: ='Valutaz Rischio ENTE'!$T$6 -> B | E5: Condivisione delle scelte di approvvigionamento con procedura formale (evento 1, 2, 3) | G5: ANNUALE | H5: n. di atti corredati dalla motivazione/totale atti adottati | I5: >80 | J5: Tutti i Responsabili | K5: OGNI ANNO | L5: ANNUALE | M5: In alternativa: a) tra 80 e 100 % b) tra 50 e 80% c) tra 0 e 50% | N5: In caso di opzione B e C illustrare le criticità riscontrate e come si intende risolverle
D6: ='Valutaz Rischio ENTE'!$T$6 -> B | E6: Predeterminazione dei criteri di priorità nell'individuazione dei fabbisogni (evento 1 e 2) | G6: ANNUALE | H6: Presenza di criteri predeterminati (si/no) | I6: Sì | J6: Tutti i Responsabili | K6: OGNI ANNO | L6: ANNUALE | M6: In alternativa: a) si b) no | N6: In caso di opzione B illustrare le criticità riscontrate e come si intende risolverle
D7: ='Valutaz Rischio ENTE'!$T$6 -> B | E7: Obbligo di documentare il calcolo del valore stimato del contratto ovvero della concessione da affidare (evento 3) | G7: ANNUALE | H7: n. di atti corredati dalla motivazione/totale atti adottati | I7: >80 | J7: Tutti i Responsabili | K7: OGNI ANNO | L7: ANNUALE | M7: In alternativa: a) tra 80 e 100 % b) tra 50 e 80% c) tra 0 e 50% | N7: In caso di opzione B e C illustrare le criticità riscontrate e come si intende risolverle
D8: ='Valutaz Rischio ENTE'!$T$6 -> B | E8: Programmazione annuale degli affidamenti diretti (eventi 1,2,3) | G8: ENTRO IL 31 GENNAIO DI OGNI ANNO | H8: Adozione di un programma annuale degli affidamenti diretti (SI/NO) | I8: Sì | J8: Tutti i Responsabili | K8: OGNI ANNO | L8: ANNUALE | M8: In alternativa: a) si b) no | N8: In caso di opzione B illustrare le criticità riscontrate e come si intende risolverle
A9: PROGETTAZIONE | B9: PREDISPOSIZIONE DEGLI ATTI DI GARA | C9: 1. Scelta della strategia di acquisizione in elusione delle regole di affidamento del contratto (ad esempio, concessione in luogo di appalto o procedure negoziate e affidamenti diretti tesi a selezionare uno specifico operatore, scelte tecniche finalizzate a restringere la concorrenza) 2. Artificioso allungamento dei tempi di progettazione della gara al fine di creare la condizione di urgenza . 3. Affidamenti diretti per estrema urgenza in mancanza dei presupposti di legge (Ad esempio quando l’estrema urgenza non deriva da eventi imprevedibili ed è invece imputabile alla stazione appaltante). 4. Rivelazione di informazioni riservate, tese a favorire operatori economici, in fase anticipata alla pubblicazione dei documenti di gara. 5.Gestione del conflitto di interessi in fase di progettazione dell'affidamento | D9: ='Valutaz Rischio ENTE'!$T$7 -> M | E9: Obbligo di motivazione sulla scelta del sistema di affidamento (in particolare in caso di affidamenti diretti per estrema urgenza) (evento 1, 2, 3) | G9: in occasione di ogni procedura | H9: n. di atti corredati dalla motivazione/totale atti adottati | I9: >80 | J9: RUP | K9: OGNI ANNO | L9: ANNUALE | M9: In alternativa: a) tra 80 e 100 % b) tra 50 e 80% c) tra 0 e 50% | N9: In caso di opzione B e C illustrare le criticità riscontrate e come si intende risolverle
D10: ='Valutaz Rischio ENTE'!$T$7 -> M | E10: Controllo periodico e monitoraggio dei tempi programmati anche mediante sistemi di controllo interno di gestione in ordine alle future scadenze contrattuali (evento 2, 3) | G10: ogni semestre | H10: n. contratti oggetto di monitoraggio/n. contratti in esecuzione | I10: >80 | J10: RUP | K10: OGNI ANNO | L10: ANNUALE | M10: In alternativa: a) tra 80 e 100 % b) tra 50 e 80% c) tra 0 e 50% | N10: In caso di opzione B e C illustrare le criticità riscontrate e come si intende risolverle
D11: ='Valutaz Rischio ENTE'!$T$7 -> M | E11: Sottoscrizione da parte dei soggetti coinvolti nella redazione della documentazione di gara di una dichiarazione di riservatezza sulla non divulgazione di informazioni inerenti la procedura (evento 4, 5) | G11: al momento dell'assegnazione del funzionario all'ufficio gare o all'ufficio diverso dall'ufficio gare che predispone la documentazione | H11: n. di dichiarazioni sulla riservatezza rilasciate/totale dei soggetti coinvolti nella redazione della documentazione di gara | I11: >80 | J11: RUP | K11: OGNI ANNO | L11: ANNUALE | M11: In alternativa: a) tra 80 e 100 % b) tra 50 e 80% c) tra 0 e 50% | N11: In caso di opzione B e C illustrare le criticità riscontrate e come si intende risolverle
D12: ='Valutaz Rischio ENTE'!$T$7 -> M | E12: Acquisizione dichiarazioni dei soggetti incaricatio della progettazione circa i rapporti di assiduità con operatori del settore di riferiferimento dell'affidamento. (evento 4, 5) | G12: al momento dell'assegnazione del funzionario all'ufficio gare o all'ufficio diverso dall'ufficio gare che predispone la documentazione | H12: n. dichiarazioni rilasciate/n. soggetti incaricati della progettazione | I12: >80 | J12: RUP | K12: OGNI ANNO | L12: ANNUALE | M12: In alternativa: a) tra 80 e 100 % b) tra 50 e 80% c) tra 0 e 50% | N12: In caso di opzione B e C illustrare le criticità riscontrate e come si intende risolverle
C13: 1. Ricorso a proroghe e rinnovi non consentiti e/o in assenza dei presupposti. 2. Ricorso a rinnovo tacito, ovvero il rinnovo effettuato senza emanazione di un provvedimento espresso, inammissibile nel nostro ordinamento 3. Ricorso a proroghe della concessione non giustificate e al di fuori dei casi in cui è consentita nei documenti di gara e per legge (art. 178 d.lgs. 36/2023) | D13: ='Valutaz Rischio ENTE'!$T$7 -> M | E13: Monitoraggio periodico delle scadenze contrattuali, con previsione di comunicazioni periodiche al RPCT (eventi 1,2,3) | G13: semestrale | H13: 1. n. di contratti oggetto di monitoraggio/n. di contratti in esecuzione | I13: >80 | J13: RUP | K13: OGNI ANNO | L13: ANNUALE | M13: In alternativa: a) tra 80 e 100 % b) tra 50 e 80% c) tra 0 e 50% | N13: In caso di opzione B e C illustrare le criticità riscontrate e come si intende risolverle
D14: ='Valutaz Rischio ENTE'!$T$7 -> M | E14: Espressa previsione dell'opzione di rinnovo nei documenti di gara con conseguente calcolo dell'importo a base di gara del contratto che comprenda anche il rinnovo (eventi 1,2) | G14: in occasione di ogni procedura | H14: n. di contratti recante l'opzione di rinnovo/totale contratti stipulati | I14: >80 | J14: RUP | K14: OGNI ANNO | L14: ANNUALE | M14: In alternativa: a) tra 80 e 100 % b) tra 50 e 80% c) tra 0 e 50% | N14: In caso di opzione B e C illustrare le criticità riscontrate e come si intende risolverle
D15: ='Valutaz Rischio ENTE'!$T$7 -> M | E15: Verifiche sulla esistenza di una adeguata motivazione per il ricorso a proroghe della concessione e sul rispetto dei presupposti di legge (evento 3) | G15: in occasione di ogni procedura | H15: verifiche sul rispetto dei presupposti di legge (si/no) | I15: Sì | J15: RUP | K15: OGNI ANNO | L15: ANNUALE | M15: In alternativa: a) si b) no | N15: In caso di opzione B illustrare le criticità riscontrate e come si intende risolverle
C16: 1. Fissazione di criteri di aggiudicazione da parte dell’ente concedente non pertinenti o inidonei all'oggetto della concessione. 2. Fissazione di requisiti discriminatori e sproporzionati all'oggetto della concessione e non correlati alla necessità di garantire la capacità del concessionario di eseguire la concessione. | D16: ='Valutaz Rischio ENTE'!$T$7 -> M | E16: Controlli incrociati a campione da parte di RUP e RPCT sui criteri fissati nella determina a contrarre, nel bando o atto equivalente | G16: a campione | H16: n. controlli sui criteri/n. procedure svolte | I16: >80 | J16: RUP | K16: OGNI ANNO | L16: ANNUALE | M16: In alternativa: a) tra 80 e 100 % b) tra 50 e 80% c) tra 0 e 50% | N16: In caso di opzione B e C illustrare le criticità riscontrate e come si intende risolverle
C17: Nel Project financing, disposizioni del bando che limitano la presentazione di offerte concorrenziali ulteriori rispetto a quella del promotoree con conseguente radicarsi di una posizione di monopolio di quest'ultimo (art. 183, comma 15 dlgs 36.2023) (CFr. Comunicato ANAC del 12 gennaio 2022) | D17: ='Valutaz Rischio ENTE'!$T$7 -> M | E17: 1. Valutazione circa l'introduzione di migliorie al progetto presentato dal promotore, da valutare con il criterio di aggiudicazione dell'OEV in modo da garantire maggiore competitività tra gli operatori | G17: in occasione di ogni procedura | H17: 1. migliorie apportate al progetto (si/no) | I17: Sì | J17: RUP | K17: OGNI ANNO | L17: ANNUALE | M17: In alternativa: a) si b) no | N17: In caso di opzione B illustrare le criticità riscontrate e come si intende risolverle
D18: ='Valutaz Rischio ENTE'!$T$7 -> M | E18: 2. Verifica dell'assolvimento degli obblighi di pubblicazione da parte del RPCT. | G18: in occasione di ogni procedura | H18: 2. verifiche svolte sull'assolvimento obblighi trasparenza (si/no) | I18: Sì | J18: RUP | K18: OGNI ANNO | L18: ANNUALE | M18: In alternativa: a) si b) no | N18: In caso di opzione B illustrare le criticità riscontrate e come si intende risolverle
C19: 1. Limitazione della concorrenza e agevolazione di determinati concorrenti mediante richiesta di requisiti di partecipazione o di requisiti tecnico-economici non giustificati e adeguati (es. clausole dei bandi che stabiliscono requisiti di qualificazione - cfr. Delibera ANAC n. 1142/2018). 2. Affidamenti diretti “per assenza di concorrenza per motivi tecnici” (da intendersi come esistenza nel mercato di un unico operatore economico grado di fornire la prestazione di cui la SA ha bisogno) svolti in mancanza dei presupposti 3. Predisposizione di clausole contrattuali dal contenuto vago o vessatorio per disincentivare la partecipazione alla gara ovvero per consentire modifiche in fase di esecuzione 4. Formulazione nel capitolato di criteri di valutazione dell'offerta tecnica ed economica tesa ad avvantaggiare un fornitore, ad esempio il fornitore uscente per il configurarsi di asimmetrie informative 5. Irregolarità commesse da CUC o altri enti terzi che affidano appalti e concessioni per conto dell'amministrazione | D19: ='Valutaz Rischio ENTE'!$T$7 -> M | E19: 1. Obbligo di motivazione negli atti di gara sui requisiti richiesti per la partecipazione alla gara / per l'esecuzione dell'appalto /criteri di valutazione e attribuzione di punteggi, con particolare riferimento alle ipotesi di affidamenti diretti "per assenza di concorrenza per motivi tecnici", anche attraverso la previa consultazione del mercato di riferimento, con verifica che tale assenza non sia frutto di limitazioni artificiose dei parametri dell’appalto, ovvero di errate interpretazioni della norma. (eventi 1,2,3,4) | G19: in occasione di ogni procedura | H19: 1. n. di atti corredati dalla motivazione/totale atti adottati | I19: >80 | J19: RUP | K19: OGNI ANNO | L19: ANNUALE | M19: In alternativa: a) tra 80 e 100 % b) tra 50 e 80% c) tra 0 e 50% | N19: In caso di opzione B e C illustrare le criticità riscontrate e come si intende risolverle
D20: ='Valutaz Rischio ENTE'!$T$7 -> M | E20: 2. Verifica in ordine agli atti di gara predisposti dall'ente terzo. (Evento 5) | G20: in occasione di ogni procedura | H20: 2. % atti di gara esaminati | I20: >80 | J20: RUP | K20: OGNI ANNO | L20: ANNUALE | M20: In alternativa: a) tra 80 e 100 % b) tra 50 e 80% c) tra 0 e 50% | N20: In caso di opzione B e C illustrare le criticità riscontrate e come si intende risolverle
A21: AFFIDAMENTO DI LAVORI, SERVIZI E FORNITURE | B21: SELEZIONE DEL CONTRAENTE | C21: Valutazione errata della congruità dell'offerta cause riconducibili, a mero titolo esemplificativo, a: - utilizzo di metodi impropri per l'attribuzione dei punteggi; - applicazione distorta dei suddetti criteri. | D21: ='Valutaz Rischio ENTE'!$T$8 -> M | E21: tracciabilità della motivazione nei verbali della commissione o dell'organo incaricato della valutazione dell'offerta. | G21: in occasione di ogni procedura | H21: n. di verbali corredati dalla motivazione/totale verbali redatti | I21: >80 | J21: RUP | K21: OGNI ANNO | L21: ANNUALE | M21: In alternativa: a) tra 80 e 100 % b) tra 50 e 80% c) tra 0 e 50% | N21: In caso di opzione B e C illustrare le criticità riscontrate e come si intende risolverle
C22: Mancata esclusione delle offerte anomale nelle ipotesi disciplinate dal'art. 54 dlgs. 36/2023 | D22: ='Valutaz Rischio ENTE'!$T$8 -> M | E22: tracciabilità della stima della soglia di anomalia nei verbali della commissione o dell'organo incaricato della valutazione dell'offerta. | G22: in occasione di ogni procedura | H22: n. di verbali contenenti la stima della soglia di anomalia/totale verbali redatti | I22: >80 | J22: RUP | K22: OGNI ANNO | L22: ANNUALE | M22: In alternativa: a) tra 80 e 100 % b) tra 50 e 80% c) tra 0 e 50% | N22: In caso di opzione B e C illustrare le criticità riscontrate e come si intende risolverle
C23: Irregolarità commesse da CUC o altri enti terzi che affidano appalti e concessioni per conto dell'amministrazione | D23: ='Valutaz Rischio ENTE'!$T$8 -> M | E23: esame dei verbali redatti dalla commissione di gara | G23: in occasione di ogni procedura | H23: % verbali esaminati | I23: >80 | J23: RUP | K23: OGNI ANNO | L23: ANNUALE | M23: In alternativa: a) tra 80 e 100 % b) tra 50 e 80% c) tra 0 e 50% | N23: In caso di opzione B e C illustrare le criticità riscontrate e come si intende risolverle
C24: Erronea gestione delle offerte anormalmente basse nelle ipotesi di cui all'art. 110 dlgs. 36/2023 | D24: ='Valutaz Rischio ENTE'!$T$8 -> M | E24: tracciabilità della valutazione delle giustificazioni (nei casi previsti) dell'offerta anomala con riferimento agli elementi specifici indicati nei documenti di gara. | G24: in occasione di ogni procedura | H24: Presenza della motivazione (si/no) | I24: Sì | J24: RUP | K24: OGNI ANNO | L24: ANNUALE | M24: In alternativa: a) si b) no | N24: In caso di opzione B illustrare le criticità riscontrate e come si intende risolverle
C25: Carenza in organico nei comuni con popolazione inferiore a cinquemila abitanti di figure idonee a ricoprire le funzioni di RUP o di responsabile di Area tecnica e affidamento di tali funzioni a titolari di incarichi politici ai sensi dell'art. 53, co. 23 l. 388/2000 (Delibera ANAC n.291/2023) | D25: ='Valutaz Rischio ENTE'!$T$8 -> M | E25: 1. Previsione della doppia firma sull’atto di aggiudicazione di un contratto pubblico nelle ipotesi in cui Sindaco o componente di Giunta svolga le funzioni di responsabile di ufficio Tecnico o RUP e ravvisi di trovarsi in una situazione di conflitto di interessi con riferimento a una specifica procedura | G25: in occasione di ogni procedura | H25: 1. n. di contratti con doppia firma/contratti siglati | I25: >80 | J25: RUP | K25: OGNI ANNO | L25: ANNUALE | M25: In alternativa: a) tra 80 e 100 % b) tra 50 e 80% c) tra 0 e 50% | N25: In caso di opzione B e C illustrare le criticità riscontrate e come si intende risolverle
D26: ='Valutaz Rischio ENTE'!$T$8 -> M | E26: 2. Rilascio di dichiarazione per ogni singola gara da parte del Sindaco o componente di Giunta nelle ipotesi in cui svolga le funzioni di responsabile di ufficio Tecnico o RUP | G26: in occasione di ogni procedura | H26: 2. n. dichiarazioni rilasciate/n. incarichi tecnici affidati a componenti organo d'indirizzo politico | I26: >80 | J26: RUP | K26: OGNI ANNO | L26: ANNUALE | M26: In alternativa: a) tra 80 e 100 % b) tra 50 e 80% c) tra 0 e 50% | N26: In caso di opzione B e C illustrare le criticità riscontrate e come si intende risolverle
D27: ='Valutaz Rischio ENTE'!$T$8 -> M | E27: 3. Rotazione tra i componenti della medesima Giunta dell'incarico di RUP | G27: in occasione di ogni procedura | H27: Applicazione della rotazione (si/no) | I27: Sì | J27: RUP | K27: OGNI ANNO | L27: ANNUALE | M27: In alternativa: a) si b) no | N27: In caso di opzione B illustrare le criticità riscontrate e come si intende risolverle
C28: Impossibilità di rotare il responsabile di Area tecnica per carenza in organico di altra figura idonea a ricoprire tali posizione | D28: ='Valutaz Rischio ENTE'!$T$8 -> M | E28: Condivisione delle informazioni relative allo stato della procedura con tutto il personale assegnato all'area tecnica nell'ambito di riunioni periodiche da calendarizzare preventivamente | G28: 1. in occasione di ogni procedura | H28: 1. n. di riunioni svolte/tiotale riunioni calendarizzate | I28: >80 | J28: RUP | K28: OGNI ANNO | L28: ANNUALE | M28: In alternativa: a) tra 80 e 100 % b) tra 50 e 80% c) tra 0 e 50% | N28: In caso di opzione B e C illustrare le criticità riscontrate e come si intende risolverle
D29: ='Valutaz Rischio ENTE'!$T$8 -> M | E29: Svolgimento delle attività da parte di almeno due risorse in caso di affidamenti sopra soglia | G29: 2. in occasione di ogni procedura al di sopra delle soglie comunitarie | H29: 2. assegnazione di almeno 2 risorse alle attività (si/no) | I29: Sì | J29: RUP | K29: OGNI ANNO | L29: ANNUALE | M29: In alternativa: a) si b) no | N29: In caso di opzione B illustrare le criticità riscontrate e come si intende risolverle
C30: Inadeguata gestione del conflitto di interessi nelle procedure di affidamento | D30: ='Valutaz Rischio ENTE'!$T$8 -> M | E30: Rilascio di dichiarazione al momento dell’assegnazione all’ufficio o dell’attribuzione dell’incarico ed ogni volta che ci si trovi in una situazione di conflitto di interessi, anche potenziale, rispetto alla specifica procedura di gara e alle circostanze conosciute. | G30: al momento dell'assegnazione all'ufficio o dell'attribuzione dell'incarico | H30: 1. Rilascio della dichiarazione (si/no) | I30: Sì | J30: RUP | K30: OGNI ANNO | L30: ANNUALE | M30: In alternativa: a) si b) no | N30: In caso di opzione B illustrare le criticità riscontrate e come si intende risolverle
D31: ='Valutaz Rischio ENTE'!$T$8 -> M | E31: Rilascio di dichiarazione per ogni singola gara da parte del RUP e dei commissari di gara. | G31: al momento dell'assegnazione all'ufficio o dell'attribuzione dell'incarico | H31: 2. n. di dichiarazioni rilasciate/n. RUP e Commissari nominati | I31: >80 | J31: RUP | K31: OGNI ANNO | L31: ANNUALE | M31: In alternativa: a) tra 80 e 100 % b) tra 50 e 80% c) tra 0 e 50% | N31: In caso di opzione B e C illustrare le criticità riscontrate e come si intende risolverle
D32: ='Valutaz Rischio ENTE'!$T$8 -> M | E32: Individuazione dei criteri di rotazione nella nomina del RUP. | G32: al momento dell'assegnazione all'ufficio o dell'attribuzione dell'incarico | H32: 3. Invividuazione dei criteri di rotazione (si/no) | I32: Sì | J32: RUP | K32: OGNI ANNO | L32: ANNUALE | M32: In alternativa: a) si b) no | N32: In caso di opzione B illustrare le criticità riscontrate e come si intende risolverle
D33: ='Valutaz Rischio ENTE'!$T$8 -> M | E33: Inserimento, nei protocolli di legalità e/o nei patti di integrità, di specifiche prescrizioni a carico dei concorrenti e dei soggetti affidatari, ai quali si richiede la preventiva dichiarazione della insussistenza di rapporti di parentela o di familiarità con i soggetti che hanno partecipato alla definizione della procedura di gara e la comunicazione di qualsiasi conflitto di interessi che insorga successivamente. | G33: al momento dell'assegnazione all'ufficio o dell'attribuzione dell'incarico | H33: 4. n. protocolli di legalità e/o patti di integrità in cui è inserito l'obbligo di dichiarazione/n. protocolli e patti siglati | I33: >80 | J33: RUP | K33: OGNI ANNO | L33: ANNUALE | M33: In alternativa: a) tra 80 e 100 % b) tra 50 e 80% c) tra 0 e 50% | N33: In caso di opzione B e C illustrare le criticità riscontrate e come si intende risolverle
D34: ='Valutaz Rischio ENTE'!$T$8 -> M | E34: Previsione, nei protocolli di legalità e/o nei patti di integrità, di sanzioni a carico dell’operatore economico, sia in veste di concorrente che di aggiudicatario, nel caso di violazione degli impegni sottoscritti, secondo la gravità della violazione accertata e la fase in cui la violazione è posta in essere, oltre che nel rispetto del principio di proporzionalità; | G34: al momento dell'assegnazione all'ufficio o dell'attribuzione dell'incarico | H34: 5. n. protocolli di legalità e/o patti di integrità in cui è stata prevista la sanzione/n. protocolli e patti siglati | I34: >80 | J34: RUP | K34: OGNI ANNO | L34: ANNUALE | M34: In alternativa: a) tra 80 e 100 % b) tra 50 e 80% c) tra 0 e 50% | N34: In caso di opzione B e C illustrare le criticità riscontrate e come si intende risolverle
C35: Creazione di accordi tra imprese che intervengono nella competizione al solo fine di presentare offerte artificiosamente basse, in modo da occupare tutti i posizionamenti anomali e consentire, all’impresa che si intende favorire, l’aggiudicazione dell’appalto a un prezzo leggermente al di sopra della soglia di anomalia così falsata. | D35: ='Valutaz Rischio ENTE'!$T$8 -> M | E35: Controlli a campione in fase di valutazione dell'anomalia alla luce delle indicazioni fornite da ANAC per l'ipotesi prevista dall'art. 95, comma 1, lett. d) dlgs 36/2023 | G35: ogni semestre | H35: n. procedure di valutazione delle offerte verificate/n. procedure di valutazione delle offerte svolte nel semestre di riferimento | I35: >80 | J35: RUP | K35: OGNI ANNO | L35: ANNUALE | M35: In alternativa: a) tra 80 e 100 % b) tra 50 e 80% c) tra 0 e 50% | N35: In caso di opzione B e C illustrare le criticità riscontrate e come si intende risolverle
D36: ='Valutaz Rischio ENTE'!$T$8 -> M | E36: Nel caso in cui sia ipotizzabile la sussistenza della fattispecie di cui all'art. 95, comma 1 let. d) dlgs 36/2023, adeguata formalizzazione nei verbali o in altro atto delle specifiche verifiche espletate per escludere la rilevanza degli indizi rilevati | G36: in occasione di ogni procedura in cui si ipotizzi la fattisepcie di cui all'art. 95 comma 1 let. d) dlgs 36/2023 | H36: Presenza formalizzazione verifiche nei verbali di gara (si/no) | I36: Sì | J36: RUP | K36: OGNI ANNO | L36: ANNUALE | M36: In alternativa: a) si b) no | N36: In caso di opzione B illustrare le criticità riscontrate e come si intende risolverle
C37: Affidamenti diretti ripetuti dei servizi di ingegneria o architettura al medesimo soggetto, iscritto in apposito albo/elenco tenuto dalla stazione appaltante che abbia rapporti di parentela o conoscenza con dipendenti dell'ufficio tecnico | D37: ='Valutaz Rischio ENTE'!$T$8 -> M | E37: Adozione di una direttiva, in base alla quale l’individuazione nell’ambito dell’elenco a disposizione della stazione appaltante avvenga sempre mediante sorteggio, fermo restando il rispetto del principio di rotazione. | G37: in occasione di ogni procedura di affidamento diretto di servizi di architettura e ingegneria | H37: 1. Adozione della direttiva (si/no) | I37: Sì | J37: RUP | K37: OGNI ANNO | L37: ANNUALE | M37: In alternativa: a) si b) no | N37: In caso di opzione B illustrare le criticità riscontrate e come si intende risolverle
D38: ='Valutaz Rischio ENTE'!$T$8 -> M | E38: Pubblicazione di avviso per manifestazione di interesse. | H38: Avvisi di minifestazioni d'interesse pubblicate/totale affidamenti diretti servizi di ingegneria e architettura | I38: >80 | J38: RUP | K38: OGNI ANNO | L38: ANNUALE | M38: In alternativa: a) tra 80 e 100 % b) tra 50 e 80% c) tra 0 e 50% | N38: In caso di opzione B e C illustrare le criticità riscontrate e come si intende risolverle
C39: Omessa motivazione o motivazione insufficiente in merito alle condizioni previste dall’art. 7 del d.lgs. 36/2023 per la legittimità dell’affidamento (ossia indicazione dei vantaggi per la collettività, delle connesse esternalità e della congruità economica della prestazione da affidare in house, anche in relazione al perseguimento di obiettivi di universalità, socialità, efficienza, economicità, qualità della prestazione, celerità del procedimento e razionale impiego di risorse pubbliche) | D39: ='Valutaz Rischio ENTE'!$T$8 -> M | E39: Obbligo di motivazione sul contesto concreto e attuale al momento dell'affidamento e in particolare sui lavori servizi e forniture offerti nel medesimo ambito territoriale, e sui prezzi medi praticati per le medesime prestazioni o per prestazioni analoghe. | G39: in occasione di ogni procedura con affidamento in house | H39: n. di affidamenti diretti motivati/totale affidamenti diretti | I39: >80 | J39: RUP | K39: OGNI ANNO | L39: ANNUALE | M39: In alternativa: a) tra 80 e 100 % b) tra 50 e 80% c) tra 0 e 50% | N39: In caso di opzione B e C illustrare le criticità riscontrate e come si intende risolverle
D40: ='Valutaz Rischio ENTE'!$T$8 -> M | E40: Programmazione annuale degli affidamenti diretti | G40: entro il 31 gennaio di ogni anno | H40: Adozione di un programma annuale degli affidamenti diretti (SI/NO) | I40: Sì | J40: RUP | K40: OGNI ANNO | L40: ANNUALE | M40: In alternativa: a) si b) no | N40: In caso di opzione B illustrare le criticità riscontrate e come si intende risolverle
D41: ='Valutaz Rischio ENTE'!$T$8 -> M | E41: Comparazione costi ad es. tramite prezzi di riferimento ANAC, ove esistenti, e BDNCP con riferimento a gare bandite su zone limitrofe. | G41: in occasione di ogni procedura con affidamento in house | H41: 2. n. di affidamenti per i quali è stata svolta la comparazione dei costi/n. totale affidamenti | I41: >80 | J41: RUP | K41: OGNI ANNO | L41: ANNUALE | M41: In alternativa: a) tra 80 e 100 % b) tra 50 e 80% c) tra 0 e 50% | N41: In caso di opzione B e C illustrare le criticità riscontrate e come si intende risolverle
B42: AGGIUDICAZIONE | C42: 1. Alterazione o omissione dei controlli e delle verifiche al fine di favorire un aggiudicatario privo dei requisiti. 2. Alterazione del contenuto delle verifiche per pretermettere l’aggiudicatario e favorire gli operatori economici che seguono nella graduatoria 3. Irregolarità commesse da CUC o altri enti terzi che affidano appalti e concessioni per conto dell'amministrazione | D42: ='Valutaz Rischio ENTE'!$T$9 -> M | E42: 1. Predisposizione di una check list di controllo sul rispetto degli adempimenti e formalità di comunicazione previsti dal Codice. (eventi 1,2) | G42: entro ….. (data fissata dalla SA) | H42: 1. Predisposizione di una check list (si/no) | I42: Sì | J42: RUP | K42: OGNI ANNO | L42: ANNUALE | M42: In alternativa: a) si b) no | N42: In caso di opzione B illustrare le criticità riscontrate e come si intende risolverle
D43: ='Valutaz Rischio ENTE'!$T$9 -> M | E43: 2. Resoconto sulle verifiche svolte dall'ente terzo per l'aggiudicazione (evento 3) | G43: entro ….. (data fissata dalla SA) | H43: 2. Invio del resoconto da parte dell'ente terzo (si/no) | I43: Sì | J43: RUP | K43: OGNI ANNO | L43: ANNUALE | M43: In alternativa: a) si b) no | N43: In caso di opzione B illustrare le criticità riscontrate e come si intende risolverle
A44: ESECUZIONE DEL CONTRATTO | B44: VERIFICA IN CORSO DI ESECUZIONE | C44: Inadeguata gestione del conflitto di interessi nella fase di esecuzione dell'affidamento | D44: ='Valutaz Rischio ENTE'!$T$10 -> M | E44: Rilascio di dichiarazione al momento dell’assegnazione all’ufficio o dell’attribuzione dell’incarico ed ogni volta che ci si trovi in una situazione di conflitto di interessi, anche potenziale, rispetto alla specifica procedura di gara e alle circostanze conosciute da parte del DL, del DEC, ovvero di altri soggetti con funzioni analoghe che intervengono in fase di esecuzione | G44: al momento dell'attribuzione dell'incarico | H44: 1. Rilascio della dichiarazione (si/no) | I44: Sì | J44: RUP | K44: OGNI ANNO | L44: ANNUALE | M44: In alternativa: a) si b) no | N44: In caso di opzione B illustrare le criticità riscontrate e come si intende risolverle
D45: ='Valutaz Rischio ENTE'!$T$10 -> M | E45: Rilascio di dichiarazione per ogni singola gara da parte del DL, del DEC, ovvero di altri soggetti con funzioni analoghe che intervengono in fase di esecuzione | H45: 2. n. dichiarazioni rilasciate da DL, DEC o altro soggetto confunzioni analoghe/n. DL, DEC o altri soggetti con funzioni analoghe designati | I45: >80 | J45: RUP | K45: OGNI ANNO | L45: ANNUALE | M45: In alternativa: a) tra 80 e 100 % b) tra 50 e 80% c) tra 0 e 50% | N45: In caso di opzione B e C illustrare le criticità riscontrate e come si intende risolverle
D46: ='Valutaz Rischio ENTE'!$T$10 -> M | E46: Individuazione dei criteri di rotazione nella nomina del DL, del DEC, ovvero di altri soggetti con funzioni analoghe che intervengono in fase di esecuzione . | H46: 3. Invividuazione dei criteri di rotazione (si/no) | I46: Sì | J46: RUP | K46: OGNI ANNO | L46: ANNUALE | M46: In alternativa: a) si b) no | N46: In caso di opzione B illustrare le criticità riscontrate e come si intende risolverle
D47: ='Valutaz Rischio ENTE'!$T$10 -> M | E47: Inserimento, nei protocolli di legalità e/o nei patti di integrità, di specifiche prescrizioni a carico dei soggetti affidatari, per richiedere una dichiarazione della insussistenza di rapporti di parentela o di familiarità con i soggetti che intervengono nella fase di esecuzione del contratto e la comunicazione di qualsiasi conflitto di interessi che insorga successivamente; | H47: 4. n. protocolli di legalità e/o patti di integrità in cui è stato inserito l'obbligo di dichiarazione/n. protocolli e patti siglati | I47: >80 | J47: RUP | K47: OGNI ANNO | L47: ANNUALE | M47: In alternativa: a) tra 80 e 100 % b) tra 50 e 80% c) tra 0 e 50% | N47: In caso di opzione B e C illustrare le criticità riscontrate e come si intende risolverle
D48: ='Valutaz Rischio ENTE'!$T$10 -> M | E48: Previsione, nei protocolli di legalità e/o nei patti di integrità, di sanzioni a carico dell’aggiudicatario, nel caso di violazione degli impegni sottoscritti, secondo la gravità della violazione accertata, nel rispetto del principio di proporzionalità; | H48: 5. n. protocolli di legalità e/o patti di integrità in cui è stata prevista la sanzione/n. protocolli e patti siglati | I48: >80 | J48: RUP | K48: OGNI ANNO | L48: ANNUALE | M48: In alternativa: a) tra 80 e 100 % b) tra 50 e 80% c) tra 0 e 50% | N48: In caso di opzione B e C illustrare le criticità riscontrate e come si intende risolverle
C49: Apposizione di riserve generiche | D49: ='Valutaz Rischio ENTE'!$T$10 -> M | E49: Verifica dell'apposizione delle riserve in conformità alle disposizioni di cui all'allegato II.14 del dlgs. 36/2023, anche mediante l'utilizzo di apposite check list | G49: in occasione di ogni procedura | H49: verifica anche tramite check list (si/no) | I49: Sì | J49: RUP | K49: OGNI ANNO | L49: ANNUALE | M49: In alternativa: a) si b) no | N49: In caso di opzione B illustrare le criticità riscontrate e come si intende risolverle
C50: Corresponsione di premi di accelerazione in difformità rispetto alle previsioni del bando/avviso | D50: ='Valutaz Rischio ENTE'!$T$10 -> M | E50: Verifica del rispetto delle disposizioni del bando/avviso prima della liquidazione del premio di accelerazione, anche mediante l'utilizzo di apposite check list | G50: in occasione di ogni procedura | H50: verifica anche tramite check list (si/no) | I50: Sì | J50: RUP | K50: OGNI ANNO | L50: ANNUALE | M50: In alternativa: a) si b) no | N50: In caso di opzione B illustrare le criticità riscontrate e come si intende risolverle
C51: Esecuzione dell’appalto in difformità rispetto a quanto proposto in sede di gare e/o comunque “non a regola d’arte” a causa dell’assenza di adeguati controlli sulla corretta esecuzione delle prestazioni contrattuali in violazione dei principi di economicità, efficacia, qualità della prestazione e correttezza nell’esecuzione dell’appalto. Ciò al fine di favorire l’appaltatore | D51: ='Valutaz Rischio ENTE'!$T$10 -> M | E51: Adozione di circolari esplicative sui controlli sulla corretta esecuzione dell'appalto | G51: entro ….. (data fissata dalla SA) | H51: Adozione di circolari esplicative sui controlli (si/no) | I51: Sì | J51: RUP | K51: OGNI ANNO | L51: ANNUALE | M51: In alternativa: a) si b) no | N51: In caso di opzione B illustrare le criticità riscontrate e come si intende risolverle
D52: ='Valutaz Rischio ENTE'!$T$10 -> M | E52: Verifiche sulla corretta esecuzione della prestazione dedotta in contratto | G52: semestrale | H52: n. di affidamenti per i quali sono emersi criticità a seguito di monitoraggio/totale degli affidamenti | I52: >80 | J52: RUP | K52: OGNI ANNO | L52: ANNUALE | M52: In alternativa: a) tra 80 e 100 % b) tra 50 e 80% c) tra 0 e 50% | N52: In caso di opzione B e C illustrare le criticità riscontrate e come si intende risolverle
C53: Ricorso alla subconcessione da parte del concessionario in assenza dei presupposti di legge | D53: ='Valutaz Rischio ENTE'!$T$10 -> M | E53: Adozione di circolari esplicative recanti anche previsioni comportamentali sugli adempimenti e la disciplina in materia di subconcessione, al fine di indirizzare comportamenti in situazioni analoghe e per individuare quei passaggi procedimentali che possono dar luogo ad incertezze | G53: entro ….. (data fissata dal concedente) | H53: Adozione di circolari esplicative sulle subconcessioni (si/no) | I53: Sì | J53: RUP | K53: OGNI ANNO | L53: ANNUALE | M53: In alternativa: a) si b) no | N53: In caso di opzione B illustrare le criticità riscontrate e come si intende risolverle
C54: Ricorso alla subconcessione da parte del concessionario in assenza dei requisiti da parte del subconcessionario | D54: ='Valutaz Rischio ENTE'!$T$10 -> M | E54: Controlli a campione su base semestrale da parte del concedente sul possesso dei requisiti da parte del subconcessionario | G54: ogni sei mesi | H54: n. di controlli sui requisiti effettuati/n. di subconcessioni in essere | I54: >80 | J54: RUP | K54: OGNI ANNO | L54: ANNUALE | M54: In alternativa: a) tra 80 e 100 % b) tra 50 e 80% c) tra 0 e 50% | N54: In caso di opzione B e C illustrare le criticità riscontrate e come si intende risolverle
C55: Revisione contratto al di fuori delle ipotesi di legge (art. 192 dlgs 36/2023) | D55: ='Valutaz Rischio ENTE'!$T$10 -> M | E55: Verifiche sul rispetto dei presupposti di legge per la revisione del contratto di concessione | G55: semestrale | H55: verifiche sul rispetto dei presupposti di legge (si/no) | I55: Sì | J55: RUP | K55: OGNI ANNO | L55: ANNUALE | M55: In alternativa: a) si b) no | N55: In caso di opzione B illustrare le criticità riscontrate e come si intende risolverle
B56: COLLAUDO | C56: Inadeguata gestione del conflitto di interessi nella fase di collaudo | D56: ='Valutaz Rischio ENTE'!$T$11 -> M | E56: Rilascio di dichiarazione al momento dell’assegnazione dell'incarico | G56: al momento dell'assegnazione all'ufficio o dell'attribuzione dell'incarico | H56: 1. n. dichiarazioni rilasciate/n. collaudatori incaricati | I56: >80 | J56: Tecnico | K56: OGNI ANNO | L56: ANNUALE | M56: In alternativa: a) tra 80 e 100 % b) tra 50 e 80% c) tra 0 e 50% | N56: In caso di opzione B e C illustrare le criticità riscontrate e come si intende risolverle
C57: Individuazione del soggetto tenuto al collaudo in violazione delle indicazioni di cui all'art. 116 dlgs. 36/2023 | D57: ='Valutaz Rischio ENTE'!$T$11 -> M | E57: Verifiche a campione sulle nomine dei collaudatori da parte del RPCT | G57: ogni semestre | H57: n. nomine collaudotori verificate/n. nomine collaudatori totali nel semestre di riferimento | I57: >80 | J57: RPCT | K57: OGNI ANNO | L57: ANNUALE | M57: In alternativa: a) tra 80 e 100 % b) tra 50 e 80% c) tra 0 e 50% | N57: In caso di opzione B e C illustrare le criticità riscontrate e come si intende risolverle

Sheet CONCORSI E SELEZIONI
A1: AREA DI RISCHIO: CONCORSI E PROVE SELETTIVE
A2: Mappatura PROCESSI - ATTIVITA' | C2: REGISTRO RISCHI: Identificazione, analisi e valutazione del rischio corruttivo | E2: Trattamento del Rischio | K2: Monitoraggio
A3: PROCESSI | B3: ATTIVITA' | C3: EVENTI RISCHIOSI | D3: VALUTAZIONE COMPLESSIVA DEL RISCHIO | E3: MISURE SPECIFICHE IN ESSERE | F3: MISURE GENERALI E SPECIFICHE DA ATTUARE | G3: TEMPI DI ATTUAZIONE | H3: INDICATORI DI ATTUAZIONE | I3: TARGET | J3: SOGGETTO RESPONSABILE DELLA MISURA | K3: PROGRAMMAZIONE DEL MONITORAGGIO V. § 5.1 e § 5.2 del PNA 2022. | L3: FREQUENZA DEL MONITORAGGIO V. § 5.1 e § 5.2 del PNA 2022. | M3: MONITORAGGIO (STATO di ATTUAZIONE MISURE) | N3: NOTE in caso di criticità nel monitoraggio
A4: CONFERIMENTO DI INCARICHI EXTRA ISTITUZIONALI | B4: Gestione incarichi extra-istituzionali ai dipendenti | C4: Elusione delle procedure di svolgimento delle attività e di controllo Omissioni richiesta autorizzazione da parte del dipendente | D4: ='[1]Valutaz Rischio ENTE'!S6 -> B | E4: Definizione di una procedura per la presentazione della richiesta e il rilascio dell’autorizzazione, in cui sia prevista una black list di attività precluse - prevedere adeguata tempistica di preavviso per l'autorizzazione Controllo presenza di tutti i criteri per il rilascio autorizzazioni, con particolare riferimento al conflitto di interessi limiti di importo e temporali degli incarichi esterni fissati dal regolamento comunale di ordinamento degli uffici e dei servizi | H4: PREDISPOSIZIONE REGOLAMENTO (ON /OFF) N. AUTORIZZAZIONI RILASCIATE CONFORMI/ N. AUTORIZZAZIONI RILASCIATE | I4: 100% 100% | J4: 2 - Trasparenza Affari Generali Risorse Umane Datore di Lavoro Demografici
A5: CONCORSO PER L'ASSUNZIONE DI PERSONALE | B5: Programmazione dell'assunzione/fabbisogni del personale | C5: omessa o scorretta ricognizione delle eccedenze di personale con conseguente errato calcolo dei fabbisogni tra i diversi settori/unità organizzative dell'Ente anche al fine di procedere o meno all'assunzione di personale | D5: ='Valutaz Rischio ENTE'!T16 -> M | E5: Adempimento precedente riassorbito dal Piano dei fabbisogni e ora di nuovo cogente dopo l'assorbimento del Piano fabbisogni nel PIAO | G5: Annuale | H5: Inserimento all'interno della sezione 3.3 | I5: Sì | J5: Responsabile Risorse Umane | K5: OGNI ANNO | L5: ANNUALE | M5: In alternativa: a) si b) no | N5: In caso di opzione B illustrare le criticità riscontrate e come si intende risolverle
B6: Predisposizione del bando di concorso e/o avvisi di selezione | C6: mancato adeguamento / aggiornamento del Regolamento per l'organizzazione degli Uffici e dei Servizi - Sezione concorsi alle nuove normative legislative e contrattuali | D6: ='Valutaz Rischio ENTE'!$T$17 -> M | E6: Aggiornamento del relativo Regolamento per l'organizzazione degli Uffici e dei Servizi - Sezione concorsi alle nuove normative legislative e contrattuali | G6: In occasione di ogni aggiornamento normativo o contrattuale | H6: Aggiornamento del Regolamento (si/no) | I6: Sì | J6: Segretario Comunale | K6: OGNI ANNO | L6: ANNUALE | M6: In alternativa: a) si b) no | N6: In caso di opzione B illustrare le criticità riscontrate e come si intende risolverle
C7: previsione di requisiti e titoli di ammissione troppo generici ovvero troppo specifici, sproporazionati rispetto al profilo richiesto, al fine di favorire determinati candidati e/o restringere indebitamente i potenziali concorrenti - fenomeno bandi "ad personam" | D7: ='Valutaz Rischio ENTE'!$T$17 -> M | E7: Controllo a campione da parte del RPCT* dei bandi di concorso/avvisi di selezione, per verificare la coerenza dei requisiti di ammissione con i profili professionali richiesti, nonchè la corrispondenza del profilo professionale richiesto con quello bandito in sede di mobilità ex art. 34bis d.lgs. n. 165/2001 *il controllo potrà essere svolto dal Responsabile dell'Ufficio del personale laddove soggetto diverso dal dipendente che ha curato la redazione del bando Tracciabilità dello svolgimento e dell'esito delle operazioni concorsuali rispetto ai criteri di selezione e valutazione prestabiliti | F7: Evitare scadenza pubblicazione in periodi feriali (agosto - 24 dicembre/7 gennaio) | G7: In occasione di ogni pubblicazione di bando/avviso di procedura di selezione | H7: Percentuale a campione dei bandi/avvisi rispetto al totale | I7: >80 | J7: RPCT | K7: OGNI ANNO | L7: ANNUALE | M7: In alternativa: a) tra 80 e 100 % b) tra 50 e 80% c) tra 0 e 50% | N7: In caso di opzione B illustrare le criticità riscontrate e come si intende risolverle
B8: Nomina Commissione esaminatrice | C8: omessa previsione nei Regolamenti comunali di criteri per l'individuazione dei commissari | D8: ='Valutaz Rischio ENTE'!$T$18 -> M | E8: Adozione/aggiornamento dei criteri per l'individuazione dei Commissari nel Regolamento per l'organizzazione degli Uffici e dei Servizi - Sezione concorsi | G8: In occasione di ogni aggiornamento normativo o contrattuale | H8: Adozione/aggiornamento del Regolamento (si/no) | I8: Sì | J8: Responsabile Risorse Umane | K8: OGNI ANNO | L8: ANNUALE | M8: In alternativa: a) si b) no | N8: In caso di opzione B illustrare le criticità riscontrate e come si intende risolverle
C9: scelta dei Commissari al fine di favorire uno o più candidati predenterminati | D9: ='Valutaz Rischio ENTE'!$T$18 -> M | E9: Rotazione dei commissari, anche nelle ipotesi di ricorso a società esterne | G9: in occasione di ogni procedura selettiva | H9: Rotazione dei commissari (si/no) | I9: Sì | J9: Responsabile Risorse Umane | K9: OGNI ANNO | L9: ANNUALE | M9: In alternativa: a) si b) no | N9: In caso di opzione B illustrare le criticità riscontrate e come si intende risolverle
C10: omessa raccolta o verifica delle dichiarazioni dei Commissari sulla assenza di conflitto di interessi all'esito della consultazione della lista dei candidati | D10: ='Valutaz Rischio ENTE'!$T$18 -> M | E10: 1. Verifica a campione da parte del RPCT sul rilascio delle dichiarazione in sede di insediamento della commissione 2. Verifica da parte dell'ufficio del personale in contraddittorio con il Commissario sul contenuto di tutte le dichiarazioni, in sede di insediamento della commissione 3. Utilizzo di apposita modulistica per il rilascio delle dichiarazioni di assenza dei conflitti d'interesse | G10: in occasione di ogni procedura selettiva | H10: 1. campione di dichiarazioni rilasciate dai commissari/n. totale dichiarazioni rilasciate 2. % delle dichiarazioni rilasciate 3. % delle dichiarazioni rilasciate mediante appositi moduli | I10: 1. > 80 2. > 80 3. > 80 | J10: Responsabile Risorse Umane | K10: OGNI ANNO | L10: ANNUALE | M10: In alternativa: a) tra 80 e 100 % b) tra 50 e 80% c) tra 0 e 50% In alternativa: a) tra 80 e 100 % b) tra 50 e 80% c) tra 0 e 50% In alternativa: a) tra 80 e 100 % b) tra 50 e 80% c) tra 0 e 50% | N10: In caso di opzione B illustrare le criticità riscontrate e come si intende risolverle
B11: Svolgimento delle prove concorsuali e valutazione dei titoli | C11: ritardata pubblicazione dell'esito della valutazione titoli rispetto allo svolgimento della prova orale, per favorire determinati candidati in sede di redazione della graduatoria dopo l'ultima prova concorsuale | D11: ='Valutaz Rischio ENTE'!$T$19 -> M | E11: Verifica da parte dell'ufficio del personale circa la tempistica di pubblicazione dell'esito della valutazione dei titoli rispetto allo svolgimento della prova orale | G11: in occasione di ogni procedura selettiva | H11: pubblicazione della valutazione dei titoli prima dello svolgimento della prova orale (SI/NO) | I11: Sì | J11: Responsabile Risorse Umane | K11: OGNI ANNO | L11: ANNUALE | M11: In alternativa: a) si b) no | N11: In caso di opzione B illustrare le criticità riscontrate e come si intende risolverle
C12: svolgimento della prova orale in mancanza di testimoni | D12: ='Valutaz Rischio ENTE'!$T$19 -> M | E12: Previsione dell'obbligo della presenza di almeno due testimoni durante lo svolgimento della prova orale, da reclutare eventualmente anche tra i dipendenti dell'ente | G12: in occasione di ogni procedura selettiva | H12: n. di prove orali svolte alla presenza di testimoni/totale delle prove orali svolte | I12: >80 | J12: Responsabile Risorse Umane | K12: OGNI ANNO | L12: ANNUALE | M12: In alternativa: a) tra 80 e 100 % b) tra 50 e 80% c) tra 0 e 50% | N12: In caso di opzione B illustrare le criticità riscontrate e come si intende risolverle
B13: Approvazione della gradutoria | C13: ingerenze esterne nel processo formativo della graduatoria all'esito della prova orale e/o ritardata pubblicazione dell'esito della prova orale | D13: ='Valutaz Rischio ENTE'!$T$19 -> M | E13: Previsione dell'obbligo di pubblicazione dell'esito della prova orale tempestivamente, e comunque non oltre il termine della giornata di svolgimento della prova in linea con le previsioni di cui all'art. 19 dlgs 33/2013 che impone la pubblicazione tempestiva di tutti gli atti della procedura | G13: in occasione di ogni procedura selettiva | H13: Pubblicazione degli esiti della prova orale nei termini (si/no) | I13: Sì | J13: Responsabile Risorse Umane | K13: OGNI ANNO | L13: ANNUALE | M13: In alternativa: a) si b) no | N13: In caso di opzione B illustrare le criticità riscontrate e come si intende risolverle
A14: Attingimento da graduatoria di altri Enti | B14: Attingimento da graduatoria di altri Enti | C14: individuazione pilotata della graduatoria per condizionare la scelta del candidato da assumere | D14: ='Valutaz Rischio ENTE'!T21 -> M | E14: Previsione di una disposizione del Regolamento Uffici e Servizi o in altro atto interno che stabilisca i criteri di selezione della graduatoria di altri enti da cui attingere, secondo un ordine di priorità oggettivo e predeterminato (es. i comuni della Provincia e in subordine della Regione di riferimento; la distanza kilometrica dal capoluogo) | G14: In occasione di ogni aggiornamento normativo o contrattuale | H14: Inserimento della disposizione regolamentare (si/no) | I14: Sì | J14: Responsabile Risorse Umane | K14: OGNI ANNO | L14: ANNUALE | M14: In alternativa: a) si b) no | N14: In caso di opzione B illustrare le criticità riscontrate e come si intende risolverle
A15: Mobilità volontaria | B15: Mobilità volontaria | C15: omessa o scarsa previsione nel bando/avviso di criteri oggettivi predeterminati rispetto alle effettive esigenze dell'ente anche al fine di favorire candidati prederminati | D15: ='Valutaz Rischio ENTE'!T22 -> M | E15: Verifica a campione da parte del RPCT della previsione nel bando/avviso di criteri oggettivi predeterminati rispetto alle effettive esigenze dell'ente anche sulla base del piano dei fabbisogni | G15: in occasione di ogni procedura di mobilità | H15: n. bandi/avvisi contenenti criteri oggettivi predeterminati rispetto alle effettive esigenze dell'ente oggetto del campione /n. totale bandi/avvisi | I15: >80 | J15: RPCT | K15: OGNI ANNO | L15: ANNUALE | M15: In alternativa: a) tra 80 e 100 % b) tra 50 e 80% c) tra 0 e 50% | N15: In caso di opzione B illustrare le criticità riscontrate e come si intende risolverle
A16: Assunzioni ex art. 110 TUEL, ex art. 90 TUEL, assunzioni stagionali di personale (es. polizia locale) | B16: Assunzioni ex art. 110 TUEL, ex art. 90 TUEL, assunzioni stagionali di personale (es. polizia locale) | C16: omessa o scarsa previsione nel bando/avviso di criteri oggettivi predeterminati rispetto alle effettive esigenze dell'ente anche al fine di favorire candidati prederminati | D16: ='Valutaz Rischio ENTE'!T23 -> M | E16: Verifica a campione da parte del RPCT della previsione nel bando/avviso di criteri oggettivi predeterminati rispetto alle effettive esigenze dell'ente anche sulla base del piano dei fabbisogni | G16: in occasione di ogni assunzione | H16: n. bandi/avvisi contenenti criteri oggettivi predeterminati rispetto alle effettive esigenze dell'ente oggetto del campione /n. totale bandi/avvisi | I16: >80 | J16: RPCT | K16: OGNI ANNO | L16: ANNUALE | M16: In alternativa: a) tra 80 e 100 % b) tra 50 e 80% c) tra 0 e 50% | N16: In caso di opzione B illustrare le criticità riscontrate e come si intende risolverle
A17: Progressioni di carriera | B17: Progressioni di carriera verticali | C17: omessa o scarsa predeterminazione di criteri e limiti al conferimento delle progressioni di carriera al fine di favorire determinati dipendenti | D17: ='Valutaz Rischio ENTE'!T24 -> M | E17: 1. Inserimento della programmazione delle progressioni veriticali nel Piano dei Fabbisogni 2. Previsione nel Regolamento comunale - anche adottato ad hoc per le progressioni verticali - di criteri predefiniti che limitino la discrezionalità dell'Ente, quali titoli di servizio, titoli di studio e anzianità di servizio, facendo sì che nessun criterio sia in assoluto preminente sull'altro | G17: In occasione dell'adozione del PIAO In occasione di ogni aggiornamento normativo o contrattuale | H17: 1. Aggiornamento Piano dei fabbisogni (si/no) 2. Inserimento disposizione regolamentare (si/no) | I17: 1. Sì 2. Sì | J17: Responsabile Risorse Umane | K17: OGNI ANNO | L17: ANNUALE | M17: 1. In alternativa: a) si b) no 2. In alternativa: a) si b) no | N17: In caso di opzione B illustrare le criticità riscontrate e come si intende risolverle
B18: Progressioni di carriera orizzontali | C18: omessa o scarsa predeterminazione di criteri e limiti al conferimento delle progressioni di carriera al fine di favorire determinati dipendenti | D18: ='Valutaz Rischio ENTE'!T25 -> B | E18: Verifica da parte del RPCT dell'individuazione dei criteri per le progressioni orizzontali nell'ambito della contrattazione decentrata | G18: In occasione di ogni progressione orizzontale | H18: Individuazione dei criteri per le progressioni orizzontali nella contrattazione decentrata (si/no) | I18: Sì | J18: RPCT | K18: OGNI ANNO | L18: ANNUALE | M18: In alternativa: a) si b) no | N18: In caso di opzione B illustrare le criticità riscontrate e come si intende risolverle

Sheet CONTRIBUTI E SOVVENZIONI
A1: AREA DI RISCHIO: CONTRIBUTI, SOVVENZIONI E ALTRE EROGAZIONI LIBERALI
A2: Mappatura PROCESSI - ATTIVITA' | C2: REGISTRO RISCHI: Identificazione, analisi e valutazione del rischio corruttivo | E2: Trattamento del Rischio | K2: Monitoraggio
A3: PROCESSI | B3: ATTIVITA' | C3: EVENTI RISCHIOSI | D3: VALUTAZIONE COMPLESSIVA DEL RISCHIO | E3: MISURE SPECIFICHE IN ESSERE | F3: MISURE SPECIFICHE DA ATTUARE | G3: TEMPI DI ATTUAZIONE | H3: INDICATORI DI ATTUAZIONE | I3: VALORE TARGET | J3: SOGGETTO RESPONSABILE della MISURA | K3: PROGRAMMAZIONE DEL MONITORAGGIO V. § 5.1 e § 5.2 del PNA 2022. | L3: FREQUENZA DEL MONITORAGGIO V. § 5.1 e § 5.2 del PNA 2022. | M3: MONITORAGGIO (STATO di ATTUAZIONE MISURE) | N3: NOTE in caso di criticità nel monitoraggio
A4: Attribuzione di vantaggi economici diretti a seguito di bando | B4: Attribuzione di vantaggi economici diretti a seguito di bando | C4: mancata trasparenza delle procedure per attribuzione di vantaggi economici | D4: ='Valutaz Rischio ENTE'!$T$12 -> M | E4: 1. Verifica della pubblicazione dei dati ex artt. 26 e 27 dlgs 33 2. Adozione di un Regolamento interno (o altro atto interno) volto a disciplinare fasi e responsabilità del procedimento. 3. Attuazione del Regolamento adottato. | G4: In occasione di ogni procedura | H4: 1. n. di verifiche trimestrali e a campione svolte rispetto ai bandi pubblicati e alle procedure avviate sul rispetto degli obblighi di pubblicazione di cui agli artt. 26 e 27 d.lgs. 33 2. Adozione del Regolamento (si/no) 3. Rispetto delle previsioni del Regolamento (si/no) | I4: 1. 0 2. Sì 3. Sì | J4: Tutti i Responsabili servizi per tipologia vantaggi economici | K4: OGNI ANNO | L4: ANNUALE | M4: 1. In alternativa: a) 0; b) 1; c) più di 1 2. In alternativa: a) SI b) NO 3. In alternativa: a) SI b) NO 4. Altro | N4: 1. In caso di opzione A illustrare le criticità riscontrate e come si intende risolverle 2. In caso di opzione B illustrare le criticità riscontrate e come si intende risolverle 3. In caso di opzione B illustrare le criticità riscontrate e come si intende risolverle 4. Illustrare le criticità riscontrate e come si intende risolverle
C5: utilizzo di dichiarazioni/attestazioni false o non veritiere per comprovare il possesso dei requisiti per poter partecipare alla procedura per il conferimento di vantaggi economici diretti | D5: ='Valutaz Rischio ENTE'!$T$12 -> M | E5: 1. Verifiche a campione sulla veridicità/correttezza delle dichiarazioni/attestazioni. Verifiche svolte a cura di più dipendenti | H5: 1. n. di verifiche trimestrali e a campione svolte sulle dichiarazioni/attestazioni per comprovare il possesso dei requisiti per poter partecipare alla procedura per il conferimento di vantaggi economici diretti di cui agli artt. 26 e 27 dlgs 33 | I5: 1. 0 | J5: Tutti i Responsabili servizi per tipologia vantaggi economici | K5: OGNI ANNO | L5: ANNUALE | M5: 1. In alternativa: a) 0; b) 1; c) più di 1 2. Altro | N5: 1. In caso di opzione A illustrare le criticità riscontrate e come si intende risolverle 2. Ilustrare le criticità riscontrate e come si intende risolverle
C6: Bando ad personam per agevolare alcuni partecipanti | D6: ='Valutaz Rischio ENTE'!$T$12 -> M | E6: 1. Verifiche sulla pubblicazione ai sensi dell'art. 26, co. 1 dei bandi/avvisi e sulla previsione in essi di criteri oggettivi e non discriminatori. Verifiche svolte a cura di più dipendenti 2. Predisposizione del bando con la partecipazione di più dipendenti. | H6: 1. n. di verifiche trimestrali e a campione svolte sul rispetto degli obblighi di pubblicazione dei bandi/avvisi di cui all'art. 26. co. 1 dlgs 33 e sulla oggettività e non discriminatorietà dei requisiti di partecipazione ivi previsti 2. Percentuale dei bandi redatti con la partecipazione di più dipendenti | I6: 1. 0 2. > 80 | J6: Tutti i Responsabili servizi per tipologia vantaggi economici | K6: OGNI ANNO | L6: ANNUALE | M6: 1. In alternativa: a) 0; b) 1; c) più di 1 2. In alternativa: a) tra 80 e 100 % b) tra 50 e 80% c) tra 0 e 50% 3. Altro | N6: 1. In caso di opzione A illustrare le criticità riscontrate e come si intende risolverle 2. In caso di opzione B e C illustrare le criticità riscontrate e come si intende risolverle 3. Illustrare le criticità riscontrate e come si intende risolverle
C7: Conflitti d'interesse tra il personale assegnato alle attività e soggetti richiedenti | D7: ='Valutaz Rischio ENTE'!$T$12 -> M | E7: 1. Rilascio di una dichiarazione attestante l'assenza di conflitti d'interesse a chiusura del termine di presentazione delle domande utilizzando apposito modulo 2. Adozione del provvedimento finale da parte di soggetto diverso da colui che ha curato l'istruttoria | H7: 1. N. di dichiarazioni rilasciate/totale procedure per le quali sono scaduti i termini di presentazione delle domande 2. Percentuale di provvedimenti adottati da soggetto diverso rispetto a colui che ha curato l'istruttoria | I7: 1. > 80 2. > 80 | J7: Tutti i Responsabili servizi per tipologia vantaggi economici | K7: OGNI ANNO | L7: ANNUALE | M7: 1. In alternativa: a) tra 80 e 100 % b) tra 50 e 80% c) tra 0 e 50% 2. In alternativa: a) tra 80 e 100 % b) tra 50 e 80% c) tra 0 e 50% 3. Altro | N7: 1. In caso di opzione B e C illustrare le criticità riscontrate e come si intende risolverle 2. In caso di opzione B e C illustrare le criticità riscontrate e come si intende risolverle 3. Illustrare le criticità riscontrate e come si intende risolverle
C8: mancata previsione o descrizione dei criteri e/o delle modalità cui le amministrazioni devono attenersi per la concessione del vantaggio | D8: ='Valutaz Rischio ENTE'!$T$12 -> M | E8: 1. Adozione di un Regolamento interno (o altro atto interno) che espliciti criteri e modalità per la concessione dei vantaggi 2. . Attuazione del Regolamento o altro atto interno 3. Verifiche sulla pubblicazione ai sensi dell'art. 26, co. 1 dlgs 33 del regolamento e/o altro atto interno in cui sono individuati criteri e modalità di assegnazione dei benefici | G8: In occasione di ogni procedura | H8: 1. Adozione del Regolamento (si/no) 2. Rispetto delle previsioni del Regolamento (si/no) 3. n. di verifiche trimestrali e a campione svolte rispetto alla pubblicazione ai sensi dell'art. 26, co. 1 dlgs 33 del regolamento sui requisiti per la partecipazione alla procedura di attribuzione di vantaggi economici diretti | I8: 1. Sì 2. Sì 3. >=1 | J8: Tutti i Responsabili servizi per tipologia vantaggi economici | K8: OGNI ANNO | L8: ANNUALE | M8: 1. In alternativa: a) si b) no 2. In alternativa: a) si b) no 3. In alternativa: a) 0; b) 1; c) più di 1 4. Altro | N8: 1. In caso di opzione B illustrare le criticità riscontrate e come si intende risolverle 2. In caso di opzione B illustrare le criticità riscontrate e come si intende risolverle 3. In caso di opzione A illustrare le criticità riscontrate e come si intende risolverle 4. Illustrare le criticità riscontrate e come si intende risolverle
A9: Erogazione di prestazioni assistenziali | B9: Erogazione di prestazioni assistenziali | C9: mancata trasparenza delle procedure per l'attribuzione di prestazioni assistenziali | D9: ='Valutaz Rischio ENTE'!$T$13 -> M | E9: 1. Verifica della pubblicazione dei dati ex artt. 26 e 27 dlgs 33 sulle procedure per l'attribuzione di prestazioni assistenziali 2. Adozione di un Regolamento interno (o altro atto interno) volto a disciplinare fasi e responsabilità del procedimento. 3. Attuazione del Regolamento adottato. 4. Altro (specificare ulteriori misure specifiche o generali programmate o attuate per la prevenzione del relativo evento rischioso) | H9: 1. n. di verifiche trimestrali e a campione sul rispetto degli obblighi di pubblicazione di cui agli artt. 26 e 27 d.lgs. 33 svolte rispetto alle procedure avviate per l'attribuzione di prestazioni assistenziali 2. Adozione del Regolamento (si/no) 3. Rispetto delle previsioni del Regolamento (si/no) | I9: 1. >=1 2. Sì 3. Sì | J9: Responsabile Servizi Sociali | K9: OGNI ANNO | L9: ANNUALE | M9: 1. In alternativa: a) 0; b) 1; c) più di 1 2. In alternativa: a) SI b) NO 3. In alternativa: a) SI b) NO 4. Altro | N9: 1. In caso di opzione A illustrare le criticità riscontrate e come si intende risolverle 2. In caso di opzione B illustrare le criticità riscontrate e come si intende risolverle 3. In caso di opzione B illustrare le criticità riscontrate e come si intende risolverle 4. Illustrare le criticità riscontrate e come si intende risolverle
C10: utilizzo di dichiarazioni/attestazioni false o non veritiere per attestare il possesso dei requisiti per poter partecipare alla procedura per il'erogazione di prestazioni assistenziali | D10: ='Valutaz Rischio ENTE'!$T$13 -> M | E10: 1. Verifiche sulla veridicità/correttezza delle dichiarazioni. Verifiche svolte a cura di più | H10: 1. n. di verifiche trimestrali e a campione svolte sulle dichiarazioni/attestazioni comprovanti il possesso dei requisiti per poter partecipare alla procedura per l'erogazione di prestazioni assistenziali di cui agli artt. 26 e 27 dlgs 33 | I10: 1. >=1 | J10: Responsabile Servizi Sociali | K10: OGNI ANNO | L10: ANNUALE | M10: 1. In alternativa: a) 0; b) 1; c) più di 1 2. Altro | N10: 1. In caso di opzione A illustrare le criticità riscontrate e come si intende risolverle 2. Illustrare le criticità riscontrate e come si intende risolverle
C11: Bandi/Avvisi ad personam per agevolare alcui partecipanti | D11: ='Valutaz Rischio ENTE'!$T$13 -> M | E11: 1. Verifiche sulla pubblicazione ai sensi dell'art. 26, co. 1 dei bandi/avvisi e sulla previsione in essi di criteri oggettivi e non discriminatori. Verifiche svolte a cura di più dipendenti 2. Predisposizione del bando con la partecipazione di più partecipantii. | H11: 1. n. di verifiche trimestrali e a campione svolte rispetto ai bandi/avvisi pubblicati sul rispetto degli obblighi di pubblicazione di cui all'art. 26. co. 1 dlgs 33 e sulla oggettività e nn discriminatorietà dei requisiti di partecipazione ivi previsti 2. Percentuale dei bandi redatti con la partecipazione di più partecipantii | I11: 1. >=1 2. > 80 | J11: Responsabile Servizi Sociali | K11: OGNI ANNO | L11: ANNUALE | M11: 1. In alternativa: a) 0; b) 1; c) più di 1 2. In alternativa: a) tra 80 e 100 % b) tra 50 e 80% c) tra 0 e 50% 3. Altro | N11: 1. In caso di opzione A illustrare le criticità riscontrate e come si intende risolverle 2. In caso di opzione B e C illustrare le criticità riscontrate e come si intende risolverle 3. Illustrare le criticità riscontrate e come si intende risolverle
C12: Conflitti d'interesse tra il personale assegnato alle attività e soggetti richiedenti | D12: ='Valutaz Rischio ENTE'!$T$13 -> M | E12: 1. Rilascio di una dichiarazione attestante l'assenza di conflitti d'interesse a seguito della presentazione delle domande 2. Adozione del provvedimento finale da parte di soggetto diverso da colui che ha curato l'istruttoria 3. Altro (specificare ulteriori misure specifiche o generali programmate o attuate per la prevenzione del relativo evento rischioso) | H12: 1. N. di dichiarazioni rilasciate/totale procedure per le quali sono decorsi i termini di presentazione delle domande 2. Percentuale di provvedimenti adottati da soggetto diverso rispetto a colui che ha curato l'istruttoria | I12: 1. > 80 2. > 80 | J12: Responsabile Servizi Sociali | K12: OGNI ANNO | L12: ANNUALE | M12: 1. In alternativa: a) tra 80 e 100 % b) tra 50 e 80% c) tra 0 e 50% 2. In alternativa: a) tra 80 e 100 % b) tra 50 e 80% c) tra 0 e 50% 3. Altro | N12: 1. In caso di opzione B e C illustrare le criticità riscontrate e come si intende risolverle 2. In caso di opzione B e C illustrare le criticità riscontrate e come si intende risolverle 3. Illustrare le criticità riscontrate e come si intende risolverle
C13: mancata previsione o descrizione dei criteri e/o delle modalità cui le amministrazioni devono attenersi per l'erogazione delle prestazioni assistenziali | D13: ='Valutaz Rischio ENTE'!$T$13 -> M | E13: 1. Adozione di un Regolamento interno (o altro atto interno) che preveda espliciti criteri e modalità per la concessione dei vantaggi 2. Attuazione del Regolamento o altro atto interno 3. Verifiche sulla pubblicazione ai sensi dell'art. 26, co. 1 dlgs 33 del regolamento e/o altro atto interno in cui sono individuati criteri e modalità di assegnazione delle prestazioni assistenziali | H13: 1. Adozione del Regolamento (si/no) 2. Rispetto delle previsioni del Regolamento (si/no) 3. n. di verifiche trimestrali e a campione svolte rispetto alla pubblicazione di cui all'art. 26. co. 1 dlgs 33 del regolamento sui requisiti per la partecipazione alla procedura di erogazione di prestazioni assistenziali | I13: 1. Sì 2. Sì 3. >=1 | J13: Responsabile Servizi Sociali | K13: OGNI ANNO | L13: ANNUALE | M13: 1. In alternativa: a) SI b) NO 2. In alternativa: a) SI b) NO 3. In alternativa: a) 0; b) 1; c) più di 1 4. Altro | N13: 1. In caso di opzione B illustrare le criticità riscontrate e come si intende risolverle 2. In caso di opzione B illustrare le criticità riscontrate e come si intende risolverle 3. In caso di opzione A illustrare le criticità riscontrate e come si intende risolverle 4. Illustrare le criticità riscontrate e come si intende risolverle
A14: Assegnazione di alloggi di edilizia sociale | B14: Assegnazione di alloggi di edilizia sociale | C14: mancata trasparenza delle procedure per l'assegnazione di alloggi di edilizia sociale | D14: ='Valutaz Rischio ENTE'!$T$14 -> M | E14: 1. Verifica della pubblicazione dei dati ex artt. 26 e 27 dlgs 33 2. Adozione di un Regolamento interno (o altro atto interno) volto a disciplinare fasi e responsabilità del procedimento. 3. Attuazione del Regolamento adottato. | H14: 1. n. di verifiche trimestrali e a campione sul rispetto degli obblighi di pubblicazione di cui agli artt. 26 e 27 d.lgs. 33 rispetto alle procedure avviate 2. Adozione del Regolamento (si/no) 3. Rispetto delle previsioni del Regolamento (si/no) | I14: 1. >=1 2. Sì 3. Sì | J14: Responsabile Servizi Sociali | K14: OGNI ANNO | L14: ANNUALE | M14: 1. In alternativa: a) 0; b) 1; c) più di 1 2. In alternativa: a) SI b) NO 3. In alternativa: a) SI b) NO 4. Altro | N14: 1. In caso di opzione A illustrare le criticità riscontrate e come si intende risolverle 2. In caso di opzione B illustrare le criticità riscontrate e come si intende risolverle 3. In caso di opzione B illustrare le criticità riscontrate e come si intende risolverle 4. IIlustrare le criticità riscontrate e come si intende risolverle
C15: utilizzo di dichiarazioni/attestazioni false o non veritiere per attestare il possesso dei requisiti per poter partecipare alla procedura per l'assegnazione di alloggi di edilizia sociale | D15: ='Valutaz Rischio ENTE'!$T$14 -> M | E15: 1. Verifiche sulla veridicità/correttezza delle dichiarazioni. Verifiche svolte a cura di più dipendenti | H15: 1. n. di verifiche trimestrali e a campione svolte sulle dichiarazioni/attestazioni comprovanti il possesso dei requisiti per l'assegnazione di alloggi di edilizia sociale | I15: 1. >=1 | J15: Responsabile Servizi Sociali | K15: OGNI ANNO | L15: ANNUALE | M15: 1. In alternativa: a) 0; b) 1; c) più di 1 2. Altro | N15: 1. In caso di opzione A illustrare le criticità riscontrate e come si intende risolverle 2. Illustrare le criticità riscontrate e come si intende risolverle
C16: Bando/Avviso ad personam per agevolare alcui partecipanti | D16: ='Valutaz Rischio ENTE'!$T$14 -> M | E16: 1. Verifiche sulla pubblicazione ai sensi dell'art. 26, co. 1 dei bandi/avvisi e sulla previsione in essi di criteri oggettivi e non discriminatori. Verifiche svolte a cura di più dipendenti 2. Predisposizione del bando con la partecipazione di più dipendenti. | H16: 1. n. di verifiche trimestrali e a campione sul rispetto degli obblighi di pubblicazione di cui all'art. 26. co. 1 dlgs 33 svolte rispetto ai bandi/avvisi pubblicati e sulla oggettività e non discriminatorietà dei requisiti di partecipazione ivi previsti 2. Percentuale dei bandi redatti con la partecipazione di più dipendenti | I16: 1. >=1 2. > 80 | J16: Responsabile Servizi Sociali | K16: OGNI ANNO | L16: ANNUALE | M16: 1. In alternativa: a) 0; b) 1; c) più di 1 2. In alternativa: a) tra 80 e 100 % b) tra 50 e 80% c) tra 0 e 50% 3. Altro | N16: 1. In caso di opzione A illustrare le criticità riscontrate e come si intende risolverle 2. In caso di opzione B e C illustrare le criticità riscontrate e come si intende risolverle 3. Illustrare le criticità riscontrate e come si intende risolverle
C17: Conflitti d'interesse tra il personale assegnato alle attività e soggetti richiedenti | D17: ='Valutaz Rischio ENTE'!$T$14 -> M | E17: 1. Rilascio di una dichiarazione attestante l'assenza di conflitti d'interesse a seguito della presentazione delle domande 2. Adozione del provvedimento finale da parte di soggetto diverso da colui che ha curato l'istruttoria | H17: 1. N. di dichiarazioni rilasciate/totale procedure per le quali sono decorsi i termini di presentazione delle domande 2. Percentuale di provvedimenti adottati da soggetto diverso rispetto a colui che ha curato l'istruttoria | I17: 1. > 80 2. > 80 | J17: Responsabile Servizi Sociali | K17: OGNI ANNO | L17: ANNUALE | M17: 1. In alternativa: a) tra 80 e 100 % b) tra 50 e 80% c) tra 0 e 50% 2. In alternativa: a) tra 80 e 100 % b) tra 50 e 80% c) tra 0 e 50% 3. Altro | N17: 1. In caso di opzione B e C illustrare le criticità riscontrate e come si intende risolverle 2. In caso di opzione B e C illustrare le criticità riscontrate e come si intende risolverle 3. Ilustrare le criticità riscontrate e come si intende risolverle
C18: mancata previsione o descrizione dei criteri e/o delle modalità cui le amministrazioni devono attenersi per l'assegnazione di alloggi di edilizia sociale | D18: ='Valutaz Rischio ENTE'!$T$14 -> M | E18: 1. Adozione di un Regolamento interno (o altro atto interno) che espliciti criteri e modalità per la concessione dei vantaggi 2. Attuazione del Regolamento o altro atto interno 3. Verifiche sulla pubblicazione ai sensi dell'art. 26, co. 1 del regolamento e/o altro atto in cui sono individuati criteri e modalità di assegnazione degli alloggi di edilizia sociale | H18: 1. Adozione del Regolamento (si/no) 2. Rispetto delle previsioni del Regolamento (si/no) 3. n. di verifiche trimestrali e a campione svolte rispetto alla pubblicazione ai sensi dell'art. 26, co. 1 del regolamento sui requisiti per la partecipazione alla procedura di assegnazione di alloggi di edilizia sociale | I18: 1. Sì 2. Sì 3. >=1 | J18: Responsabile Servizi Sociali | K18: OGNI ANNO | L18: ANNUALE | M18: 1. In alternativa: a) SI b) NO 2. In alternativa: a) SI b) NO 3. In alternativa: a) 0; b) 1; c) più di 1 4. Altro | N18: 1. In caso di opzione B illustrare le criticità riscontrate e come si intende risolverle 2. In caso di opzione B illustrare le criticità riscontrate e come si intende risolverle 3. In caso di opzione A illustrare le criticità riscontrate e come si intende risolverle 4. Illustrare le criticità riscontrate e come si intende risolverle
A19: Ammissione ai servizi educativi (asilo nido e scuola infanzia) | B19: Ammissione ai servizi educativi (asilo nido e scuola infanzia) | C19: mancata trasparenza delle procedure per l'ammissione ai servizi educativi | D19: ='Valutaz Rischio ENTE'!$T$15 -> M | E19: 1. Verifica della pubblicazione dei dati ex artt. 26 e 27 dlgs 33 2. Adozione di un Regolamento interno (o altro atto interno) volto a disciplinare fasi e responsabilità del procedimento. 3. Attuazione del Regolamento adottato. | H19: 1. n. di verifiche trimestrali e a campione sul rispetto degli obblighi di pubblicazione di cui agli artt. 26 e 27 d.lgs. 33 svolte rispetto alle procedure avviate 2. Adozione del Regolamento (si/no) 3. Rispetto delle previsioni del Regolamento (si/no) | I19: 1. >=1 2. Sì 3. Sì | J19: Responsabile Servizi educativi | K19: OGNI ANNO | L19: ANNUALE | M19: 1. In alternativa: a) 0; b) 1; c) più di 1 2. In alternativa: a) SI b) NO 3. In alternativa: a) SI b) NO 4. Altro | N19: 1. In caso di opzione A illustrare le criticità riscontrate e come si intende risolverle 2. In caso di opzione B illustrare le criticità riscontrate e come si intende risolverle 3. In caso di opzione B illustrare le criticità riscontrate e come si intende risolverle 4. Illustrare le criticità riscontrate e come si intende risolverle
C20: utilizzo di dichiarazioni/attestazioni false o non veritiere per comprovare il possesso dei requisiti per l'ammissione ai servizi educativi | D20: ='Valutaz Rischio ENTE'!$T$15 -> M | E20: 1. Verifiche sulla veridicità/correttezza delle dichiarazioni/attestazioni. Verifiche svolte a cura di più dipendenti | H20: 1. n. di verifiche trimestrali e a campione svolte sulle dichiarazioni/attestazioni per comprovare il possesso dei requisiti per l'ammissione ai servizi educativi | I20: 1. >=1 | J20: Responsabile Servizi educativi | K20: OGNI ANNO | L20: ANNUALE | M20: 1. In alternativa: a) 0; b) 1; c) più di 1 2. Altro | N20: 1. In caso di opzione A illustrare le criticità riscontrate e come si intende risolverle 2. Illustrare le criticità riscontrate e come si intende risolverle
C21: Bandi/avvisi ad personam per agevolare alcui partecipanti | D21: ='Valutaz Rischio ENTE'!$T$15 -> M | E21: 1. Verifiche sulla pubblicazione ai sensi dell'art. 26, co. 1 dei bandi/avvisi e sulla previsione in essi di criteri oggettivi e non discriminatori. Verifiche svolte a cura di più dipendenti 2. Predisposizione del bando con la partecipazione di più dipendenti. | H21: 1. n. di verifiche trimestrali e a campione svolte sul rispetto degli obblighi di pubblicazione di cui all'art. 26. co. 1 dlgs 33 rispetto ai bandi/avvisi pubblicati e sulla oggettività e nn discriminatorietà dei requisiti di partecipazione ivi previsti 2. Percentuale dei bandi redatti con la partecipazione di più dipendenti | I21: 1. >=1 2. > 80 | J21: Responsabile Servizi educativi | K21: OGNI ANNO | L21: ANNUALE | M21: 1. In alternativa: a) 0; b) 1; c) più di 1 2. In alternativa: a) tra 80 e 100 % b) tra 50 e 80% c) tra 0 e 50% 3. Altro | N21: 1. In caso di opzione A illustrare le criticità riscontrate e come si intende risolverle 2. In caso di opzione B e C illustrare le criticità riscontrate e come si intende risolverle 3. Illustrare le criticità riscontrate e come si intende risolverle
C22: Conflitti d'interesse tra il personale assegnato alle attività e soggetti richiedenti | D22: ='Valutaz Rischio ENTE'!$T$15 -> M | E22: 1. Rilascio di una dichiarazione attestante l'assenza di conflitti d'interesse a chiusura del termine di presentazione delle domande utilizzando apposito modulo 2. Adozione del provvedimento finale da parte di soggetto diverso da colui che ha curato l'istruttoria | H22: 1. N. di dichiarazioni rilasciate/totale procedure per le quali sono scaduti i termini di presentazione delle domande 2. Percentuale di provvedimenti adottati da soggetto diverso rispetto a colui che ha curato l'istruttoria | I22: 1. > 80 2. > 80 | J22: Responsabile Servizi educativi | K22: OGNI ANNO | L22: ANNUALE | M22: 1. In alternativa: a) tra 80 e 100 % b) tra 50 e 80% c) tra 0 e 50% 2. In alternativa: a) tra 80 e 100 % b) tra 50 e 80% c) tra 0 e 50% 3. Altro | N22: 1. In caso di opzione B e C illustrare le criticità riscontrate e come si intende risolverle 2. In caso di opzione B e C illustrare le criticità riscontrate e come si intende risolverle 3. Illustrare le criticità riscontrate e come si intende risolverle
C23: mancata previsione o descrizione dei criteri e/o delle modalità cui le amministrazioni devono attenersi per le procedure di ammissione ai servizi educativi | D23: ='Valutaz Rischio ENTE'!$T$15 -> M | E23: 1. Adozione di un Regolamento interno (o altro atto interno) che espliciti criteri e modalità per la concessione dei vantaggi 2. Attuazione del Regolamento o altro atto interno 3. Verifiche sulla pubblicazione ai sensi dell'art. 26, co. 1 dlgs 33 del regolamento e/o altro atto in cui sono individuati criteri e modalità di ammissione ai servizi educativi | H23: 1. Adozione del Regolamento (si/no) 2. Rispetto delle previsioni del Regolamento (si/no) 3. n. di verifiche trimestrali e a campione svolte rispetto alla pubblicazione ai sensi dell'art. 26. co. 1 dlgs 33 del regolamento sui requisiti per la partecipazione alle procedure di ammissione ai servizi educativi | I23: 1. Sì 2. Sì 3. >=1 | J23: Responsabile Servizi educativi | K23: OGNI ANNO | L23: ANNUALE | M23: 1. In alternativa: a) SI b) NO 2. In alternativa: a) SI b) NO 3. In alternativa: a) 0; b) 1; c) più di 1 4. Altro | N23: 1. In caso di opzione B llustrare le criticità riscontrate e come si intende risolverle 2. In caso di opzione B illustrare le criticità riscontrate e come si intende risolverle 3. In caso di opzione A illustrare le criticità riscontrate e come si intende risolverle 4. Illustrare le criticità riscontrate e come si intende risolverle

Sheet AUTORIZZAZIONI E CONCESSIONI
A1: AREA DI RISCHIO: AUTORIZZAZIONI E CONCESSIONI
A2: Mappatura PROCESSI - ATTIVITA' | C2: REGISTRO RISCHI: Identificazione, analisi e valutazione del rischio corruttivo | E2: Trattamento del Rischio | K2: Monitoraggio
A3: PROCESSI | B3: ATTIVITA' | C3: EVENTI RISCHIOSI | D3: VALUTAZIONE COMPLESSIVA DEL RISCHIO | E3: MISURE SPECIFICHE IN ESSERE | F3: MISURE GENERALI E SPECIFICHE DA ATTUARE | G3: TEMPI DI ATTUAZIONE | H3: INDICATORI DI ATTUAZIONE | I3: TARGET | J3: SOGGETTO RESPONSABILE DELLA MISURA | K3: PROGRAMMAZIONE DEL MONITORAGGIO V. § 5.1 e § 5.2 del PNA 2022. | L3: FREQUENZA DEL MONITORAGGIO V. § 5.1 e § 5.2 del PNA 2022. | M3: MONITORAGGIO (STATO di ATTUAZIONE MISURE) | N3: NOTE in caso di criticità nel monitoraggio
A4: Rilascio di permessi di costruire, autorizzazioni edilizie (anche in sanatoria), certificati di agibilità, certificati di destinazione urbanistica (CDU), SCIA edilizia | B4: Rilascio di permessi di costruire, autorizzazioni edilizie (anche in sanatoria), certificati di agibilità, certificati di destinazione urbanistica (CDU), SCIA edilizia | C4: Assegnazione delle pratiche per l'istruttoria a tecnici in rapporto di contiguità con i professionisti o i richiedenti | D4: ='Valutaz Rischio ENTE'!$T$26 -> B | E4: 1. Informatizzazione delle procedure di protocollazione e assegnazione informatizzata delle pratiche ai diversi responsabili; 2. Rotazione dei tecnici assegnatari; 3. Richiesta di dichiarazione di assenza di conflitto di interessi | F4: controllo a campione delle della conformità dei titoli abilitativi rilasciati | G4: 1). In occasione di ogni procedimento 2) e 3) all'inizio del procedimento | H4: 1, Informatizzazione delle procedure (si/no) 2, Rotazione (si/no) 3. Rilascio dichiarazioni (si/no) | I4: Sì | J4: ufficio tecnico - edilizia privata | K4: OGNI ANNO | L4: ANNUALE | M4: In alternativa: a) si b) no | N4: In caso di opzione B illustrare le criticità riscontrate e come si intendono risolverle
C5: Utilizzazione del procedimento istruttorio e delle richieste di integrazione documentale al fine di rallentare i tempi procedimentali. | D5: ='Valutaz Rischio ENTE'!$T$26 -> B | E5: Controllo a campione delle richieste di integrazione documentale e sulla loro frequenza al fine di accertare anomalie (10%) | G5: annuale | H5: n. delle richieste di integrazione a campione controllate che non hanno anomalia / n. richieste campione | I5: >80 | J5: ufficio tecnico - edilizia privata | K5: In alternativa: a) prima annualità b) seconda annualità c) terza annualità d) ogni anno | L5: In alternativa: a) annuale b) semestrale | M5: In alternativa: a) tra 80 e 100 % b) tra 50 e 80% c) tra 0 e 50% | N5: In caso di opzione B e C illustrare le criticità riscontrate e come si intendono risolverle
C6: Rilascio dei titoli abilitativi edilizi in ritardo e/o con modalità e/o in assenza dei requisiti previsti dalla legge, dai regolamenti e dagli atti amministrativi generali | D6: ='Valutaz Rischio ENTE'!$T$26 -> B | E6: 1. Controllo a campione delle pratiche di rilascio dei titoli abilitativi edilizi al fine di verificare il rispetto dei requisiti previsti dalla legge, dai regolamenti e dagli altri atti amministativi generali (10%) 2. Controllo a campione delle pratiche evase in ritardo, con indagine sulla motivazione del mancato rispetto delle tempistiche stabilite dalla legge (10%) 3. monitoraggio dei tempi procedimentali al fine di rilevare anomalie | G6: annuale | H6: 1. n. delle pratiche a campione controllate chenon hanno anomalia / n. campione 2. n. delle pratiche evase in ritardo controllate che non hanno anomalia / n. campione 3. Rispetto dei tempi procedimentali (si/no) | I6: 1. >80 2. >80 3. Sì | J6: ufficio tecnico - edilizia privata | K6: In alternativa: a) prima annualità b) seconda annualità c) terza annualità d) ogni anno | L6: In alternativa: a) annuale b) semestrale | M6: 1. In alternativa: a) tra 80 e 100 % b) tra 50 e 80% c) tra 0 e 50% 2. In alternativa: a) tra 80 e 100 % b) tra 50 e 80% c) tra 0 e 50% 3. In alternativa: a) si b) no | N6: 1. In caso di opzione B e C illustrare le criticità riscontrate e come si intendono risolverle 2. In caso di opzione B e C illustrare le criticità riscontrate e come si intendono risolverle 3. In caso di opzione B illustrare le criticità riscontrate e come si intendono risolverle
C7: Errato calcolo degli oneri di costruzione e di urbanizzazione, anche nelle ipotesi di rilascio in sanatoria, ovvero degli importi della rateizzazione | D7: ='Valutaz Rischio ENTE'!$T$26 -> B | E7: 1. Adozione di procedure informatizzate al fine di calcolare gli oneri ovvero gli importi delle rate 2. Controllo a campione al fine di verificare il rispetto dei criteri di quantificazione degli oneri (10%) | G7: 1) In occasione di ogni procedimento 2) annuale | H7: 1. Informatizzazione delle procedure (si/no) 2. n. permessi edilizi rilasciati nel rispetto dei criteri di quantificazione degli oneri/totale permessi edilizi rilasciati oggetto del campione | I7: 1. Sì 2. >80 | J7: ufficio tecnico - edilizia privata | K7: In alternativa: a) prima annualità b) seconda annualità c) terza annualità d) ogni anno | L7: In alternativa: a) annuale b) semestrale | M7: 1.In alternativa: a) si b) no 2. In alternativa: a) tra 80 e 100 % b) tra 50 e 80% c) tra 0 e 50% | N7: 1. In caso di opzione B illustrare le criticità riscontrate e come si intendono risolverle 2. In caso di opzione B e C illustrare le criticità riscontrate e come si intendono risolverle
C8: Omissione o parziale esercizio dell'attività di vigilanza sulla attività edilizia in corso sul territorio comunale | D8: ='Valutaz Rischio ENTE'!$T$26 -> B | E8: 1. Definizione analitica dei criteri e delle modalità di calcolo delle sanzioni, ovvero delle somme da corrispondere in caso di sanatoria 2. Controllo a campione degli importi delle sanzioni emesse (10%) 3. Monitoraggio dei tempi del procedimento sanzionatorio, comprensivo delle attività esecutive dei provvedimenti finali 4. Misura di trasparenza relativa alla pubblicazione di tutti gli interventi di ordine di demolizione o ripristino, opportunamente anonimizzati 5. definizione di un programma di vigilanza semestrale con estrazione a sorte delle attività da vigilare il giorno stesso dell'estrazione | G8: (1,2,3,4 ) annuale (5) semestrale | H8: 1. Definizione dei criteri (si/no) 2. n. di sanzioni emesse con importi corretti/ n. campione 3. Rispetto dei tempi procedimentali (si/no) 4. % degli ordini di demolizione o ripristino pubblicati rispetto al totale dei provvedimenti adottati 5. predisposizione del programma ed effettuazione delle verifiche (si/no) | I8: 1. Sì 2. >80 3. Sì 4. >80 5. Sì | J8: ufficio tecnico - edilizia privata | K8: In alternativa: a) prima annualità b) seconda annualità c) terza annualità d) ogni anno | L8: In alternativa: a) annuale b) semestrale | M8: 1.In alternativa: a) si b) no 2. In alternativa: a) tra 80 e 100 % b) tra 50 e 80% c) tra 0 e 50% 3.In alternativa: a) si b) no 4. In alternativa: a) tra 80 e 100 % b) tra 50 e 80% c) tra 0 e 50% 5.In alternativa: a) si b) no | N8: 1. In caso di opzione B illustrare le criticità riscontrate e come si intendono risolverle 2. In caso di opzione B e C illustrare le criticità riscontrate e come si intendono risolverle 3. In caso di opzione B illustrare le criticità riscontrate e come si intendono risolverle 4. In caso di opzione B e C illustrare le criticità riscontrate e come si intendono risolverle 5. In caso di opzione B illustrare le criticità riscontrate e come si intendono risolverle
A9: Stipula convenzione urbanistica | B9: Stipula convenzione urbanistica | C9: Erronea commisurazione degli oneri della convenzione urbanistica, rispetto all'intervento edilizio da realizzare da parte del privato, al fine di favorire eventuali soggetti | D9: ='Valutaz Rischio ENTE'!T27 -> B | E9: Attestazione del responsabile del servizio comunale da allegare alla convenzione sull'avvenuto aggiornamento delle tabelle parametriche degli oneri e sulla determinazione degli oneri stessi sulla base dei valori in vigore alla data della stipula della convenzione | G9: in occasione di ogni procedimento | H9: Attestazione allegata (si/no) | I9: Sì | J9: ufficio urbanistica | K9: In alternativa: a) prima annualità b) seconda annualità c) terza annualità d) ogni anno | L9: In alternativa: a) annuale b) semestrale | M9: In alternativa: a) si b) no | N9: In caso di opzione B illustrare le criticità riscontrate e come si intendono risolverle
A10: Rilascio autorizzazione paesaggistica | B10: Rilascio autorizzazione paesaggistica | C10: rilascio dell'autorizzazione paesaggistica in ritardo e/o con modalità illegittime e/o in assenza dei requisiti previsti dalla legge, dai regolamenti e dagli atti amministrativi generali | D10: ='Valutaz Rischio ENTE'!T28 -> M | E10: 1. Controllo a campione dei requisiti previsti dalla legge, dai regolamenti e dagli altri atti amministativi generali per il rilascio dell'autorizzazione 2. Monitoraggio dei tempi procedimentali | G10: 1) annuale 2) semestrale | H10: 1. % autorizzazioni rilasciate nel rispetto dei requisiti previsti rispetto al n. di quelle oggetto del campione 2. Rispetto dei tempi procedimentali (si/no) | I10: 1. >80 2. Sì | J10: ufficio urbanistica | K10: In alternativa: a) prima annualità b) seconda annualità c) terza annualità d) ogni anno | L10: In alternativa: a) annuale b) semestrale | M10: 1. In alternativa: a) tra 80 e 100 % b) tra 50 e 80% c) tra 0 e 50% 2. In alternativa: a) si b) no | N10: 1. In caso di opzione B e C illustrare le criticità riscontrate e come si intendono risolverle 2. In caso di opzione B illustrare le criticità riscontrate e come si intendono risolverle
A11: Rilascio licenza attività commerciali | B11: Rilascio licenza attività commerciali | C11: rilascio della licenza in ritardo e/o con modalità illegittime e/o in assenza dei requisiti previsti dalla legge, dai regolamenti e dagli atti amministrativi generali | D11: ='Valutaz Rischio ENTE'!T29 -> B | E11: 1. Controllo a campione dei requisiti previsti dalla legge, dai regolamenti e dagli altri atti amministativi generali per il rilascio dell'autorizzazione (10%) 2. Monitoraggio dei tempi procedimentali | G11: 1) annuale 2) semestrale | H11: 1. % autorizzazioni rilasciate nel rispetto dei requisiti previsti rispetto al n. di quelle oggetto del campione 2. Rispetto dei tempi procedimentali (si/no) | I11: 1. >80 2. Sì | J11: ufficio commercio | K11: In alternativa: a) prima annualità b) seconda annualità c) terza annualità d) ogni anno | L11: In alternativa: a) annuale b) semestrale | M11: 1. In alternativa: a) tra 80 e 100 % b) tra 50 e 80% c) tra 0 e 50% 2. In alternativa: a) si b) no | N11: 1. In caso di opzione B e C illustrare le criticità riscontrate e come si intendono risolverle 2. In caso di opzione B illustrare le criticità riscontrate e come si intendono risolverle
A12: Rilascio autorizzazione al funzionamento di strutture sanitarie/strutture mediche private | B12: Rilascio autorizzazione al funzionamento di strutture sanitarie/strutture mediche private | C12: rilascio dell'autorizzazione in ritardo e/o con modalità illegittime e/o in assenza dei requisiti previsti dalla legge, dai regolamenti e dagli atti amministrativi generali | D12: ='Valutaz Rischio ENTE'!T30 -> M | E12: 1. Controllo a campione dei requisiti previsti dalla legge, dai regolamenti e dagli altri atti amministativi generali per il rilascio dell'autorizzazione(10%) 2. Monitoraggio dei tempi procedimentali | G12: 1) annuale 2) semestrale | H12: 1. % autorizzazioni rilasciate nel rispetto dei requisiti previsti rispetto al n. di quelle oggetto del campione 2. Rispetto dei tempi procedimentali (si/no) | I12: 1. >80 2. Sì | J12: Responsabile del Commercio | K12: In alternativa: a) prima annualità b) seconda annualità c) terza annualità d) ogni anno | L12: In alternativa: a) annuale b) semestrale | M12: 1. In alternativa: a) tra 80 e 100 % b) tra 50 e 80% c) tra 0 e 50% 2. In alternativa: a) si b) no | N12: 1. In caso di opzione B e C illustrare le criticità riscontrate e come si intendono risolverle 2. In caso di opzione B illustrare le criticità riscontrate e come si intendono risolverle
A13: Rilascio licenze e autorizzazioni di pubblica sicurezza | B13: Rilascio licenze e autorizzazioni di pubblica sicurezza | C13: Rilascio autorizzazione permanente/temporanea per spettacoli viaggianti in ritardo e/o con modalità illegittime e/o in assenza dei requisiti di legge, anche al fine di favorire determinati soggetti | D13: ='Valutaz Rischio ENTE'!$T$31 -> B | E13: 1. Controllo a campione dei requisiti previsti dalla legge, dai regolamenti e dagli altri atti amministativi generali per il rilascio dell'autorizzazione (10%) 2. Monitoraggio dei tempi procedimentali | G13: 1) annuale 2) semestrale | H13: 1. % autorizzazioni rilasciate nel rispetto dei requisiti previsti rispetto al n. di quelle oggetto del campione 2. Rispetto dei tempi procedimentali (si/no) | I13: 1. >80 2. Sì | J13: Responsabile del Commercio | K13: In alternativa: a) prima annualità b) seconda annualità c) terza annualità d) ogni anno | L13: In alternativa: a) annuale b) semestrale | M13: 1. In alternativa: a) tra 80 e 100 % b) tra 50 e 80% c) tra 0 e 50% 2. In alternativa: a) si b) no | N13: 1. In caso di opzione B e C illustrare le criticità riscontrate e come si intendono risolverle 2. In caso di opzione B illustrare le criticità riscontrate e come si intendono risolverle
C14: Rilascio licenza per apertura sala giochi in ritardo e/o con modalità illegittime e/o in assenza dei requisiti di legge anche al fine di favorire determinati soggetti | D14: ='Valutaz Rischio ENTE'!$T$31 -> B | E14: 1. Controllo a campione dei requisiti previsti dalla legge, dai regolamenti e dagli altri atti amministativi generali per il rilascio dell'autorizzazione (10%) 2. Monitoraggio dei tempi procedimentali | G14: 1) annuale 2) semestrale | H14: 1. % autorizzazioni rilasciate nel rispetto dei requisiti previsti rispetto al n. di quelle oggetto del campione 2. Rispetto dei tempi procedimentali (si/no) | I14: 1. >80 2. Sì | J14: Responsabile del Commercio | K14: In alternativa: a) prima annualità b) seconda annualità c) terza annualità d) ogni anno | L14: In alternativa: a) annuale b) semestrale | M14: 1. In alternativa: a) tra 80 e 100 % b) tra 50 e 80% c) tra 0 e 50% 2. In alternativa: a) si b) no | N14: 1. In caso di opzione B e C illustrare le criticità riscontrate e come si intendono risolverle 2. In caso di opzione B illustrare le criticità riscontrate e come si intendono risolverle
C15: Rilascio licenza per accensione fuochi di artificio in ritardo e/o con modalità illegittime e/o in assenza dei requisiti di legge anche al fine di favorire determinati soggetti | D15: ='Valutaz Rischio ENTE'!$T$31 -> B | E15: 1. Controllo a campione dei requisiti previsti dalla legge, dai regolamenti e dagli altri atti amministativi generali per il rilascio dell'autorizzazione (10%) 2. Monitoraggio dei tempi procedimentali | G15: 1) annuale 2) semestrale | H15: 1. % autorizzazioni rilasciate nel rispetto dei requisiti previsti rispetto al n. di quelle oggetto del campione 2. Rispetto dei tempi procedimentali (si/no) | I15: 1. >80 2. Sì | J15: Responsabile del Commercio | K15: In alternativa: a) prima annualità b) seconda annualità c) terza annualità d) ogni anno | L15: In alternativa: a) annuale b) semestrale | M15: 1. In alternativa: a) tra 80 e 100 % b) tra 50 e 80% c) tra 0 e 50% 2. In alternativa: a) si b) no | N15: 1. In caso di opzione B e C illustrare le criticità riscontrate e come si intendono risolverle 2. In caso di opzione B illustrare le criticità riscontrate e come si intendono risolverle
C16: Rilascio di licenza per intrattenimenti pubblici con o senza strutture in ritardo e/o con modalità illegittime e/o in assenza dei requisiti di legge, anche al fine di favorire determinati soggetti | D16: ='Valutaz Rischio ENTE'!$T$31 -> B | E16: 1. Controllo a campione dei requisiti previsti dalla legge, dai regolamenti e dagli altri atti amministativi generali per il rilascio dell'autorizzazione (10%) 2. Monitoraggio dei tempi procedimentali | G16: 1) annuale 2) semestrale | H16: 1. % autorizzazioni rilasciate nel rispetto dei requisiti previsti rispetto al n. di quelle oggetto del campione 2. Rispetto dei tempi procedimentali (si/no) | I16: 1. >80 2. Sì | J16: Responsabile del Commercio | K16: In alternativa: a) prima annualità b) seconda annualità c) terza annualità d) ogni anno | L16: In alternativa: a) annuale b) semestrale | M16: 1. In alternativa: a) tra 80 e 100 % b) tra 50 e 80% c) tra 0 e 50% 2. In alternativa: a) si b) no | N16: 1. In caso di opzione B e C illustrare le criticità riscontrate e come si intendono risolverle 2. In caso di opzione B illustrare le criticità riscontrate e come si intendono risolverle
C17: Rilascio di autorizzazione a competizione sportiva su strada in ritardo e/o con modalità illegittime e/o in assenza dei requisiti di legge, anche al fine di favorire determinati soggetti | D17: ='Valutaz Rischio ENTE'!$T$31 -> B | E17: 1. Controllo a campione dei requisiti previsti dalla legge, dai regolamenti e dagli altri atti amministativi generali per il rilascio dell'autorizzazione (10%) 2. Monitoraggio dei tempi procedimentali | G17: 1) annuale 2) semestrale | H17: 1. % autorizzazioni rilasciate nel rispetto dei requisiti previsti rispetto al n. di quelle oggetto del campione 2. Rispetto dei tempi procedimentali (si/no) | I17: 1. >80 2. Sì | J17: Responsabile del Commercio | K17: In alternativa: a) prima annualità b) seconda annualità c) terza annualità d) ogni anno | L17: In alternativa: a) annuale b) semestrale | M17: 1. In alternativa: a) tra 80 e 100 % b) tra 50 e 80% c) tra 0 e 50% 2. In alternativa: a) si b) no | N17: 1. In caso di opzione B e C illustrare le criticità riscontrate e come si intendono risolverle 2. In caso di opzione B illustrare le criticità riscontrate e come si intendono risolverle
C18: Rilascio di ogni altra autorizzazione e licenza di PS in ritardo e/o con modalità illegittime e/o in assenza dei requisiti di legge, anche al fine di favorire determinati soggetti | D18: ='Valutaz Rischio ENTE'!$T$31 -> B | E18: 1. Controllo a campione dei requisiti previsti dalla legge, dai regolamenti e dagli altri atti amministativi generali per il rilascio dell'autorizzazione (10%) 2. Monitoraggio dei tempi procedimentali | G18: 1) annuale 2) semestrale | H18: 1. % autorizzazioni rilasciate nel rispetto dei requisiti previsti rispetto al n. di quelle oggetto del campione 2. Rispetto dei tempi procedimentali (si/no) | I18: 1. >80 2. Sì | J18: Responsabile del Commercio | K18: In alternativa: a) prima annualità b) seconda annualità c) terza annualità d) ogni anno | L18: In alternativa: a) annuale b) semestrale | M18: 1. In alternativa: a) tra 80 e 100 % b) tra 50 e 80% c) tra 0 e 50% 2. In alternativa: a) si b) no | N18: 1. In caso di opzione B e C illustrare le criticità riscontrate e come si intendono risolverle 2. In caso di opzione B illustrare le criticità riscontrate e come si intendono risolverle
A19: Rilascio di nulla osta e/o altre autorizzazione e/o licenza e/o concessione di competenza dell'Amministrazione comunale | B19: Rilascio di nulla osta e/o altre autorizzazione e/o licenza e/o concessione di competenza dell'Amministrazione comunale | C19: Rilascio di ogni altra autorizzazione e/o licenza e/o concessione di competenza dell'Amministrazione comunale in ritardo e/o con modalità illegittime e/o in assenza dei requisiti di legge, anche al fine di favorire determinati soggetti | D19: ='Valutaz Rischio ENTE'!$T$32 -> B | E19: 1. Controllo a campione dei requisiti previsti dalla legge, dai regolamenti e dagli altri atti amministativi generali per il rilascio dell'autorizzazione (10%) 2. Monitoraggio dei tempi procedimentali | G19: 1) annuale 2) semestrale | H19: 1. % autorizzazioni rilasciate nel rispetto dei requisiti previsti rispetto al n. di quelle oggetto del campione 2. Rispetto dei tempi procedimentali (si/no) | I19: 1. >80 2. Sì | J19: Responsabile del Commercio | K19: In alternativa: a) prima annualità b) seconda annualità c) terza annualità d) ogni anno | L19: In alternativa: a) annuale b) semestrale | M19: 1. In alternativa: a) tra 80 e 100 % b) tra 50 e 80% c) tra 0 e 50% 2. In alternativa: a) si b) no | N19: 1. In caso di opzione B e C illustrare le criticità riscontrate e come si intendono risolverle 2. In caso di opzione B illustrare le criticità riscontrate e come si intendono risolverle
C20: Assegnazione delle pratiche per l'istruttoria a tecnici in rapporto di contiguità con i richiedenti | D20: ='Valutaz Rischio ENTE'!$T$32 -> B | E20: 1. Informatizzazione delle procedure di protocollazione e assegnazione informatizzata delle pratiche ai diversi responsabili 2. Rotazione dei tecnici assegnatari; 3. Richiesta di dichiarazione di assenza di conflitto di interessi | G20: 1. In occasione di ogni procedimento 2 e 3 all'inizio del procedimento | H20: 1. Informatizzazione delle procedure (si/no) 2. Rotazione (si/no) 3. n. dichiarazioni rilasciate/n. procedimenti avviati | I20: 1. Sì 2. Sì 3. > 80 | J20: Responsabile del Commercio | K20: In alternativa: a) prima annualità b) seconda annualità c) terza annualità d) ogni anno | L20: In alternativa: a) annuale b) semestrale | M20: 1. In alternativa: a) si b) no 2. In alternativa: a) si b) no 3.In alternativa: a) tra 80 e 100 % b) tra 50 e 80% c) tra 0 e 50% | N20: 1. In caso di opzione B illustrare le criticità riscontrate e come si intendono risolverle 2. In caso di opzione B illustrare le criticità riscontrate e come si intendono risolverle 3. In caso di opzione B e C illustrare le criticità riscontrate e come si intendono risolverle

Sheet CONTROLLI, VERIFICHE, ISPEZ
A1: AREA DI RISCHIO: CONTROLLI VERIFICHE ISPEZIONI SANZIONI
A2: Mappatura PROCESSI - ATTIVITA' | C2: REGISTRO RISCHI: Identificazione, analisi e valutazione del rischio corruttivo | E2: Trattamento del Rischio | K2: Monitoraggio
A3: PROCESSI | B3: ATTIVITA' | C3: EVENTI RISCHIOSI | D3: VALUTAZIONE COMPLESSIVA DEL RISCHIO | E3: MISURE SPECIFICHE IN ESSERE | F3: MISURE GENERALI E SPECIFICHE DA ATTUARE | G3: TEMPI DI ATTUAZIONE | H3: INDICATORI DI ATTUAZIONE | I3: TARGET | J3: SOGGETTO RESPONSABILE DELLA MISURA | K3: PROGRAMMAZIONE DEL MONITORAGGIO V. § 5.1 e § 5.2 del PNA 2022. | L3: FREQUENZA DEL MONITORAGGIO V. § 5.1 e § 5.2 del PNA 2022. | M3: MONITORAGGIO (STATO di ATTUAZIONE MISURE) | N3: NOTE in caso di criticità nel monitoraggio
A4: CONFERIMENTO DI INCARICHI EXTRA ISTITUZIONALI | B4: Gestione incarichi extra-istituzionali ai dipendenti | C4: Elusione delle procedure di svolgimento delle attività e di controllo Omissioni richiesta autorizzazione da parte del dipendente | D4: ='[1]Valutaz Rischio ENTE'!S6 -> B | E4: Definizione di una procedura per la presentazione della richiesta e il rilascio dell’autorizzazione, in cui sia prevista una black list di attività precluse - prevedere adeguata tempistica di preavviso per l'autorizzazione Controllo presenza di tutti i criteri per il rilascio autorizzazioni, con particolare riferimento al conflitto di interessi limiti di importo e temporali degli incarichi esterni fissati dal regolamento comunale di ordinamento degli uffici e dei servizi | H4: PREDISPOSIZIONE REGOLAMENTO (ON /OFF) N. AUTORIZZAZIONI RILASCIATE CONFORMI/ N. AUTORIZZAZIONI RILASCIATE | I4: 100% 100% | J4: 2 - Trasparenza Affari Generali Risorse Umane Datore di Lavoro Demografici
A5: CONTROLLI VERIFICHE ISPEZIONI SANZIONI | B5: Attività di controllo gestione rifiuti abbandonati o pericolosi | C5: Omissioni di controllo | D5: ='Valutaz Rischio ENTE'!T16 -> M | E5: Tracciabilità delle segnalazioni dei rifiuti abbandonati sul territorio | F5: Svolgimento dei controlli da da parte di due dipendenti abbinati secondo rotazione casuale | G5: Annuale | I5: Sì | J5: POLIZIA LOCALE | K5: OGNI ANNO | L5: ANNUALE | M5: In alternativa: a) si b) no | N5: In caso di opzione B illustrare le criticità riscontrate e come si intende risolverle
B6: Attività sanzionatorie, ablative o restrittive di diritti (multe, ammende, sanzioni,) 1. regolamentazione attività 2. rendicontazione attività svolta 3. controlli successivi sull’attività svolta 4. gestione del contenzioso | C6: 1 eventuale discrezionalità riguardo all'applicazione delle sanzioni 2 eventuale discrezionalità nella determinazione della misura della sanzione 3 eventuale ingiustificata revoca o cancellazione della sanzione 4. omissioni di controllo | D6: ='Valutaz Rischio ENTE'!$T$17 -> M | E6: Garantire la presenza in servizio su strada di agenti in coppia per almeno il 75% del periodo di servizio di strada acquisizione delle dichiarazioni relative alla inesistenza di cause di incompatibilità, conflitto di interesse od obbligo di astensione del responsabile del procedimento Indicazione del Responsabile del Procedimento attestazione del rispetto delle norme di legge in ordine all'applicazione delle sanzioni attestazione delle motivazioni che abbiamo determinato la revoca o la cancellazione attuazione rotazione dei dipendenti assegnati alle attività di controllo garantire la gestione delle pratiche nel rispetto dell'ordine cronologico e eventuale motivazione dell'inversione dell'ordine cronologico | F6: Formazione e aggiornamento del personale su eventuali nuova normativa – verifica a campione sulla corretta applicazione delle sanzioni | G6: Annuale | H6: Report annuale su formazione dipendenti - Report annuale su violazioni accertate annullamenti in autotutela e ricorsi al Prefetto e al giudice di Pace | I6: Sì | J6: POLIZIA LOCALE | K6: OGNI ANNO | L6: ANNUALE | M6: In alternativa: a) si b) no | N6: In caso di opzione B illustrare le criticità riscontrate e come si intende risolverle
B7: Ricorsi ai verbali codice della strada 1. acquisizione ricorso 2. gestione procedimento in maniera tracciabile dall’ufficio 3. predisposizione documenti per la gestione del contenzioso 4. eventuale gestione del ricorso in via giurisdizionale 5. controlli successivi | C7: 1. Disparità di trattamento 2. Discrezionalità 3. Mancato reperimento di documentazione a corredo del provvedimento 4. Inadempimento degli oneri procedurali | D7: ='Valutaz Rischio ENTE'!$T$17 -> M | E7: registro dei ricorsi presentati e degli esiti avversi implementazione di software di gestione dedicato acquisizione delle dichiarazioni relative alla inesistenza di cause di incompatibilità, conflitto di interesse od obbligo di astensione del responsabile del procedimento Indicazione del Responsabile del Procedimento attestazione del rispetto delle norme di legge in ordine all'applicazione delle sanzioni attestazione delle motivazioni che abbiamo determinato la revoca o la cancellazione produzione di un report sul livello di realizzazione (n casi verificati/n. casi conclusi) | F7: produzione di un report sul livello di realizzazione (n casi verificati/n. casi conclusi) | H7: produzione di un report sul livello di realizzazione (n casi verificati/n. casi conclusi) | I7: >80 | J7: POLIZIA LOCALE | K7: OGNI ANNO | L7: ANNUALE | M7: In alternativa: a) tra 80 e 100 % b) tra 50 e 80% c) tra 0 e 50% | N7: In caso di opzione B illustrare le criticità riscontrate e come si intende risolverle
B8: Risposte rilascio atti su segnalazioni codice della strada 1. creazione archivio 2. predisposizione regolamento per la gestione dell’archivio e per la trasmissione dei documenti 3. gestione delle istanze 4. controlli successivi | C8: 1. Favoritismi nelle tempistiche di rilascio dell’autorizzazione 2. Discrezionalità nella qualità delle pratiche 3. Mancata copertura totale delle segnalazioni pervenute | D8: ='Valutaz Rischio ENTE'!$T$18 -> M | F8: produzione di un report sul livello di realizzazione (n casi verificati/n. casi conclusi) garantire la gestione delle pratiche nel rispetto dell'ordine cronologico e eventuale motivazione dell'inversione dell'ordine cronologico | H8: produzione di un report sul livello di realizzazione (n casi verificati/n. casi conclusi) | I8: SI | J8: POLIZIA LOCALE | K8: OGNI ANNO | L8: ANNUALE | M8: In alternativa: a) si b) no | N8: In caso di opzione B illustrare le criticità riscontrate e come si intende risolverle
B9: Controlli sull'abusivismo edilizio | C9: 1 mancata attivazione dell'attività ispettiva 2 assenza di imparzialità 3 mancata comunicazione degli esiti 4 mancata attivazione delle misure conseguenti 5 mancata pubblicazione degli esiti delle verifiche e/o sopralluoghi | D9: ='Valutaz Rischio ENTE'!$T$18 -> M | E9: verifica percentuale realizzazione tra segnalazioni ricevute/controlli effettuati verifica dell'adozione degli atti conseguenti ai controlli Indicare il Responsabile del Procedimento acquisizione delle dichiarazioni relative alla inesistenza di cause di incompatibilità, conflitto di interesse od obbligo di astensione del responsabile del procedimento | F9: comunicazione degli esiti delle ispezioni agli organi preposti, anche in caso di esito "negativo" pianificazione dell'attività ispettiva - definizione criteri di selezione dei controlli | G9: ANNUALE | H9: Redazione Report annuale segnalazioni/controlli ed esiti da parte del responsabile Polizia Locale N. segnalazioni e reclami pervenuti Dichiarazioni assenza conflitto interesse ed eventuale astensione | I9: Sì MAX 30 ALL'ANNO SI | J9: POLIZIA LOCALE | K9: OGNI ANNO | L9: ANNUALE | M9: In alternativa: a) si b) no | N9: In caso di opzione B illustrare le criticità riscontrate e come si intende risolverle
B10: Controlli commerciali 1. regolamentazione attività 2. rendicontazione attività svolta 3. controlli successivi sull’attività svolta 4. gestione del contenzioso | C10: 2 mancata attivazione dell'attività ispettiva 2 assenza di imparzialità 3 mancata comunicazione degli esiti 4 mancata attivazione delle misure conseguenti 5 mancata pubblicazione degli esiti delle verifiche e/o sopralluoghi | D10: ='Valutaz Rischio ENTE'!$T$18 -> M | E10: verifica percentuale realizzazione tra segnalazioni ricevute/controlli effettuati verifica dell'adozione degli atti conseguenti ai controlli Indicare il Responsabile del Procedimento acquisizione delle dichiarazioni relative alla inesistenza di cause di incompatibilità, conflitto di interesse od obbligo di astensione del responsabile del procedimento | F10: comunicazione degli esiti delle ispezioni agli organi preposti, anche in caso di esito "negativo" pianificazione dell'attività ispettiva - definizione criteri di selezione dei controlli | G10: ANNUALE | H10: Redazione Report annuale segnalazioni/controlli ed esiti da parte del responsabile Polizia Locale N. segnalazioni e reclami pervenuti Dichiarazioni assenza conflitto interesse ed eventuale astensione | I10: Sì MAX 30 ALL'ANNO SI | J10: POLIZIA LOCALE | K10: OGNI ANNO | L10: ANNUALE | M10: In alternativa: a) si b) no | N10: In caso di opzione B illustrare le criticità riscontrate e come si intende risolverle
B11: Segnalazioni certificate di agibilità | C11: Negligenza od omissione nella verifica dei presupposti e requisiti per l’adozione di atti o provvedimenti | D11: ='Valutaz Rischio ENTE'!$T$19 -> M | E11: Verifica da parte dell'ufficio del personale circa la tempistica di pubblicazione dell'esito della valutazione dei titoli rispetto allo svolgimento della prova orale | F11: Svolgimento sopralluoghi per verifiche segnalazione | G11: in occasione di ogni procedura | I11: Sì | J11: SERVIZIO EDILIZIA PRIVATA | K11: OGNI ANNO | L11: ANNUALE | M11: In alternativa: a) si b) no | N11: In caso di opzione B illustrare le criticità riscontrate e come si intende risolverle
B12: Ammissioni a servizi/benefici erogati dall’ente all'utenza (tesserini, parcheggi invalidi, ecc.) | C12: Omesso controllo in ambiti in cui il pubblico ufficio ha funzioni esclusive o preminenti di controllo al fine di agevolare determinati soggetti- Discrezionalità nel rilascio di benefici a favore degli utenti | D12: ='Valutaz Rischio ENTE'!$T$19 -> M | E12: Verifica documentazione pratica ricevuta | F12: affiancamento RP nella verifica requisiti per rilascio tesserini, contrassegni invalidi, ecc. | G12: in occasione di ogni procedura selettiva | H12: n. pratiche controllate / n. istanze ricevute Dichiarazioni assenza conflitto interesse ed eventuale astensione RP. | I12: >80 | J12: SERVIZIO POLIZIA LOCALE | K12: OGNI ANNO | L12: ANNUALE | M12: In alternativa: a) tra 80 e 100 % b) tra 50 e 80% c) tra 0 e 50% | N12: In caso di opzione B illustrare le criticità riscontrate e come si intende risolverle
B13: Attestazioni di regolarità di soggiorno | C13: Omesso controllo in ambiti in cui il pubblico ufficio ha funzioni esclusive o preminenti di controllo al fine di agevolare determinati soggetti | D13: ='Valutaz Rischio ENTE'!$T$19 -> M | F13: affiancamento RP nella verifica requisiti per rilascio permesso soggiorno | H13: n. pratiche controllate / n. istanze ricevute Dichiarazioni assenza conflitto interesse ed eventuale astensione RP. | I13: >81 | J13: SERVIZI DEMOGRAFICI | K13: OGNI ANNO | L13: ANNUALE | M13: In alternativa: a) tra 80 e 100 % b) tra 50 e 80% c) tra 0 e 50% | N13: In caso di opzione B illustrare le criticità riscontrate e come si intende risolverle
B14: Registrazioni demografiche (cittadinanza, nascita, morte, matrimoni, residenza) | C14: Omesso controllo in ambiti in cui il pubblico ufficio ha funzioni esclusive o preminenti di controllo al fine di agevolare determinati soggetti | D14: ='Valutaz Rischio ENTE'!T21 -> M | F14: Non sono previste ulteriori misure da attuare | J14: SERVIZI DEMOGRAFICI | K14: OGNI ANNO | L14: ANNUALE | M14: In alternativa: a) si b) no | N14: In caso di opzione B illustrare le criticità riscontrate e come si intende risolverle
A15: Mobilità volontaria | B15: Mobilità volontaria | C15: omessa o scarsa previsione nel bando/avviso di criteri oggettivi predeterminati rispetto alle effettive esigenze dell'ente anche al fine di favorire candidati prederminati | D15: ='Valutaz Rischio ENTE'!T22 -> M | E15: Verifica a campione da parte del RPCT della previsione nel bando/avviso di criteri oggettivi predeterminati rispetto alle effettive esigenze dell'ente anche sulla base del piano dei fabbisogni | G15: in occasione di ogni procedura di mobilità | H15: n. bandi/avvisi contenenti criteri oggettivi predeterminati rispetto alle effettive esigenze dell'ente oggetto del campione /n. totale bandi/avvisi | I15: >80 | J15: RPCT | K15: OGNI ANNO | L15: ANNUALE | M15: In alternativa: a) tra 80 e 100 % b) tra 50 e 80% c) tra 0 e 50% | N15: In caso di opzione B illustrare le criticità riscontrate e come si intende risolverle
A16: Assunzioni ex art. 110 TUEL, ex art. 90 TUEL, assunzioni stagionali di personale (es. polizia locale) | B16: Assunzioni ex art. 110 TUEL, ex art. 90 TUEL, assunzioni stagionali di personale (es. polizia locale) | C16: omessa o scarsa previsione nel bando/avviso di criteri oggettivi predeterminati rispetto alle effettive esigenze dell'ente anche al fine di favorire candidati prederminati | D16: ='Valutaz Rischio ENTE'!T23 -> M | E16: Verifica a campione da parte del RPCT della previsione nel bando/avviso di criteri oggettivi predeterminati rispetto alle effettive esigenze dell'ente anche sulla base del piano dei fabbisogni | G16: in occasione di ogni assunzione | H16: n. bandi/avvisi contenenti criteri oggettivi predeterminati rispetto alle effettive esigenze dell'ente oggetto del campione /n. totale bandi/avvisi | I16: >80 | J16: RPCT | K16: OGNI ANNO | L16: ANNUALE | M16: In alternativa: a) tra 80 e 100 % b) tra 50 e 80% c) tra 0 e 50% | N16: In caso di opzione B illustrare le criticità riscontrate e come si intende risolverle
A17: Progressioni di carriera | B17: Progressioni di carriera verticali | C17: omessa o scarsa predeterminazione di criteri e limiti al conferimento delle progressioni di carriera al fine di favorire determinati dipendenti | D17: ='Valutaz Rischio ENTE'!T24 -> M | E17: 1. Inserimento della programmazione delle progressioni veriticali nel Piano dei Fabbisogni 2. Previsione nel Regolamento comunale - anche adottato ad hoc per le progressioni verticali - di criteri predefiniti che limitino la discrezionalità dell'Ente, quali titoli di servizio, titoli di studio e anzianità di servizio, facendo sì che nessun criterio sia in assoluto preminente sull'altro | G17: In occasione dell'adozione del PIAO In occasione di ogni aggiornamento normativo o contrattuale | H17: 1. Aggiornamento Piano dei fabbisogni (si/no) 2. Inserimento disposizione regolamentare (si/no) | I17: 1. Sì 2. Sì | J17: Responsabile Risorse Umane | K17: OGNI ANNO | L17: ANNUALE | M17: 1. In alternativa: a) si b) no 2. In alternativa: a) si b) no | N17: In caso di opzione B illustrare le criticità riscontrate e come si intende risolverle
B18: Progressioni di carriera orizzontali | C18: omessa o scarsa predeterminazione di criteri e limiti al conferimento delle progressioni di carriera al fine di favorire determinati dipendenti | D18: ='Valutaz Rischio ENTE'!T25 -> B | E18: Verifica da parte del RPCT dell'individuazione dei criteri per le progressioni orizzontali nell'ambito della contrattazione decentrata | G18: In occasione di ogni progressione orizzontale | H18: Individuazione dei criteri per le progressioni orizzontali nella contrattazione decentrata (si/no) | I18: Sì | J18: RPCT | K18: OGNI ANNO | L18: ANNUALE | M18: In alternativa: a) si b) no | N18: In caso di opzione B illustrare le criticità riscontrate e come si intende risolverle

Sheet GESTIONE DEL TERRITORIO
A1: AREA DI RISCHIO: GESTIONE DEL TERRITORIO
A2: Mappatura PROCESSI - ATTIVITA' | C2: REGISTRO RISCHI: Identificazione, analisi e valutazione del rischio corruttivo | E2: Trattamento del Rischio | K2: Monitoraggio
A3: PROCESSI | B3: ATTIVITA' | C3: EVENTI RISCHIOSI | D3: VALUTAZIONE COMPLESSIVA DEL RISCHIO | E3: MISURE SPECIFICHE IN ESSERE | F3: MISURE GENERALI E SPECIFICHE DA ATTUARE | G3: TEMPI DI ATTUAZIONE | H3: INDICATORI DI ATTUAZIONE | I3: TARGET | J3: SOGGETTO RESPONSABILE DELLA MISURA | K3: PROGRAMMAZIONE DEL MONITORAGGIO V. § 5.1 e § 5.2 del PNA 2022. | L3: FREQUENZA DEL MONITORAGGIO V. § 5.1 e § 5.2 del PNA 2022. | M3: MONITORAGGIO (STATO di ATTUAZIONE MISURE) | N3: NOTE in caso di criticità nel monitoraggio
A4: CONFERIMENTO DI INCARICHI EXTRA ISTITUZIONALI | B4: Gestione incarichi extra-istituzionali ai dipendenti | C4: Elusione delle procedure di svolgimento delle attività e di controllo Omissioni richiesta autorizzazione da parte del dipendente | D4: ='[1]Valutaz Rischio ENTE'!S6 -> B | E4: Definizione di una procedura per la presentazione della richiesta e il rilascio dell’autorizzazione, in cui sia prevista una black list di attività precluse - prevedere adeguata tempistica di preavviso per l'autorizzazione Controllo presenza di tutti i criteri per il rilascio autorizzazioni, con particolare riferimento al conflitto di interessi limiti di importo e temporali degli incarichi esterni fissati dal regolamento comunale di ordinamento degli uffici e dei servizi | H4: PREDISPOSIZIONE REGOLAMENTO (ON /OFF) N. AUTORIZZAZIONI RILASCIATE CONFORMI/ N. AUTORIZZAZIONI RILASCIATE | I4: 100% 100% | J4: 2 - Trasparenza Affari Generali Risorse Umane Datore di Lavoro Demografici
A5: PIANIFICAZIONE DI INIZIATIVA PUBBLICA | B5: VARIANTI AGLI STRUMENTI URBANISTICI VIGENTI | C5: maggior consumo del suolo finalizzati a procurare un indebito vantaggio ai destinatari del provvedimento | D5: ='Valutaz Rischio ENTE'!T16 -> M | E5: Controlli regolarità atti Pubblicazione atti | F5: Non sono previste ulteriori misure da attuare | H5: Controlli regolarità atti : verifica che siano esplicitate chiaramente le motivazioni nelle scelte Pubblicazione atti | I5: 100% 100% | J5: SERVIZIO URBANISTICO | K5: OGNI ANNO | L5: ANNUALE | M5: In alternativa: a) tra 80 e 100 % b) tra 50 e 80% c) tra 0 e 50% | N5: In caso di opzione B illustrare le criticità riscontrate e come si intende risolverle
B6: PIANIFICAZIONE GENERALE | C6: maggior consumo del suolo finalizzati a procurare un indebito vantaggio ai destinatari del provvedimento asimmetrie informative per cui gruppi di interessi vengono agevolati nella conoscenza e interpretazione dell’effettivo contenuto del piano adottato, con la possibilità di orientare e condizionare le scelte dall’esterno | D6: ='Valutaz Rischio ENTE'!$T$17 -> M | E6: nelle procedure di affidamento verificare assenza di cause di incompatibilità o conflitto di interessi | F6: trasparenza e diffusione dei documenti di pianificazione tra la popolazione locale, prevedendo forme di partecipazione dei cittadini sin dalla fase di redazione del piano. Svolgimento di n. 3 incontri con gli stakeholders | H6: Incontri con gli stakeholders | I6: 1 | J6: SERVIZIO URBANISTICO | K6: OGNI ANNO | L6: ANNUALE | M6: In alternativa: a) tra 80 e 100 % b) tra 50 e 80% c) tra 0 e 50% | N6: In caso di opzione B illustrare le criticità riscontrate e come si intende risolverle
B7: PIANIFICAZIONE ATTUATIVA | C7: asimmetrie informative per cui gruppi di interessi vengono agevolati nella conoscenza e interpretazione dell’effettivo contenuto del piano adottato, con la possibilità di orientare e condizionare le scelte dall’esterno | D7: ='Valutaz Rischio ENTE'!$T$17 -> M | E7: Rispetto degli obblighi di pubblicazione | F7: divulgazione e massima trasparenza e conoscibilità delle decisioni fondamentali, anche attraverso l’elaborazione di documenti di sintesi dei loro contenuti in linguaggio non tecnico e la predisposizione di punti informativi per i cittadini | H7: Pubblicazione documenti comprensibili dai cittadini | I7: 1 | J7: SERVIZIO URBANISTICO | K7: OGNI ANNO | L7: ANNUALE | M7: In alternativa: a) tra 80 e 100 % b) tra 50 e 80% c) tra 0 e 50% | N7: In caso di opzione B illustrare le criticità riscontrate e come si intende risolverle
A8: PIANIFICAZIONE DI INIZIATIVA PRIVATA | B8: PIANI DI LOTTIZZAZIONE PRIVATA ED ALTRE PIANIFICAZIONI ATTUATIVE | C8: asimmetrie informative per cui gruppi di interessi vengono agevolati nella conoscenza e interpretazione dell’effettivo contenuto del piano adottato, con la possibilità di orientare e condizionare le scelte dall’esterno | D8: ='Valutaz Rischio ENTE'!$T$18 -> M | F8: produzione di un report sul livello di realizzazione (n casi verificati/n. casi conclusi) garantire la gestione delle pratiche nel rispetto dell'ordine cronologico e eventuale motivazione dell'inversione dell'ordine cronologico | H8: Incontri preliminari con i soggetti proponenti | I8: SI | J8: Servizio Urbanistica | K8: OGNI ANNO | L8: ANNUALE | M8: In alternativa: a) si b) no | N8: In caso di opzione B illustrare le criticità riscontrate e come si intende risolverle
B9: ESECUZIONE DELLE OPERE DI URBANIZZAZIONE | C9: indebite pressioni di interessi particolaristici | D9: ='Valutaz Rischio ENTE'!$T$18 -> M | E9: incontri preliminari del soggetto attuatore con gli uffici tecnici e i rappresentanti politici competenti, diretti a definire gli obiettivi generali e verificare la funzionalità tecnica in relazione alle proposte del soggetto attuatore | G9: ANNUALE | H9: Verifica convenzione | I9: SI | J9: Servizio Urbanistica | K9: OGNI ANNO | L9: ANNUALE | M9: In alternativa: a) si b) no | N9: In caso di opzione B illustrare le criticità riscontrate e come si intende risolverle
B10: Controlli commerciali 1. regolamentazione attività 2. rendicontazione attività svolta 3. controlli successivi sull’attività svolta 4. gestione del contenzioso | C10: mancata vigilanza al fine di evitare la realizzazione di opere qualitativamente di minor pregio rispetto a quanto dedotto in obbligazione mancato rispetto delle norme sulla scelta del soggetto che deve realizzare le opere | D10: ='Valutaz Rischio ENTE'!$T$18 -> M | E10: prevedere in convenzione, in caso di ritardata o mancata esecuzione delle opere, apposite misure sanzionatorie quali il divieto del rilascio dell'agibilità per le parti d’intervento non ancora attuate | F10: comunicazione degli esiti delle ispezioni agli organi preposti, anche in caso di esito "negativo" pianificazione dell'attività ispettiva - definizione criteri di selezione dei controlli | G10: ANNUALE | H10: Redazione Report annuale segnalazioni/controlli ed esiti da parte del responsabile Polizia Locale N. segnalazioni e reclami pervenuti Dichiarazioni assenza conflitto interesse ed eventuale astensione | I10: Sì MAX 30 ALL'ANNO SI | J10: POLIZIA LOCALE | K10: OGNI ANNO | L10: ANNUALE | M10: In alternativa: a) si b) no | N10: In caso di opzione B illustrare le criticità riscontrate e come si intende risolverle
B11: Segnalazioni certificate di agibilità | C11: Negligenza od omissione nella verifica dei presupposti e requisiti per l’adozione di atti o provvedimenti | D11: ='Valutaz Rischio ENTE'!$T$19 -> M | E11: Verifica da parte dell'ufficio del personale circa la tempistica di pubblicazione dell'esito della valutazione dei titoli rispetto allo svolgimento della prova orale | F11: Svolgimento sopralluoghi per verifiche segnalazione | G11: in occasione di ogni procedura | I11: Sì | J11: SERVIZIO EDILIZIA PRIVATA | K11: OGNI ANNO | L11: ANNUALE | M11: In alternativa: a) si b) no | N11: In caso di opzione B illustrare le criticità riscontrate e come si intende risolverle
B12: Ammissioni a servizi/benefici erogati dall’ente all'utenza (tesserini, parcheggi invalidi, ecc.) | C12: Omesso controllo in ambiti in cui il pubblico ufficio ha funzioni esclusive o preminenti di controllo al fine di agevolare determinati soggetti- Discrezionalità nel rilascio di benefici a favore degli utenti | D12: ='Valutaz Rischio ENTE'!$T$19 -> M | E12: Verifica documentazione pratica ricevuta | F12: affiancamento RP nella verifica requisiti per rilascio tesserini, contrassegni invalidi, ecc. | G12: in occasione di ogni procedura selettiva | H12: n. pratiche controllate / n. istanze ricevute Dichiarazioni assenza conflitto interesse ed eventuale astensione RP. | I12: >80 | J12: SERVIZIO POLIZIA LOCALE | K12: OGNI ANNO | L12: ANNUALE | M12: In alternativa: a) tra 80 e 100 % b) tra 50 e 80% c) tra 0 e 50% | N12: In caso di opzione B illustrare le criticità riscontrate e come si intende risolverle
B13: Attestazioni di regolarità di soggiorno | C13: Omesso controllo in ambiti in cui il pubblico ufficio ha funzioni esclusive o preminenti di controllo al fine di agevolare determinati soggetti | D13: ='Valutaz Rischio ENTE'!$T$19 -> M | F13: affiancamento RP nella verifica requisiti per rilascio permesso soggiorno | H13: n. pratiche controllate / n. istanze ricevute Dichiarazioni assenza conflitto interesse ed eventuale astensione RP. | I13: >81 | J13: SERVIZI DEMOGRAFICI | K13: OGNI ANNO | L13: ANNUALE | M13: In alternativa: a) tra 80 e 100 % b) tra 50 e 80% c) tra 0 e 50% | N13: In caso di opzione B illustrare le criticità riscontrate e come si intende risolverle
B14: Registrazioni demografiche (cittadinanza, nascita, morte, matrimoni, residenza) | C14: Omesso controllo in ambiti in cui il pubblico ufficio ha funzioni esclusive o preminenti di controllo al fine di agevolare determinati soggetti | D14: ='Valutaz Rischio ENTE'!T21 -> M | F14: Non sono previste ulteriori misure da attuare | J14: SERVIZI DEMOGRAFICI | K14: OGNI ANNO | L14: ANNUALE | M14: In alternativa: a) si b) no | N14: In caso di opzione B illustrare le criticità riscontrate e come si intende risolverle
A15: Mobilità volontaria | B15: Mobilità volontaria | C15: omessa o scarsa previsione nel bando/avviso di criteri oggettivi predeterminati rispetto alle effettive esigenze dell'ente anche al fine di favorire candidati prederminati | D15: ='Valutaz Rischio ENTE'!T22 -> M | E15: Verifica a campione da parte del RPCT della previsione nel bando/avviso di criteri oggettivi predeterminati rispetto alle effettive esigenze dell'ente anche sulla base del piano dei fabbisogni | G15: in occasione di ogni procedura di mobilità | H15: n. bandi/avvisi contenenti criteri oggettivi predeterminati rispetto alle effettive esigenze dell'ente oggetto del campione /n. totale bandi/avvisi | I15: >80 | J15: RPCT | K15: OGNI ANNO | L15: ANNUALE | M15: In alternativa: a) tra 80 e 100 % b) tra 50 e 80% c) tra 0 e 50% | N15: In caso di opzione B illustrare le criticità riscontrate e come si intende risolverle
A16: Assunzioni ex art. 110 TUEL, ex art. 90 TUEL, assunzioni stagionali di personale (es. polizia locale) | B16: Assunzioni ex art. 110 TUEL, ex art. 90 TUEL, assunzioni stagionali di personale (es. polizia locale) | C16: omessa o scarsa previsione nel bando/avviso di criteri oggettivi predeterminati rispetto alle effettive esigenze dell'ente anche al fine di favorire candidati prederminati | D16: ='Valutaz Rischio ENTE'!T23 -> M | E16: Verifica a campione da parte del RPCT della previsione nel bando/avviso di criteri oggettivi predeterminati rispetto alle effettive esigenze dell'ente anche sulla base del piano dei fabbisogni | G16: in occasione di ogni assunzione | H16: n. bandi/avvisi contenenti criteri oggettivi predeterminati rispetto alle effettive esigenze dell'ente oggetto del campione /n. totale bandi/avvisi | I16: >80 | J16: RPCT | K16: OGNI ANNO | L16: ANNUALE | M16: In alternativa: a) tra 80 e 100 % b) tra 50 e 80% c) tra 0 e 50% | N16: In caso di opzione B illustrare le criticità riscontrate e come si intende risolverle
A17: Progressioni di carriera | B17: Progressioni di carriera verticali | C17: omessa o scarsa predeterminazione di criteri e limiti al conferimento delle progressioni di carriera al fine di favorire determinati dipendenti | D17: ='Valutaz Rischio ENTE'!T24 -> M | E17: 1. Inserimento della programmazione delle progressioni veriticali nel Piano dei Fabbisogni 2. Previsione nel Regolamento comunale - anche adottato ad hoc per le progressioni verticali - di criteri predefiniti che limitino la discrezionalità dell'Ente, quali titoli di servizio, titoli di studio e anzianità di servizio, facendo sì che nessun criterio sia in assoluto preminente sull'altro | G17: In occasione dell'adozione del PIAO In occasione di ogni aggiornamento normativo o contrattuale | H17: 1. Aggiornamento Piano dei fabbisogni (si/no) 2. Inserimento disposizione regolamentare (si/no) | I17: 1. Sì 2. Sì | J17: Responsabile Risorse Umane | K17: OGNI ANNO | L17: ANNUALE | M17: 1. In alternativa: a) si b) no 2. In alternativa: a) si b) no | N17: In caso di opzione B illustrare le criticità riscontrate e come si intende risolverle
B18: Progressioni di carriera orizzontali | C18: omessa o scarsa predeterminazione di criteri e limiti al conferimento delle progressioni di carriera al fine di favorire determinati dipendenti | D18: ='Valutaz Rischio ENTE'!T25 -> B | E18: Verifica da parte del RPCT dell'individuazione dei criteri per le progressioni orizzontali nell'ambito della contrattazione decentrata | G18: In occasione di ogni progressione orizzontale | H18: Individuazione dei criteri per le progressioni orizzontali nella contrattazione decentrata (si/no) | I18: Sì | J18: RPCT | K18: OGNI ANNO | L18: ANNUALE | M18: In alternativa: a) si b) no | N18: In caso di opzione B illustrare le criticità riscontrate e come si intende risolverle

Sheet PROCESSI A ELEVATO RISCHIO
A1: AREA DI RISCHIO: PROCESSI A ELEVATO RISCHIO
A2: Mappatura PROCESSI - ATTIVITA' | C2: REGISTRO RISCHI: Identificazione, analisi e valutazione del rischio corruttivo | E2: Trattamento del Rischio | K2: Monitoraggio
A3: PROCESSI | B3: ATTIVITA' | C3: EVENTI RISCHIOSI | D3: VALUTAZIONE COMPLESSIVA DEL RISCHIO | E3: MISURE SPECIFICHE IN ESSERE | F3: MISURE GENERALI E SPECIFICHE DA ATTUARE | G3: TEMPI DI ATTUAZIONE | H3: INDICATORI DI ATTUAZIONE | I3: TARGET | J3: SOGGETTO RESPONSABILE DELLA MISURA | K3: PROGRAMMAZIONE DEL MONITORAGGIO V. § 5.1 e § 5.2 del PNA 2022. | L3: FREQUENZA DEL MONITORAGGIO V. § 5.1 e § 5.2 del PNA 2022. | M3: MONITORAGGIO (STATO di ATTUAZIONE MISURE) | N3: NOTE in caso di criticità nel monitoraggio
A4: AFFIDAMENTO INCARICHI DI COLLABORAZIONE E CONSULENZA | B4: Affidamento incarichi di collaborazione e consulenza | C4: Mancata o carente definizione dei criteri e delle procedure per l'affidamento degli incarichi | D4: ='Valutaz Rischio ENTE'!$T$48 -> M | E4: 1. Adozione di un regolamento interno per la disciplina delle procedure di affidamento degli incarichi di collaborazione e consulenza 2. Attuazione del Regolamento adottato. | G4: In occasione di ogni procedura di affidamento di incarichi | H4: 1. Adozione del Regolamento (si/no) 2. Rispetto delle previsioni del Regolamento (si/no) | I4: 1. Sì 2. Sì | J4: Responsabile Risorse Umane | K4: OGNI ANNO | L4: ANNUALE | M4: 1. In alternativa: a) SI b) NO 2. In alternativa: a) SI b) NO 3. Altro | N4: In caso di opzione B illustrare le criticità riscontrate e come si intende risolverle
C5: Previsione nell'avviso di criteri di partecipazione restrittivi al fine di favorire indebitamente un candidato a discapito degli altri | D5: ='Valutaz Rischio ENTE'!$T$48 -> M | E5: 1. Controlli sugli avvisi prima della loro pubblicazione | G5: In occasione di ogni procedura di affidamento di incarichi | H5: 1. Svolgimento di controlli sugli avvisi (SI/NO) | I5: 1. Sì | J5: Segretario Comunale | K5: OGNI ANNO | L5: ANNUALE | M5: 1. In alternativa: a) SI b) NO 2. Altro | N5: In caso di opzione B illustrare le criticità riscontrate e come si intende risolverle
C6: Mancata pubblicità delle procedure di selezione | D6: ='Valutaz Rischio ENTE'!$T$48 -> M | E6: 1. Pubblicazione di avvisi di selezione in AT e nella sezione "Notizie" del sito web istituzionale | G6: In occasione di ogni procedura di affidamento di incarichi | H6: 1. % avvisi pubblicati/totale incarichi affidati | I6: 1. >80 | J6: Responsabile Risorse Umane | K6: OGNI ANNO | L6: ANNUALE | M6: 1. In alternativa: a) tra 80 e 100 % b) tra 50 e 80% c) tra 0 e 50% 2. Altro | N6: In caso di opzione B illustrare le criticità riscontrate e come si intende risolverle
C7: Mancata verifica circa l'assenza di motivi di incompatibilità previsti dalla legge ovvero legati ad interessi di qualunque natura con riferimento all’incaricato individuato e all’oggetto dell’incarico | D7: ='Valutaz Rischio ENTE'!$T$48 -> M | E7: 1.Attestazione nella determinazione di affidamento dell'incarico di avere verificato possibili situazioni di incompatibilità/inconferibilità/conflitto di interessi. 2.Acquisizione dichiarazioni dei soggetti incaricati circa eventuali situazioni di incompatibilità e/o conflitto di interessi con riferimento all’incaricato individuato e all’oggetto dell’incarico | G7: In occasione di ogni procedura di affidamento di incarichi | H7: 1. Attestazione di aver svolto controlli (SI/NO) 2. Acquisizione di dichiarazioni (SI/NO) | I7: 1. Sì 2. Sì | J7: Responsabile del procedimento di conferimento dell'incarico | K7: OGNI ANNO | L7: ANNUALE | M7: 1. In alternativa: a) SI b) NO 2. In alternativa: a) SI b) NO 3. Altro | N7: In caso di opzione B illustrare le criticità riscontrate e come si intende risolverle
C8: Mancata rotazione nel conferimento di incarichi di patrocinio legale per conto del Comune e conseguente preclusione per alcuni liberi professionisti dal ricevere incarichi | D8: ='Valutaz Rischio ENTE'!$T$48 -> M | E8: 1. Utilizzo di un sistema di short list di professionisti, suddivisi per aree di competenza, entro cui individuare le professionalità per l’affidamento di eventuali incarichi di collaborazione esterna valido per un determinato periodo | G8: In occasione di ogni procedura di affidamento di incarichi | H8: 1. Utilizzo di un sistema di short list (SI/NO) | I8: 1. Sì | J8: Responsabile Risorse Umane | K8: OGNI ANNO | L8: ANNUALE | M8: 1. In alternativa: a) SI b) NO 2. Altro | N8: In caso di opzione B illustrare le criticità riscontrate e come si intende risolverle
C9: Omessa verifica circa la sussistenza di professionalità idonee a ricoprire l'incarico all'interno del Comune prima dell'indizione della selezione | D9: ='Valutaz Rischio ENTE'!$T$48 -> M | E9: 1. Obbligo di motivazione nell'atto prodromico alla selezione dell'insussistenza del profilo professionale all'interno dell'Ente | G9: In occasione di ogni procedura di affidamento di incarichi | H9: 1. motivazione (SI/NO) | I9: 1. Sì | J9: Responsabile Risorse Umane | K9: OGNI ANNO | L9: ANNUALE | M9: 1. In alternativa: a) SI b) NO 2. Altro | N9: In caso di opzione B illustrare le criticità riscontrate e come si intende risolverle
C10: Mancata predeterminazione dei requisiti di accesso rispetto alle effettive esigenze dell'ente anche al fine di favorire determinati candidati | D10: ='Valutaz Rischio ENTE'!$T$48 -> M | E10: 1. Chiara indicazione dei requisiti di accesso all'incarico nell'avviso di selezione | G10: In occasione di ogni procedura di affidamento di incarichi | H10: 1. % avvisi contenenti i requisiti di accesso/totale avvisi pubblicati | I10: 1. >80 | J10: Responsabile Risorse Umane | K10: OGNI ANNO | L10: ANNUALE | M10: 1. In alternativa: a) tra 80 e 100 % b) tra 50 e 80% c) tra 0 e 50% 2. Altro | N10: In caso di opzione B illustrare le criticità riscontrate e come si intende risolverle
A11: PARTECIPAZIONI IN ENTI TERZI | B11: Partecipazione in enti terzi | C11: Assenza di qualsiasi controllo o verifica o richiesta di informazioni rispetto alle modalità operative e gestionali adottate dagli enti terzi con riferimento all'attività delegata | D11: ='Valutaz Rischio ENTE'!$T$49 -> M | E11: 1. Nomina di un referente dell'amministrazione presso gli enti partecipati o controllati | G11: Ogniqualvolta l'amministrazione assuma una partecipazione o il controllo di un ente terzo | H11: 1. % referenti nominati presso enti terzi/totale enti partecipati e controllatio | I11: 1. >80 | J11: Segretario Comunale | K11: OGNI ANNO | L11: ANNUALE | M11: 1. In alternativa: a) tra 80 e 100 % b) tra 50 e 80% c) tra 0 e 50% 2. Altro | N11: In caso di opzione B illustrare le criticità riscontrate e come si intende risolverle
C12: Designazione dei rappresentanti del Comune presso enti, società, fondazioni, consorzi, istituzioni a soggetti che potrebbero non possedere requisiti idonei, in virtù di uno scambio politico | D12: ='Valutaz Rischio ENTE'!$T$49 -> M | E12: 1. Attestazione nell'atto di designazione del possesso da parte del soggetto incaricato di requisiti idonei a ricoprire il ruolo di rappresentante del Comune | G12: Ogniqualvolta l'amministrazione assuma una partecipazione o il controllo di un ente terzo | H12: 1. Attestazione (SI/NO) | I12: 1. Sì | J12: Soggetto che designa il rappresentante | K12: OGNI ANNO | L12: ANNUALE | M12: 1. In alternativa: a) SI b) NO 2. Altro | N12: In caso di opzione B illustrare le criticità riscontrate e come si intende risolverle
C13: Mancata partecipazione dell'organo d'indirizzo politico comunale alle decisioni dell'ente terzo | D13: ='Valutaz Rischio ENTE'!$T$49 -> M | E13: 1. Rendicontazione trimestrale da parte del referente | G13: Ogni trimestre | H13: 1. n. 4 resoconti ogni anno | I13: 1. 4 | J13: Segretario comunale | K13: OGNI ANNO | L13: ANNUALE | M13: 1. Indicare il numero dei resoconti annui 2. Altro | N13: In caso di opzione B illustrare le criticità riscontrate e come si intende risolverle
A14: GESTIONE DEI BENI PATRIMONIALI E DEMANIALI | B14: Utilizzo beni comunali | C14: Elusione dei Regolamenti per il corretto uso delle auto e degli altri beni mobili da parte dei dipendenti | D14: ='Valutaz Rischio ENTE'!T50 -> M | E14: Puntuale compilazione e controllo per ogni viaggio dei registri di autorizzazione, e monitoraggio da parte dei responsabili di sezione e degli utilizzatori. Comunicazione di aggiornamento sullo stato dei beni mobili da parte dei consegnatari. | F14: Controllo chilometraggi, controllo consumi carburante mediante introduzione di un modulo di restituzione post-missione Introduzione di una comunicazione annuale da parte dei consegnatari dei beni | H14: Verifica introduzione modifiche al modulo Aggiornamento del Regolamento di Economato e introduzione di un un modulo per la dichiarazione annuale del consegnatario | I14: 1. SI/NO 2. SI/NO | J14: Tutti i settori | K14: OGNI ANNO | L14: ANNUALE | M14: 1. In alternativa: a) SI b) NO 2. In alternativa: a) SI b) NO | N14: In caso di opzione B illustrare le criticità riscontrate e come si intende risolverle
B15: Canoni di locazione passivi e attivi | C15: Non corretta valutazione di impegni operativi ed economici al fine di agevolare un soggetto terzo pubblico o privato | D15: ='Valutaz Rischio ENTE'!T51 -> M | E15: Regolamento per locazioni immobili DCC n. 7/2009 Monitoraggio costante dei canoni di competenza dell’Ente attraverso software di gestione da parte di più Servizi (Patrimonio e Ragioneria in sede di verifica residui). Pronto invio di solleciti e messe in mora formali in caso di morosità | F15: Riduzione dei tempi di attivazione delle procedure di recupero coattivo delle morosità, ove risultate infruttuose quelle di tipo bonario | H15: 1.Pubblicazione su sito internet istituzionale delle modalità e della documentazione necessaria per richiedere la locazione e relative tariffe 2. Rispetto tempi incasso canoni o attivazione procedure recupero. 3. Segnalazione in caso contrario. | I15: 1. 100% 2. 100% 3. 100% | J15: Responsabile Ufficio patrimonio | K15: OGNI ANNO | L15: ANNUALE | M15: 1. In alternativa: a) 100% b) < 100% 2. In alternativa: a) 100% b) < 100% 3. In alternativa: a) 100% b) < 100% | N15: In caso di opzione B illustrare le criticità riscontrate e come si intende risolverle
B16: Concessione in uso e gestione di immobili comunali o aree pubbliche per lo svolgimento di specifiche attività (compresi impianti sportivi) | C16: Indebita valutazione di impegni operativi ed economici al fine di agevolare un soggetto terzo pubblico o privato o omessi controlli sugli obblighi gravanti sul concessionario | D16: ='Valutaz Rischio ENTE'!T52 -> M | E16: Applicazione della normativa di settore, del regolamento comunale per la concessione in uso e la locazione di beni immobili e del Regolamento Comunale per la gestione degli impianti sportivi Pubblicazione di bando di selezione per l'affidamento in gestione Eventuale astensione funzionario addetto all'istruttoria | F16: Valutazione dei beneficiari mediante griglie riepilogative Individuazione di criteri e periodicità per effettuazione monitoraggio degli obblighi a carico del concessionario Riscossione tempestiva delle entrate e dei canoni di competenza dell’Ente e di recupero coattivo delle morosità | H16: 1, Rispetto tempi incasso canoni 2. Individuazione di criteri e periodicità per effettuazione monitoraggio degli obblighi a carico del concessionario 3. Eventuale astensione funzionario valutatore | I16: 1. 100% 2. 100% 3. 100% | J16: Responsabile Ufficio patrimonio | K16: OGNI ANNO | L16: ANNUALE | M16: 1. In alternativa: a) 100% b) < 100% 2. In alternativa: a) 100% b) < 100% 3. In alternativa: a) 100% b) < 100% | N16: In caso di opzione B illustrare le criticità riscontrate e come si intende risolverle
A17: SERVIZIO DI RACCOLTA DEI RIFIUTI SOLIDI URBANI | B17: Servizio di raccolta e smaltimento dei rifiuti 1. Esecuzione contratto 2. Verifica Esecuzione Contratto dell'Igiene Urbana | C17: 1. Erogazione di somme indebite per mancato servizio o parte di esso. 2. ingerenza indebita nelal gestione del contratto | E17: 1A . Verifica mensile della contabilità propedeutica alla emissione del certificato mensile di regolare esecuzione del servizio e di pagamento. Detrazione in caso di avvenuta applicazione di penalità. Decurtazione di somme in caso di accertamento servizi non svolti. 1B. Verifica quantità rifiuti effettivamente conferiti in impianto; confronto dati di conferimento trasmessi dal Soggetto Appaltatore e dagli impianti di conferimento. 1C. Trasmissione per conoscenza al RUP - DEC - DIRIGENTE di qualsiasi comunicazione rivolta al soggetto gestore da parte del RUP - DEC - DIRIGENTE singolo. Condivisione attestata dall'apposizione di firma dei certificati di regolare esecuzione del servizio, delle note di avviso applicazione penalità. 1D.verifica regolare e puntuale esecuzione dei servizi di cui al CSA; compilazione verbali in contraddittorio; a seguire diffide di regolare esecuzione del servizio e avvio del procedimento di applicazione penalità. In caso di applicazioni di 20 penalità di almeno € 1.000,00 in trenta giorni consecutivi avvio del procedimento di rescissione del contratto. | H17: n° certificati di pagamento/n°mesi n° 5 controlli sul territorio a settimana | I17: 100% SI | J17: AMBIENTE | K17: OGNI ANNO | L17: ANNUALE | M17: In alternativa: a) tra 80 e 100 % b) tra 50 e 80% c) tra 0 e 50% | N17: In caso di opzione B e C illustrare le criticità riscontrate e come si intende risolverle
A18: PROVVEDIMENTI DI SPESA | B18: Provvedimenti di spesa / Pagamenti verso l'esterno | C18: pagamenti effettuati senza rispettare la cronologia dei provvedimenti provvedimenti di spesa (impegni, liquidazioni, pagamenti) in violazione degli obblighi di regolarità fiscale e contributiva | D18: ='Valutaz Rischio ENTE'!T53 -> M | E18: Regolamento di Contabilità che dettaglia le fasi di liquidazione e pagamento delle spese Caricamento dei provvedimenti su un gestionale atti collegato con la contabilità finanziaria verifiche effettuate con ADER, Inail, Inps | F18: Controllo a campione (10%) degli atti di affidamento delle forniture al fine di evitare il frazionamento degli importi ai fini dell'omissione delle verifiche fiscali | H18: Numero di controlli a campione effettuati sul totale degli affidamenti | I18: > 80% | J18: Tutti i Responsabili di Servizi | K18: OGNI ANNO | L18: ANNUALE | M18: In alternativa: a) tra 80 e 100 % b) tra 50 e 80% c) tra 0 e 50% | N18: In caso di opzione B e C illustrare le criticità riscontrate e come si intende risolverle
